Workbook

Sheet Info
B1: Date de mise à jour
B2: - 5 mai 2025
B4: Onglet | C4: Contenu | D4: Revalorisation | E4: Dernière valeur connue | F4: Projection
B5: Revalo_RB | C5: Coefficient de revalorisation des salaires portés au compte et revalorisation annuelle | D5: - Depuis la LFSS2016, évolution sur les prix constatés en moyenne annuelle au 1er octobre - Décalage de la date de revalorisation des pensions et de l'ASPA au 1er janvier à partir de 2019 (pas de revalo des pensions au 1er octobre 2018) - Coup de pouce ASPA en 2018, 2019 et 2020 - Revalorisation de 4% au 01/08/2022 est incluse (attention : deux lignes pour 2022) | E5: 45658 | F5: =F7 -> Sur les prix HT
C6: Revalorisation annuelle des pensions liquidées
B7: Revalo_Inval | C7: Coefficient de revalorisation des pensions d'invalidité | E7: 45383 | F7: Sur les prix HT
B8: ASPA | C8: Plafond de ressources et montant annuel de l'ASPA pour une personne seule et pour un couple | E8: =E5 -> 45658 | F8: =F7 -> Sur les prix HT
B9: Minima | C9: Plafond annuel des retraites pour l'attribution du minimum contributif | D9: - Revalorisation de 4% des minima de pension en juillet 2022 - Revalorisation au 1er septembre 2023 - Mise en place d'un plafond pour les retraites déjà servies revalorisées au 1er septembre 2023 | E9: =E8 -> 45658 | F9: Selon scénario
C10: Minimum contributif, minimum contributif majoré, minimum garanti et PMR | D10: À partir de 2024 : évolution sur le SMIC et non plus sur les prix La PMR évolue comme le SMIC à partir de 2024 également. | E10: =E9 -> 45658 | F10: Selon scénario
B11: Prix_HT | C11: Prix hors tabac : hypothèses données par la DSS jusqu'en 2029 puis même hypothèse que les prix | E11: 2024 | F11: Selon scénario
B12: Sal_valid | C12: Montant du salaire validant un trimestre | D12: Selon le Smic | E12: =E5 -> 45658 | F12: Selon scénario
B13: Tx_CNAV | C13: Taux de cotisation CNAV | D13: Voir dans l'onglet | E13: 45292
B14: AGIRC-ARRCO | C14: Valeur d'achat et valeur de service du point AGIRC-ARRCO et taux de cotisation depuis nouveau régime en 2019 (onglets respectifs ARRCO et AGIRC avant 2019) | D14: Les projections prennent en compte les différentes mesures prévues par l’ANI du 5 octobre 2023 : en 2026, la VS est indexée sur l’inflation hors tabac estimée par l’Insee pour l’année en cours, réduite d’un coefficient de soutenabilité de 0,4 point. La VA évolue quant à elle annuellement (au 1er janvier) comme le salaire moyen du secteur privé de l’année précédente. De 2027 à 2038, la VS évolue comme le salaire moyen minoré de 1,16 % et la VA comme le salaire moyen. À partir de 2038, soit après la période couverte par l’ANI, la VS et la VA évoluent conventionnellement de concert, comme le salaire moyen minoré de 0,86 %. | E14: 45658 | F14: Selon scénario
B15: ARRCO | E15: 43465
B16: AGIRC | E16: 43465
B17: Smic_AVPF | C17: Montant du salaire porté au compte en cas d'AVPF | D17: Selon le Smic. | E17: =E12 -> 45658 | F17: Selon scénario
B18: RAFP | C18: Valeur d'achat et valeur de service du point RAFP | D18: Projection selon IPC hors tabac | E18: 44927

Sheet Revalo_RB
B1: Revalorisation annuelle
B2: Source : legislation.cnav
F3: Revalo de date à date | K3: Revalo moyenne sur l'année
B4: Année | C4: Salaires portés au compte | F4: Année | G4: Date de revalorisation | H4: Pensions liquidées Tous scénarios et variantes | K4: Année | L4: Nb de mois de revalo | M4: Pensions liquidées Tous scénarios et variantes
C5: Coefficient au 01/01/2025 | D5: Revalorisation annuelle*
D6: Tous scénarios et variantes | H6: Pension totale <= 2000 euros | I6: Pension totale > 2000 euros | M6: Pension totale <= 2000 euros | N6: Pension totale > 2000 euros
B7: 1947 | C7: 170.736 | D7: =C7/C8-1 -> 0.43228891 | F7: 1947 | K7: 1947
B8: 1948 | C8: 119.205 | D8: =C8/C9-1 -> 0.18311746 | F8: 1948 | K8: 1948
B9: 1949 | C9: 100.755 | D9: =C9/C10-1 -> 0.13990429 | F9: 1949 | K9: 1949
B10: 1950 | C10: 88.389 | D10: =C10/C11-1 -> 0.40921846 | F10: 1950 | K10: 1950
B11: 1951 | C11: 62.722 | D11: =C11/C12-1 -> 0.20007653 | F11: 1951 | K11: 1951
B12: 1952 | C12: 52.265 | D12: =C12/C13-1 -> 0.013948706 | F12: 1952 | K12: 1952
B13: 1953 | C13: 51.546 | D13: =C13/C14-1 -> 0.07010733 | F13: 1953 | K13: 1953
B14: 1954 | C14: 48.169 | D14: =C14/C15-1 -> 0.084960696 | F14: 1954 | K14: 1954
B15: 1955 | C15: 44.397 | D15: =C15/C16-1 -> 0.12020286 | F15: 1955 | K15: 1955
B16: 1956 | C16: 39.633 | D16: =C16/C17-1 -> 0.075084769 | F16: 1956 | K16: 1956
B17: 1957 | C17: 36.865 | D17: =C17/C18-1 -> 0.13518091 | F17: 1957 | K17: 1957
B18: 1958 | C18: 32.475 | D18: =C18/C19-1 -> 0.10508048 | F18: 1958 | K18: 1958
... B67: 2007 | C67: 1.302 | D67: =C67/C68-1 -> 0.0093023256 | F67: 2007 | K67: 2007
B68: 2008 | C68: 1.29 | D68: =C68/C69-1 -> 0.0086004691 | F68: 2008 | G68: 39904 | H68: 0.008 | I68: 0.008 | K68: 2008
B69: 2009 | C69: 1.279 | D69: =C69/C70-1 -> 0.0094711918 | F69: 2009 | G69: 39904 | H69: 0.01 | I69: 0.01 | K69: 2009 | L69: 9 | M69: 0.0155 | N69: 0.0155
B70: 2010 | C70: 1.267 | D70: =C70/C71-1 -> 0.0087579618 | F70: 2010 | G70: 40269 | H70: 0.009 | I70: 0.009 | K70: 2010 | L70: 9 | M70: 0.00925 | N70: 0.00925
B71: 2011 | C71: 1.256 | D71: =C71/C72-1 -> 0.020308692 | F71: 2011 | G71: 40634 | H71: 0.021 | I71: 0.021 | K71: 2011 | L71: 9 | M71: 0.018 | N71: 0.018
B72: 2012 | C72: 1.231 | D72: =C72/C73-1 -> 0.021576763 | F72: 2012 | G72: 41000 | H72: 0.021 | I72: 0.021 | K72: 2012 | L72: =12-MONTH(G72)+1 -> 9 | M72: 0.021 | N72: 0.021
B73: 2013 | C73: 1.205 | D73: =C73/C74-1 -> 0.011754828 | F73: 2013 | G73: 41365 | H73: 0.013 | I73: 0.013 | K73: 2013 | L73: =12-MONTH(G73)+1 -> 9 | M73: 0.015 | N73: 0.015
B74: 2014 | C74: 1.191 | D74: =C74/C75-1 -> 0 | F74: 2014 | G74: 41913 | H74: 0 | I74: 0 | K74: 2014 | L74: =12-MONTH(G74)+1 -> 3 | M74: 0.0032186185 | N74: 0.0032186185
B75: 2015 | C75: 1.191 | D75: =C75/C76-1 -> 0.00084033613 | F75: 2015 | G75: 42278 | H75: 0.001 | I75: 0.001 | K75: 2015 | L75: =12-MONTH(G75)+1 -> 3 | M75: 0.00025 | N75: 0.00025
B76: 2016 | C76: 1.19 | D76: =C76/C77-1 -> 0 | F76: 2016 | G76: =DATE(F76,10,1) -> 42644 | H76: 0 | I76: 0 | K76: 2016 | L76: =12-MONTH(G76)+1 -> 3 | M76: 0.00075 | N76: 0.00075
B77: 2017 | C77: 1.19 | D77: =C77/C78-1 -> 0.0076206605 | F77: 2017 | G77: =DATE(F77,10,1) -> 43009 | H77: 0.008 | I77: 0.008 | K77: 2017 | L77: =12-MONTH(G77)+1 -> 3 | M77: 0.002 | N77: 0.002
B78: 2018 | C78: 1.181 | D78: =C78/C79-1 -> 0.014604811 | F78: 2018 | K78: 2018 | L78: =12-MONTH(G78)+1 -> 12 | M78: 0.005988024 | N78: 0.006
B79: 2019 | C79: 1.164 | D79: =C79/C80-1 -> 0.0095403296 | F79: 2019 | G79: 43466 | H79: 0.003 | I79: 0.003 | K79: 2019 | L79: =12-MONTH(G79)+1 -> 12 | M79: 0.003 | N79: 0.003
B80: 2020 | C80: 1.153 | D80: =C80/C81-1 -> 0.0034812881 | F80: 2020 | G80: =DATE(F80,1,1) -> 43831 | H80: 0.01 | I80: 0.003 | K80: 2020 | L80: =12-MONTH(G80)+1 -> 12 | M80: 0.01 | N80: 0.003
B81: 2021 | C81: 1.149 | D81: =C81/C82-1 -> 0.01055409 | F81: 2021 | G81: =DATE(F81,1,1) -> 44197 | H81: 0.004 | I81: 0.004 | K81: 2021 | L81: =12-MONTH(G81)+1 -> 12 | M81: 0.0039816282 | N81: 0.004
B82: 2022 | C82: 1.137 | D82: =C82/C84-1 -> 0.047926267 | F82: 2022 | G82: =DATE(F82,1,1) -> 44562 | H82: 0.011 | I82: 0.011
F83: 2022 | G83: =DATE(F83,7,1) -> 44743 | H83: 0.04 | I83: 0.04 | K83: 2022 | L83: =12-MONTH(G83)+1 -> 6 | M83: 0.030519485 | N83: =M83 -> 0.030519485
B84: 2023 | C84: 1.085 | D84: =C84/C85-1 -> 0.052376334 | F84: 2023 | G84: =DATE(F84,1,1) -> 44927 | H84: 0.008 | I84: 0.008 | K84: 2023 | L84: =12-MONTH(G84)+1 -> 12 | M84: 0.027990549 | N84: =M84 -> 0.027990549
B85: 2024 | C85: 1.031 | D85: =C85/C86-1 -> 0.021803766 | F85: 2024 | G85: =DATE(F85,1,1) -> 45292 | H85: 0.053 | I85: 0.053 | K85: 2024 | L85: =12-MONTH(G85)+1 -> 12 | M85: 0.053 | N85: =I85 -> 0.053
B86: 2025 | C86: 1.009 | F86: 2025 | G86: =DATE(F86,1,1) -> 45658 | H86: 0.022 | I86: 0.022 | K86: 2025 | L86: =12-MONTH(G86)+1 -> 12 | M86: 0.022 | N86: =I86 -> 0.022
B87: 2026 | C87: 1 | D87: 0.009 | F87: 2026 | G87: =DATE(F87,1,1) -> 46023 | H87: 0.009 | I87: 0.009 | K87: 2026 | L87: =12-MONTH(G87)+1 -> 12 | M87: =H87 -> 0.009 | N87: =I87 -> 0.009
B88: 2027 | D88: 0.016 | F88: 2027 | G88: =DATE(F88,1,1) -> 46388 | H88: 0.016 | I88: 0.016 | K88: 2027 | L88: =12-MONTH(G88)+1 -> 12 | M88: =H88 -> 0.016 | N88: =I88 -> 0.016
B89: 2028 | D89: 0.018 | F89: 2028 | G89: =DATE(F89,1,1) -> 46753 | H89: 0.018 | I89: 0.018 | K89: 2028 | L89: =12-MONTH(G89)+1 -> 12 | M89: =H89 -> 0.018 | N89: =M89 -> 0.018
B90: 2029 | D90: 0.017 | F90: 2029 | G90: =DATE(F90,1,1) -> 47119 | H90: 0.017 | I90: 0.017 | K90: 2029 | L90: =12-MONTH(G90)+1 -> 12 | M90: =H89*(12-L90)/12+H90*L90/12 -> 0.017 | N90: =M90 -> 0.017
B91: 2030 | D91: 0.018 | F91: 2030 | G91: =DATE(F91,1,1) -> 47484 | H91: 0.018 | I91: 0.018 | K91: 2030 | L91: =12-MONTH(G91)+1 -> 12 | M91: =H90*(12-L91)/12+H91*L91/12 -> 0.018 | N91: =M91 -> 0.018
B92: 2031 | D92: =I92 -> 0.0175 | F92: 2031 | G92: =DATE(F92,1,1) -> 47849 | H92: 0.0175 | I92: 0.0175 | K92: 2031 | L92: =12-MONTH(G92)+1 -> 12 | M92: =H91*(12-L92)/12+H92*L92/12 -> 0.0175 | N92: =M92 -> 0.0175
B93: 2032 | D93: =I93 -> 0.0175 | F93: 2032 | G93: =DATE(F93,1,1) -> 48214 | H93: 0.0175 | I93: 0.0175 | K93: 2032 | L93: =12-MONTH(G93)+1 -> 12 | M93: =H92*(12-L93)/12+H93*L93/12 -> 0.0175 | N93: =M93 -> 0.0175
B94: 2033 | D94: =I94 -> 0.0175 | F94: 2033 | G94: =DATE(F94,1,1) -> 48580 | H94: 0.0175 | I94: 0.0175 | K94: 2033 | L94: =12-MONTH(G94)+1 -> 12 | M94: =H93*(12-L94)/12+H94*L94/12 -> 0.0175 | N94: =M94 -> 0.0175
B95: 2034 | D95: =I95 -> 0.0175 | F95: 2034 | G95: =DATE(F95,1,1) -> 48945 | H95: 0.0175 | I95: 0.0175 | K95: 2034 | L95: =12-MONTH(G95)+1 -> 12 | M95: =H94*(12-L95)/12+H95*L95/12 -> 0.0175 | N95: =M95 -> 0.0175
B96: 2035 | D96: =I96 -> 0.0175 | F96: 2035 | G96: =DATE(F96,1,1) -> 49310 | H96: 0.0175 | I96: 0.0175 | K96: 2035 | L96: =12-MONTH(G96)+1 -> 12 | M96: =H95*(12-L96)/12+H96*L96/12 -> 0.0175 | N96: =M96 -> 0.0175
B97: 2036 | D97: =I97 -> 0.0175 | F97: 2036 | G97: =DATE(F97,1,1) -> 49675 | H97: 0.0175 | I97: 0.0175 | K97: 2036 | L97: =12-MONTH(G97)+1 -> 12 | M97: =H96*(12-L97)/12+H97*L97/12 -> 0.0175 | N97: =M97 -> 0.0175
B98: 2037 | D98: =I98 -> 0.0175 | F98: 2037 | G98: =DATE(F98,1,1) -> 50041 | H98: 0.0175 | I98: 0.0175 | K98: 2037 | L98: =12-MONTH(G98)+1 -> 12 | M98: =H97*(12-L98)/12+H98*L98/12 -> 0.0175 | N98: =M98 -> 0.0175
B99: 2038 | D99: =I99 -> 0.0175 | F99: 2038 | G99: =DATE(F99,1,1) -> 50406 | H99: 0.0175 | I99: 0.0175 | K99: 2038 | L99: =12-MONTH(G99)+1 -> 12 | M99: =H98*(12-L99)/12+H99*L99/12 -> 0.0175 | N99: =M99 -> 0.0175
B100: 2039 | D100: =I100 -> 0.0175 | F100: 2039 | G100: =DATE(F100,1,1) -> 50771 | H100: 0.0175 | I100: 0.0175 | K100: 2039 | L100: =12-MONTH(G100)+1 -> 12 | M100: =H99*(12-L100)/12+H100*L100/12 -> 0.0175 | N100: =M100 -> 0.0175
B101: 2040 | D101: =I101 -> 0.0175 | F101: 2040 | G101: =DATE(F101,1,1) -> 51136 | H101: 0.0175 | I101: 0.0175 | K101: 2040 | L101: =12-MONTH(G101)+1 -> 12 | M101: =H100*(12-L101)/12+H101*L101/12 -> 0.0175 | N101: =M101 -> 0.0175
B102: 2041 | D102: =I102 -> 0.0175 | F102: 2041 | G102: =DATE(F102,1,1) -> 51502 | H102: 0.0175 | I102: 0.0175 | K102: 2041 | L102: =12-MONTH(G102)+1 -> 12 | M102: =H101*(12-L102)/12+H102*L102/12 -> 0.0175 | N102: =M102 -> 0.0175
B103: 2042 | D103: =I103 -> 0.0175 | F103: 2042 | G103: =DATE(F103,1,1) -> 51867 | H103: 0.0175 | I103: 0.0175 | K103: 2042 | L103: =12-MONTH(G103)+1 -> 12 | M103: =H102*(12-L103)/12+H103*L103/12 -> 0.0175 | N103: =M103 -> 0.0175
... B128: 2067 | D128: =I128 -> 0.0175 | F128: 2067 | G128: =DATE(F128,1,1) -> 60998 | H128: 0.0175 | I128: 0.0175 | K128: 2067 | L128: =12-MONTH(G128)+1 -> 12 | M128: =H127*(12-L128)/12+H128*L128/12 -> 0.0175 | N128: =M128 -> 0.0175
B129: 2068 | D129: =I129 -> 0.0175 | F129: 2068 | G129: =DATE(F129,1,1) -> 61363 | H129: 0.0175 | I129: 0.0175 | K129: =F129 -> 2068 | L129: =12-MONTH(G129)+1 -> 12 | M129: =H128*(12-L129)/12+H129*L129/12 -> 0.0175 | N129: =M129 -> 0.0175
B130: 2069 | D130: =I130 -> 0.0175 | F130: 2069 | G130: =DATE(F130,1,1) -> 61729 | H130: 0.0175 | I130: 0.0175 | K130: =F130 -> 2069 | L130: =12-MONTH(G130)+1 -> 12 | M130: =H129*(12-L130)/12+H130*L130/12 -> 0.0175 | N130: =M130 -> 0.0175
B131: 2070 | D131: =I131 -> 0.0175 | F131: 2070 | G131: =DATE(F131,1,1) -> 62094 | H131: 0.0175 | I131: 0.0175 | K131: =F131 -> 2070 | L131: =12-MONTH(G131)+1 -> 12 | M131: =H130*(12-L131)/12+H131*L131/12 -> 0.0175 | N131: =M131 -> 0.0175
B132: * Depuis la LFSS2016, évolution sur les prix constatés en moyenne annuelle au 1er octobre | F132: * Depuis la LFSS2016, évolution sur les prix constatés en moyenne annuelle au 1er octobre | K132: * Depuis la LFSS2016, évolution sur les prix constatés en moyenne annuelle au 1er octobre

Sheet Revalo_Inval
B1: Revalorisation annuelle des pensions d'invalidité
B2: Source : dss
B4: Année | C4: Date de revalorisation | D4: Tous scénarios et variantes
B6: 1947
B7: 1948
B8: 1949
B9: 1950
B10: 1951
B11: 1952
B12: 1953
B13: 1954
B14: 1955
B15: 1956
B16: 1957
B17: 1958
... B69: 2010
B70: 2011 | C70: 40634
B71: 2012 | C71: 41000
B72: 2013 | C72: 41365
B73: 2014 | C73: 41913
B74: 2015 | C74: =DATE(B74,4,1) -> 42095 | D74: 0
B75: 2016 | C75: =DATE(B75,4,1) -> 42461 | D75: 0.001
B76: 2017 | C76: =DATE(B76,4,1) -> 42826 | D76: 0.003
B77: 2018
B78: 2019 | C78: =DATE(B78,4,1) -> 43556 | D78: 0.003
B79: 2020 | C79: =DATE(B79,4,1) -> 43922 | D79: 0.003
B80: 2021 | C80: =DATE(B80,4,1) -> 44287 | D80: 0.001
B81: 2022 | C81: =DATE(B81,4,1) -> 44652 | D81: 0.018
B82: 2022 | C82: =DATE(B82,7,1) -> 44743 | D82: 0.04
B83: 2023 | C83: =DATE(B83,4,1) -> 45017 | D83: 0.0154
B84: 2024 | C84: =DATE(B84,4,1) -> 45383 | D84: 0.046
B85: 2025 | C85: =DATE(B85,4,1) -> 45748 | D85: 0.017
B86: 2026 | C86: =DATE(B86,4,1) -> 46113 | D86: 0.008
B87: 2027 | C87: =DATE(B87,4,1) -> 46478 | D87: 0.021
B88: 2028 | C88: =DATE(B88,4,1) -> 46844 | D88: 0.015
B89: 2029 | C89: =DATE(B89,4,1) -> 47209 | D89: 0.018
B90: 2030 | C90: =DATE(B90,4,1) -> 47574 | D90: 0.018
B91: 2031 | C91: =DATE(B91,4,1) -> 47939 | D91: =Revalo_RB!H92 -> 0.0175
B92: 2032 | C92: =DATE(B92,4,1) -> 48305 | D92: =Revalo_RB!H93 -> 0.0175
B93: 2033 | C93: =DATE(B93,4,1) -> 48670 | D93: =Revalo_RB!H94 -> 0.0175
B94: 2034 | C94: =DATE(B94,4,1) -> 49035 | D94: =Revalo_RB!H95 -> 0.0175
B95: 2035 | C95: =DATE(B95,4,1) -> 49400 | D95: =Revalo_RB!H96 -> 0.0175
B96: 2036 | C96: =DATE(B96,4,1) -> 49766 | D96: =Revalo_RB!H97 -> 0.0175
B97: 2037 | C97: =DATE(B97,4,1) -> 50131 | D97: =Revalo_RB!H98 -> 0.0175
B98: 2038 | C98: =DATE(B98,4,1) -> 50496 | D98: =Revalo_RB!H99 -> 0.0175
B99: 2039 | C99: =DATE(B99,4,1) -> 50861 | D99: =Revalo_RB!H100 -> 0.0175
B100: 2040 | C100: =DATE(B100,4,1) -> 51227 | D100: =Revalo_RB!H101 -> 0.0175
B101: 2041 | C101: =DATE(B101,4,1) -> 51592 | D101: =Revalo_RB!H102 -> 0.0175
B102: 2042 | C102: =DATE(B102,4,1) -> 51957 | D102: =Revalo_RB!H103 -> 0.0175
... B130: 2070 | C130: =DATE(B130,4,1) -> 62184 | D130: =Revalo_RB!H131 -> 0.0175

Sheet ASPA
B1: Plafond annuel de ressources et montant de l'allocation de solidarité pour une personne âgée
B2: Source : legislation.cnav
B4: Année | C4: Date de revalorisation | D4: Aspa personne seule | H4: Évolution Aspa personne seule* | J4: Aspa couple | N4: Évolution Aspa couple*
D5: Plafond annuel de ressources | E5: Montant annuel de l'allocation | F5: Plafond mensuel de ressources | G5: Montant mensuel de l'allocation | H5: Plafond de ressources | I5: Montant de l'allocation | J5: Plafond annuel de ressources | K5: Montant annuel de l'allocation | L5: Plafond mensuel de ressources | M5: Montant mensuel de l'allocation | N5: Plafond de ressources | O5: Montant annuel de l'allocation
D6: Tous scénarios | E6: Tous scénarios | F6: Tous scénarios | G6: Tous scénarios | H6: Tous scénarios | I6: Tous scénarios | J6: Tous scénarios | K6: Tous scénarios | N6: Tous scénarios | O6: Tous scénarios
B7: =YEAR(C7) -> 2006 | C7: 38718 | D7: 7500.53 | E7: 7323.48 | F7: =D7/12 -> 625.04417 | G7: =E7/12 -> 610.29 | J7: 13137.69 | K7: 13137.69 | L7: =J7/12 -> 1094.8075 | M7: =K7/12 -> 1094.8075
B8: =YEAR(C8) -> 2007 | C8: 39083 | D8: 7635.53 | E8: 7455.3 | F8: =D8/12 -> 636.29417 | G8: =E8/12 -> 621.275 | H8: =D8/D7-1 -> 0.017998728 | I8: =E8/E7-1 -> 0.01799964 | J8: 13374.16 | K8: 13374.16 | L8: =J8/12 -> 1114.5133 | M8: =K8/12 -> 1114.5133 | N8: =J8/J7-1 -> 0.017999359 | O8: =K8/K7-1 -> 0.017999359
B9: =YEAR(C9) -> 2008 | C9: 39448 | D9: 7719.52 | E9: 7537.3 | F9: =D9/12 -> 643.29333 | G9: =E9/12 -> 628.10833 | H9: =D9/D8-1 -> 0.010999891 | I9: =E9/E8-1 -> 0.010998887 | J9: 13521.27 | K9: 13521.27 | L9: =J9/12 -> 1126.7725 | M9: =K9/12 -> 1126.7725 | N9: =J9/J8-1 -> 0.010999569 | O9: =K9/K8-1 -> 0.010999569
B10: =YEAR(C10) -> 2008 | C10: 39692 | D10: 7781.27 | E10: 7597.59 | F10: =D10/12 -> 648.43917 | G10: =E10/12 -> 633.1325 | H10: =D10/D9-1 -> 0.007999202 | I10: =E10/E9-1 -> 0.0079988855 | J10: 13629.44 | K10: 13629.44 | L10: =J10/12 -> 1135.7867 | M10: =K10/12 -> 1135.7867 | N10: =J10/J9-1 -> 0.0079999882 | O10: =K10/K9-1 -> 0.0079999882
B11: =YEAR(C11) -> 2009 | C11: 39814 | D11: 7781.27 | E11: 7597.59 | F11: =D11/12 -> 648.43917 | G11: =E11/12 -> 633.1325 | H11: =D11/D10-1 -> 0 | I11: =E11/E10-1 -> 0 | J11: 13629.44 | K11: 13629.44 | L11: =J11/12 -> 1135.7867 | M11: =K11/12 -> 1135.7867 | N11: =J11/J10-1 -> 0 | O11: =K11/K10-1 -> 0
B12: =YEAR(C12) -> 2009 | C12: 39904 | D12: 8309.27 | E12: 8125.59 | F12: =D12/12 -> 692.43917 | G12: =E12/12 -> 677.1325 | H12: =D12/D11-1 -> 0.067855247 | I12: =E12/E11-1 -> 0.069495722 | J12: 13765.73 | K12: 13765.73 | L12: =J12/12 -> 1147.1442 | M12: =K12/12 -> 1147.1442 | N12: =J12/J11-1 -> 0.0099996772 | O12: =K12/K11-1 -> 0.0099996772
B13: =YEAR(C13) -> 2010 | C13: 40179 | D13: 8309.27 | E13: 8125.59 | F13: =D13/12 -> 692.43917 | G13: =E13/12 -> 677.1325 | H13: =D13/D12-1 -> 0 | I13: =E13/E12-1 -> 0 | J13: 13765.73 | K13: 13765.73 | L13: =J13/12 -> 1147.1442 | M13: =K13/12 -> 1147.1442 | N13: =J13/J12-1 -> 0 | O13: =K13/K12-1 -> 0
B14: =YEAR(C14) -> 2010 | C14: 40269 | D14: 8507.49 | E14: 8507.49 | F14: =D14/12 -> 708.9575 | G14: =E14/12 -> 708.9575 | H14: =D14/D13-1 -> 0.023855285 | I14: =E14/E13-1 -> 0.046999664 | J14: 13889.62 | K14: 13889.62 | L14: =J14/12 -> 1157.4683 | M14: =K14/12 -> 1157.4683 | N14: =J14/J13-1 -> 0.0089998859 | O14: =K14/K13-1 -> 0.0089998859
B15: =YEAR(C15) -> 2011 | C15: 40544 | D15: 8507.49 | E15: 8507.49 | F15: =D15/12 -> 708.9575 | G15: =E15/12 -> 708.9575 | H15: =D15/D14-1 -> 0 | I15: =E15/E14-1 -> 0 | J15: 13889.62 | K15: 13889.62 | L15: =J15/12 -> 1157.4683 | M15: =K15/12 -> 1157.4683 | N15: =J15/J14-1 -> 0 | O15: =K15/K14-1 -> 0
B16: =YEAR(C16) -> 2011 | C16: 40634 | D16: 8907.34 | E16: 8907.34 | F16: =D16/12 -> 742.27833 | G16: =E16/12 -> 742.27833 | H16: =D16/D15-1 -> 0.046999761 | I16: =E16/E15-1 -> 0.046999761 | J16: 14181.3 | K16: 14181.3 | L16: =J16/12 -> 1181.775 | M16: =K16/12 -> 1181.775 | N16: =J16/J15-1 -> 0.020999855 | O16: =K16/K15-1 -> 0.020999855
B17: =YEAR(C17) -> 2012 | C17: 40909 | D17: 8907.34 | E17: 8907.34 | F17: =D17/12 -> 742.27833 | G17: =E17/12 -> 742.27833 | H17: =D17/D16-1 -> 0 | I17: =E17/E16-1 -> 0 | J17: 14181.3 | K17: 14181.3 | L17: =J17/12 -> 1181.775 | M17: =K17/12 -> 1181.775 | N17: =J17/J16-1 -> 0 | O17: =K17/K16-1 -> 0
B18: =YEAR(C18) -> 2012 | C18: 41000 | D18: 9325.98 | E18: 9325.98 | F18: =D18/12 -> 777.165 | G18: =E18/12 -> 777.165 | H18: =D18/D17-1 -> 0.046999441 | I18: =E18/E17-1 -> 0.046999441 | J18: 14479.1 | K18: 14479.1 | L18: =J18/12 -> 1206.5917 | M18: =K18/12 -> 1206.5917 | N18: =J18/J17-1 -> 0.020999485 | O18: =K18/K17-1 -> 0.020999485
B19: =YEAR(C19) -> 2013 | C19: 41275 | D19: 9325.98 | E19: 9325.98 | F19: =D19/12 -> 777.165 | G19: =E19/12 -> 777.165 | H19: =D19/D18-1 -> 0 | I19: =H19 -> 0 | J19: 14479.1 | K19: 14479.1 | L19: =J19/12 -> 1206.5917 | M19: =K19/12 -> 1206.5917 | N19: =J19/J18-1 -> 0 | O19: =N19 -> 0
B20: =YEAR(C20) -> 2013 | C20: 41365 | D20: 9447.21 | E20: 9447.21 | F20: =D20/12 -> 787.2675 | G20: =E20/12 -> 787.2675 | H20: =D20/D19-1 -> 0.01299917 | I20: =H20 -> 0.01299917 | J20: 14667.32 | K20: 14667.32 | L20: =J20/12 -> 1222.2767 | M20: =K20/12 -> 1222.2767 | N20: =J20/J19-1 -> 0.012999427 | O20: =N20 -> 0.012999427
B21: =YEAR(C21) -> 2014 | C21: 41640 | D21: 9447.21 | E21: 9447.21 | F21: =D21/12 -> 787.2675 | G21: =E21/12 -> 787.2675 | H21: =D21/D20-1 -> 0 | I21: =H21 -> 0 | J21: 14667.32 | K21: 14667.32 | L21: =J21/12 -> 1222.2767 | M21: =K21/12 -> 1222.2767 | N21: =J21/J20-1 -> 0 | O21: =N21 -> 0
B22: =YEAR(C22) -> 2014 | C22: 41730 | D22: 9503.89 | E22: 9503.89 | F22: =D22/12 -> 791.99083 | G22: =E22/12 -> 791.99083 | H22: =D22/D21-1 -> 0.0059996549 | I22: =H22 -> 0.0059996549 | J22: 14755.32 | K22: 14755.32 | L22: =J22/12 -> 1229.61 | M22: =K22/12 -> 1229.61 | N22: =J22/J21-1 -> 0.0059997327 | O22: =N22 -> 0.0059997327
B23: =YEAR(C23) -> 2014 | C23: 41913 | D23: 9600 | E23: 9600 | F23: =D23/12 -> 800 | G23: =E23/12 -> 800 | H23: =D23/D22-1 -> 0.010112701 | I23: =H23 -> 0.010112701 | J23: 14904 | K23: 14904 | L23: =J23/12 -> 1242 | M23: =K23/12 -> 1242 | N23: =J23/J22-1 -> 0.010076366 | O23: =N23 -> 0.010076366
B24: =YEAR(C24) -> 2015 | C24: 42005 | D24: 9600 | E24: 9600 | F24: =D24/12 -> 800 | G24: =E24/12 -> 800 | H24: =D24/D23-1 -> 0 | I24: =H24 -> 0 | J24: 14904 | K24: 14904 | L24: =J24/12 -> 1242 | M24: =K24/12 -> 1242 | N24: =J24/J23-1 -> 0 | O24: =N24 -> 0
B25: =YEAR(C25) -> 2016 | C25: 42370 | D25: 9600 | E25: 9600 | F25: =D25/12 -> 800 | G25: =E25/12 -> 800 | H25: =D25/D24-1 -> 0 | I25: =H25 -> 0 | J25: 14904 | K25: 14904 | L25: =J25/12 -> 1242 | M25: =K25/12 -> 1242 | N25: =J25/J24-1 -> 0 | O25: =N25 -> 0
B26: =YEAR(C26) -> 2016 | C26: 42461 | D26: 9609.6 | E26: 9609.6 | F26: =D26/12 -> 800.8 | G26: =E26/12 -> 800.8 | H26: =D26/D25-1 -> 0.001 | I26: =H26 -> 0.001 | J26: 14918.9 | K26: 14918.9 | L26: =J26/12 -> 1243.2417 | M26: =K26/12 -> 1243.2417 | N26: =J26/J25-1 -> 0.00099973162 | O26: =N26 -> 0.00099973162
B27: =YEAR(C27) -> 2017 | C27: 42736 | D27: 9609.6 | E27: 9609.6 | F27: =D27/12 -> 800.8 | G27: =E27/12 -> 800.8 | H27: =D27/D26-1 -> 0 | I27: =H27 -> 0 | J27: 14918.9 | K27: 14918.9 | L27: =J27/12 -> 1243.2417 | M27: =K27/12 -> 1243.2417 | N27: =J27/J26-1 -> 0 | O27: =N27 -> 0
B28: =YEAR(C28) -> 2017 | C28: 42826 | D28: 9638.42 | E28: 9638.42 | F28: =D28/12 -> 803.20167 | G28: =E28/12 -> 803.20167 | H28: =D28/D27-1 -> 0.0029990842 | I28: =H28 -> 0.0029990842 | J28: 14963.65 | K28: 14963.65 | L28: =J28/12 -> 1246.9708 | M28: =K28/12 -> 1246.9708 | N28: =J28/J27-1 -> 0.0029995509 | O28: =N28 -> 0.0029995509
B29: =YEAR(C29) -> 2018 | C29: 43101 | D29: 9638.42 | E29: 9638.42 | F29: =D29/12 -> 803.20167 | G29: =E29/12 -> 803.20167 | H29: =D29/D28-1 -> 0 | I29: =H29 -> 0 | J29: 14963.65 | K29: 14963.65 | L29: =J29/12 -> 1246.9708 | M29: =K29/12 -> 1246.9708 | N29: =J29/J28-1 -> 0 | O29: =N29 -> 0
B30: =YEAR(C30) -> 2018 | C30: 43191 | D30: 9998.4 | E30: 9998.4 | F30: =D30/12 -> 833.2 | G30: =E30/12 -> 833.2 | H30: =D30/D29-1 -> 0.037348445 | I30: =H30 -> 0.037348445 | J30: 15522.54 | K30: 15522.54 | L30: =J30/12 -> 1293.545 | M30: =K30/12 -> 1293.545 | N30: =J30/J29-1 -> 0.037349844 | O30: =N30 -> 0.037349844
... B39: =YEAR(C39) -> 2026 | C39: 46023 | D39: 12523.14 | E39: 12523.14 | F39: =D39/12 -> 1043.595 | G39: =E39/12 -> 1043.595 | H39: =D39/D38-1 -> 0.0089997615 | I39: =H39 -> 0.0089997615 | J39: 19442.21 | K39: 19442.21 | L39: =J39/12 -> 1620.1842 | M39: =K39/12 -> 1620.1842 | N39: =J39/J38-1 -> 0.0089995225 | O39: =N39 -> 0.0089995225
B40: 2027 | C40: =DATE(B40,1,1) -> 46388 | D40: =D39*(1+I40) -> 12723.51 | E40: =D40 -> 12723.51 | F40: =D40/12 -> 1060.2925 | G40: =E40/12 -> 1060.2925 | H40: =Revalo_RB!H88 -> 0.016 | I40: =H40 -> 0.016 | J40: =J39*D40/D39 -> 19753.285 | K40: =J40 -> 19753.285 | L40: =J40/12 -> 1646.1071 | M40: =K40/12 -> 1646.1071 | N40: =I40 -> 0.016 | O40: =K40/K39-1 -> 0.016
B41: 2028 | C41: =DATE(B41,1,1) -> 46753 | D41: =D40*(1+I41) -> 12952.533 | E41: =D41 -> 12952.533 | F41: =D41/12 -> 1079.3778 | G41: =E41/12 -> 1079.3778 | H41: =Revalo_RB!H89 -> 0.018 | I41: =H41 -> 0.018 | J41: =J40*D41/D40 -> 20108.844 | K41: =J41 -> 20108.844 | L41: =J41/12 -> 1675.737 | M41: =K41/12 -> 1675.737 | N41: =I41 -> 0.018 | O41: =K41/K40-1 -> 0.018
B42: 2029 | C42: =DATE(B42,1,1) -> 47119 | D42: =D41*(1+I42) -> 13172.726 | E42: =D42 -> 13172.726 | F42: =D42/12 -> 1097.7272 | G42: =E42/12 -> 1097.7272 | H42: =Revalo_RB!H90 -> 0.017 | I42: =H42 -> 0.017 | J42: =J41*D42/D41 -> 20450.695 | K42: =J42 -> 20450.695 | L42: =J42/12 -> 1704.2246 | M42: =K42/12 -> 1704.2246 | N42: =I42 -> 0.017 | O42: =K42/K41-1 -> 0.017
B43: 2030 | C43: =DATE(B43,1,1) -> 47484 | D43: =D42*(1+I43) -> 13409.836 | E43: =D43 -> 13409.836 | F43: =D43/12 -> 1117.4863 | G43: =E43/12 -> 1117.4863 | H43: =Revalo_RB!H91 -> 0.018 | I43: =H43 -> 0.018 | J43: =J42*D43/D42 -> 20818.807 | K43: =J43 -> 20818.807 | L43: =J43/12 -> 1734.9006 | M43: =K43/12 -> 1734.9006 | N43: =I43 -> 0.018 | O43: =K43/K42-1 -> 0.018
B44: 2031 | C44: =DATE(B44,1,1) -> 47849 | D44: =D43*(1+I44) -> 13644.508 | E44: =D44 -> 13644.508 | F44: =D44/12 -> 1137.0423 | G44: =E44/12 -> 1137.0423 | H44: =Revalo_RB!H92 -> 0.0175 | I44: =H44 -> 0.0175 | J44: =J43*D44/D43 -> 21183.136 | K44: =J44 -> 21183.136 | L44: =J44/12 -> 1765.2614 | M44: =K44/12 -> 1765.2614 | N44: =I44 -> 0.0175 | O44: =K44/K43-1 -> 0.0175
B45: 2032 | C45: =DATE(B45,1,1) -> 48214 | D45: =D44*(1+I45) -> 13883.287 | E45: =D45 -> 13883.287 | F45: =D45/12 -> 1156.9405 | G45: =E45/12 -> 1156.9405 | H45: =Revalo_RB!H93 -> 0.0175 | I45: =H45 -> 0.0175 | J45: =J44*D45/D44 -> 21553.841 | K45: =J45 -> 21553.841 | L45: =J45/12 -> 1796.1534 | M45: =K45/12 -> 1796.1534 | N45: =I45 -> 0.0175 | O45: =K45/K44-1 -> 0.0175
B46: 2033 | C46: =DATE(B46,1,1) -> 48580 | D46: =D45*(1+I46) -> 14126.244 | E46: =D46 -> 14126.244 | F46: =D46/12 -> 1177.187 | G46: =E46/12 -> 1177.187 | H46: =Revalo_RB!H94 -> 0.0175 | I46: =H46 -> 0.0175 | J46: =J45*D46/D45 -> 21931.034 | K46: =J46 -> 21931.034 | L46: =J46/12 -> 1827.5861 | M46: =K46/12 -> 1827.5861 | N46: =I46 -> 0.0175 | O46: =K46/K45-1 -> 0.0175
B47: 2034 | C47: =DATE(B47,1,1) -> 48945 | D47: =D46*(1+I47) -> 14373.453 | E47: =D47 -> 14373.453 | F47: =D47/12 -> 1197.7878 | G47: =E47/12 -> 1197.7878 | H47: =Revalo_RB!H95 -> 0.0175 | I47: =H47 -> 0.0175 | J47: =J46*D47/D46 -> 22314.827 | K47: =J47 -> 22314.827 | L47: =J47/12 -> 1859.5689 | M47: =K47/12 -> 1859.5689 | N47: =I47 -> 0.0175 | O47: =K47/K46-1 -> 0.0175
B48: 2035 | C48: =DATE(B48,1,1) -> 49310 | D48: =D47*(1+I48) -> 14624.989 | E48: =D48 -> 14624.989 | F48: =D48/12 -> 1218.7491 | G48: =E48/12 -> 1218.7491 | H48: =Revalo_RB!H96 -> 0.0175 | I48: =H48 -> 0.0175 | J48: =J47*D48/D47 -> 22705.336 | K48: =J48 -> 22705.336 | L48: =J48/12 -> 1892.1113 | M48: =K48/12 -> 1892.1113 | N48: =I48 -> 0.0175 | O48: =K48/K47-1 -> 0.0175
B49: 2036 | C49: =DATE(B49,1,1) -> 49675 | D49: =D48*(1+I49) -> 14880.926 | E49: =D49 -> 14880.926 | F49: =D49/12 -> 1240.0772 | G49: =E49/12 -> 1240.0772 | H49: =Revalo_RB!H97 -> 0.0175 | I49: =H49 -> 0.0175 | J49: =J48*D49/D48 -> 23102.68 | K49: =J49 -> 23102.68 | L49: =J49/12 -> 1925.2233 | M49: =K49/12 -> 1925.2233 | N49: =I49 -> 0.0175 | O49: =K49/K48-1 -> 0.0175
B50: 2037 | C50: =DATE(B50,1,1) -> 50041 | D50: =D49*(1+I50) -> 15141.342 | E50: =D50 -> 15141.342 | F50: =D50/12 -> 1261.7785 | G50: =E50/12 -> 1261.7785 | H50: =Revalo_RB!H98 -> 0.0175 | I50: =H50 -> 0.0175 | J50: =J49*D50/D49 -> 23506.976 | K50: =J50 -> 23506.976 | L50: =J50/12 -> 1958.9147 | M50: =K50/12 -> 1958.9147 | N50: =I50 -> 0.0175 | O50: =K50/K49-1 -> 0.0175
B51: 2038 | C51: =DATE(B51,1,1) -> 50406 | D51: =D50*(1+I51) -> 15406.316 | E51: =D51 -> 15406.316 | F51: =D51/12 -> 1283.8596 | G51: =E51/12 -> 1283.8596 | H51: =Revalo_RB!H99 -> 0.0175 | I51: =H51 -> 0.0175 | J51: =J50*D51/D50 -> 23918.349 | K51: =J51 -> 23918.349 | L51: =J51/12 -> 1993.1957 | M51: =K51/12 -> 1993.1957 | N51: =I51 -> 0.0175 | O51: =K51/K50-1 -> 0.0175
... B83: 2070 | C83: =DATE(B83,1,1) -> 62094 | D83: =D82*(1+I83) -> 26841.091 | E83: =D83 -> 26841.091 | F83: =D83/12 -> 2236.7576 | G83: =E83/12 -> 2236.7576 | H83: =Revalo_RB!H131 -> 0.0175 | I83: =H83 -> 0.0175 | J83: =J82*D83/D82 -> 41670.87 | K83: =J83 -> 41670.87 | L83: =J83/12 -> 3472.5725 | M83: =K83/12 -> 3472.5725 | N83: =I83 -> 0.0175 | O83: =K83/K82-1 -> 0.0175
H84: * Depuis la LFSS2016, évolution sur les prix constatés en moyenne annuelle au 1er avril | N84: * Depuis la LFSS2016, évolution sur les prix constatés en moyenne annuelle au 1er avril
D86: Extrait PLFSS2018, exposé des motifs de l'article 28 :
D87: Le montant de l’ASPA, fixé par des dispositions réglementaires, sera progressivement porté à 903 euros par mois en 2020 pour une personne seule, ce qui représente une hausse de 30 euros par mois la première année et de 35 euros par mois les années suivantes. Le montant de l’ASPA servi à un couple sera revalorisé dans les mêmes proportions.

Sheet Minima
B1: Minimum contributif tous régimes, revalorisation du minimum garanti dans la fonction publique et PMR
B2: Source : legislation.cnav, retraitedeletat et MSA
B4: Année | C4: Plafond des retraites pour l'attribution du minimum contributif | T4: Année | U4: Date de revalorisation | V4: Minimum contributif | AK4: Minimum contributif majoré | AP4: Minimum garanti dans la FP (montant maximum) | AR4: PMR 1 (chefs d'exploitation) | BB4: PMR 2* (conjoints collaborateurs et aides familiaux) | BL4: Seuil de majoration RCO* (chefs d'exploitation)
C5: Date de revalorisation | D5: Montant mensuel | I5: Montant annuel | N5: Évolution en nominal | V5: Montant mensuel | AA5: Montant annuel | AF5: Montant mensuel | AK5: Montant annuel | AP5: Montant mensuel | AQ5: Montant annuel | AR5: Montant mensuel | AW5: Montant annuel | BB5: Montant mensuel | BG5: Montant annuel | BL5: Montant mensuel | BQ5: Montant annuel
F6: Sc_1,0% | G6: Sc_0,7% | H6: Sc_0,4% | K6: Sc_1,0% | L6: Sc_0,7% | M6: Sc_0,4% | P6: Sc_1,0% | Q6: Sc_0,7% | R6: Sc_0,4% | X6: Sc_1,0% | Y6: Sc_0,7% | Z6: Sc_0,4% | AC6: Sc_1,0% | AD6: Sc_0,7% | AE6: Sc_0,4% | AH6: Sc_1,0% | AI6: Sc_0,7% | AJ6: Sc_0,4% | AM6: Sc_1,0% | AN6: Sc_0,7% | AO6: Sc_0,4% | AP6: Tous scénarios | AT6: Sc_1,0% | AU6: Sc_0,7% | AV6: Sc_0,4% | AY6: Sc_1,0% | AZ6: Sc_0,7% | BA6: Sc_0,4% | BD6: Sc_1,0% | BE6: Sc_0,7% | BF6: Sc_0,4% | BI6: Sc_1,0% | BJ6: Sc_0,7% | BK6: Sc_0,4% | BN6: Sc_1,0% | BO6: Sc_0,7% | BP6: Sc_0,4% | BS6: Sc_1,0% | BT6: Sc_0,7% | BU6: Sc_0,4%
B7: 2012 | C7: 40909 | F7: 1005 | G7: 1005 | H7: 1005 | K7: =F7*12 -> 12060 | L7: =G7*12 -> 12060 | M7: =H7*12 -> 12060 | T7: 2012 | U7: 41000 | X7: 620.92 | Y7: 620.92 | Z7: 620.92 | AC7: 7451.04 | AD7: 7451.04 | AE7: 7451.04 | AH7: 678.50083 | AI7: 678.50083 | AJ7: 678.50083 | AM7: 8142.01 | AN7: 8142.01 | AO7: 8142.01 | AT7: 672.46083 | AU7: 672.46083 | AV7: 672.46083 | AY7: =AT7*12 -> 8069.53 | AZ7: =AU7*12 -> 8069.53 | BA7: =AV7*12 -> 8069.53 | BD7: 534.35583 | BE7: 534.35583 | BF7: 534.35583 | BI7: 6412.27 | BJ7: 6412.27 | BK7: 6412.27
B8: 2012 | C8: 41091 | F8: 1025.1 | G8: 1025.1 | H8: 1025.1 | K8: =F8*12 -> 12301.2 | L8: =G8*12 -> 12301.2 | M8: =H8*12 -> 12301.2 | P8: =O8 -> 0 | Q8: =F8/F7-1 -> 0.02 | R8: =H8/H7-1 -> 0.02
B9: 2013 | C9: 41275 | F9: 1028.17 | G9: 1028.17 | H9: 1028.17 | K9: =F9*12 -> 12338.04 | L9: =G9*12 -> 12338.04 | M9: =H9*12 -> 12338.04 | P9: =O9 -> 0 | Q9: =F9/F8-1 -> 0.0029948298 | R9: =H9/H8-1 -> 0.0029948298 | T9: 2013 | U9: 41365 | X9: 628.99 | Y9: 628.99 | Z9: 628.99 | AC9: 7547.88 | AD9: 7547.88 | AE9: 7547.88 | AH9: 687.32083 | AI9: 687.32083 | AJ9: 687.32083 | AM9: 8247.85 | AN9: 8247.85 | AO9: 8247.85 | AT9: 681.2025 | AU9: 681.2025 | AV9: 681.2025 | AY9: =AT9*12 -> 8174.43 | AZ9: =AU9*12 -> 8174.43 | BA9: =AV9*12 -> 8174.43 | BD9: 541.30167 | BE9: 541.30167 | BF9: 541.30167 | BI9: 6495.62 | BJ9: 6495.62 | BK9: 6495.62
B10: 2014 | C10: 41640 | F10: 1039.47 | G10: 1039.47 | H10: 1039.47 | K10: =F10*12 -> 12473.64 | L10: =G10*12 -> 12473.64 | M10: =H10*12 -> 12473.64 | P10: =O10 -> 0 | Q10: =F10/F9-1 -> 0.0109904 | R10: =H10/H9-1 -> 0.0109904
B11: 2014 | C11: 41671 | F11: 1120 | G11: 1120 | H11: 1120 | K11: =F11*12 -> 13440 | L11: =G11*12 -> 13440 | M11: =H11*12 -> 13440 | P11: =O11 -> 0 | Q11: =F11/F10-1 -> 0.077472173 | R11: =H11/H10-1 -> 0.077472173
B12: 2015 | C12: 42005 | F12: 1128.96 | G12: 1128.96 | H12: 1128.96 | K12: =F12*12 -> 13547.52 | L12: =G12*12 -> 13547.52 | M12: =H12*12 -> 13547.52 | P12: =O12 -> 0 | Q12: =F12/F11-1 -> 0.008 | R12: =H12/H11-1 -> 0.008 | T12: 2015 | U12: 42278 | X12: 629.62 | Y12: 629.62 | Z12: 629.62 | AC12: 7555.44 | AD12: 7555.44 | AE12: 7555.44 | AH12: 688.0075 | AI12: 688.0075 | AJ12: 688.0075 | AM12: 8256.09 | AN12: 8256.09 | AO12: 8256.09 | AP12: 1158.0567 | AQ12: 13896.68 | AT12: 681.88333 | AU12: 681.88333 | AV12: 681.88333 | AY12: =AT12*12 -> 8182.6 | AZ12: =AU12*12 -> 8182.6 | BA12: =AV12*12 -> 8182.6 | BD12: 541.8425 | BE12: 541.8425 | BF12: 541.8425 | BI12: 6502.11 | BJ12: 6502.11 | BK12: 6502.11
B13: 2016 | C13: 42370 | F13: 1135.73 | G13: 1135.73 | H13: 1135.73 | K13: =F13*12 -> 13628.76 | L13: =G13*12 -> 13628.76 | M13: =H13*12 -> 13628.76 | P13: =O13 -> 0 | Q13: =F13/F12-1 -> 0.0059966695 | R13: =H13/H12-1 -> 0.0059966695
B14: 2017 | C14: 42736 | F14: 1145.95 | G14: 1145.95 | H14: 1145.95 | K14: =F14*12 -> 13751.4 | L14: =G14*12 -> 13751.4 | M14: =H14*12 -> 13751.4 | P14: =O14 -> 0 | Q14: =F14/F13-1 -> 0.0089986176 | R14: =H14/H13-1 -> 0.0089986176 | T14: 2017 | U14: =DATE(T14,10,1) -> 43009 | X14: 634.66 | Y14: 634.66 | Z14: 634.66 | AC14: 7615.92 | AD14: 7615.92 | AE14: 7615.92 | AH14: 693.51083 | AI14: 693.51083 | AJ14: 693.51083 | AM14: 8322.13 | AN14: 8322.13 | AO14: 8322.13 | AP14: 1167.06 | AQ14: 14004.72 | AT14: 687.18466 | AU14: 687.18466 | AV14: 687.18466 | AY14: =AT14*12 -> 8246.2159 | AZ14: =AU14*12 -> 8246.2159 | BA14: =AV14*12 -> 8246.2159 | BD14: 546.05508 | BE14: 546.05508 | BF14: 546.05508 | BI14: 6552.6609 | BJ14: 6552.6609 | BK14: 6552.6609
B15: 2018 | C15: 43101 | F15: 1160.04 | G15: 1160.04 | H15: 1160.04 | K15: =F15*12 -> 13920.48 | L15: =G15*12 -> 13920.48 | M15: =H15*12 -> 13920.48 | P15: =O15 -> 0 | Q15: =F15/F14-1 -> 0.012295475 | R15: =H15/H14-1 -> 0.012295475 | T15: 2018 | AT15: 687.32 | AU15: 687.32 | AV15: 687.32 | AY15: =AT15*12 -> 8247.84 | AZ15: =AU15*12 -> 8247.84 | BA15: =AV15*12 -> 8247.84
B16: 2019 | C16: 43466 | F16: 1177.44 | G16: 1177.44 | H16: 1177.44 | K16: =F16*12 -> 14129.28 | L16: =G16*12 -> 14129.28 | M16: =H16*12 -> 14129.28 | P16: =O16 -> 0 | Q16: =F16/F15-1 -> 0.014999483 | R16: =H16/H15-1 -> 0.014999483 | T16: 2019 | U16: =DATE(T16,1,1) -> 43466 | X16: 636.56 | Y16: 636.56 | Z16: 636.56 | AC16: 7638.72 | AD16: 7638.72 | AE16: 7638.72 | AH16: 695.59 | AI16: 695.59 | AJ16: 695.59 | AM16: 8347.08 | AN16: 8347.08 | AO16: 8347.08 | AP16: 1178.7306 | AQ16: 14144.767 | AT16: 694.05651 | AU16: 694.05651 | AV16: 694.05651 | AY16: 8328.6781 | AZ16: 8328.6781 | BA16: 8328.6781 | BD16: 551.51563 | BE16: 551.51563 | BF16: 551.51563 | BI16: 6618.1875 | BJ16: 6618.1875 | BK16: 6618.1875 | BN16: 902.19 | BO16: 902.19 | BP16: 902.19 | BS16: 10826.28 | BT16: 10826.28 | BU16: 10826.28
B17: 2020 | C17: 43831 | F17: 1191.56 | G17: 1191.56 | H17: 1191.56 | K17: =F17*12 -> 14298.72 | L17: =G17*12 -> 14298.72 | M17: =H17*12 -> 14298.72 | P17: =O17 -> 0 | Q17: =F17/F16-1 -> 0.011992118 | R17: =H17/H16-1 -> 0.011992118 | T17: 2020 | U17: =DATE(T17,1,1) -> 43831 | X17: 642.39 | Y17: 642.39 | Z17: 642.39 | AC17: 7708.68 | AD17: 7708.68 | AE17: 7708.68 | AH17: 702.54 | AI17: 702.54 | AJ17: 702.54 | AM17: 8430.48 | AN17: 8430.48 | AO17: 8430.48 | AP17: 1174.3358 | AQ17: 14092.03 | AT17: 696.81998 | AU17: 696.81998 | AV17: 696.81998 | AY17: 8361.8398 | AZ17: 8361.8398 | BA17: 8361.8398 | BD17: 553.71156 | BE17: 553.71156 | BF17: 553.71156 | BI17: 6644.5387 | BJ17: 6644.5387 | BK17: 6644.5387 | BN17: 911.07857 | BO17: 911.07857 | BP17: 911.07857 | BS17: 10932.943 | BT17: 10932.943 | BU17: 10932.943
B18: 2021 | C18: =DATE(B18,1,1) -> 44197 | F18: 1203.37 | G18: 1203.37 | H18: 1203.37 | K18: =F18*12 -> 14440.44 | L18: =G18*12 -> 14440.44 | M18: =H18*12 -> 14440.44 | P18: =O18 -> 0 | Q18: =F18/F17-1 -> 0.0099113767 | R18: =H18/H17-1 -> 0.0099113767 | T18: 2021 | U18: =DATE(T18,1,1) -> 44197 | X18: 645.5 | Y18: 645.5 | Z18: 645.5 | AC18: 7746 | AD18: 7746 | AE18: 7746 | AH18: 705.35 | AI18: 705.35 | AJ18: 705.35 | AM18: 8464.2 | AN18: 8464.2 | AO18: 8464.2 | AP18: 1187.26 | AQ18: 14247.12 | AT18: 699.07 | AU18: 699.07 | AV18: 699.07 | AY18: 8388.84 | AZ18: 8388.84 | BA18: 8388.84 | BD18: 562.04098 | BE18: 562.04098 | BF18: 562.04098 | BI18: 6744.4917 | BJ18: 6744.4917 | BK18: 6744.4917 | BN18: 923.04 | BO18: 923.04 | BP18: 923.04 | BS18: 11076.48 | BT18: 11076.48 | BU18: 11076.48
B19: 2021 | C19: =DATE(B19,10,1) -> 44470 | F19: 1229.82 | G19: 1229.82 | H19: 1229.82 | K19: =F19*12 -> 14757.84 | L19: =G19*12 -> 14757.84 | M19: =H19*12 -> 14757.84 | P19: =O19 -> 0 | Q19: =F19/F18-1 -> 0.02197994 | R19: =H19/H18-1 -> 0.02197994 | T19: 2021 | U19: =DATE(T19,10,1) -> 44470
B20: 2022 | C20: =DATE(B20,1,1) -> 44562 | F20: 1240.88 | G20: 1240.88 | H20: 1240.88 | K20: =F20*12 -> 14890.56 | L20: =G20*12 -> 14890.56 | M20: =H20*12 -> 14890.56 | P20: =O20 -> 0 | Q20: =F20/F19-1 -> 0.008993186 | R20: =H20/H19-1 -> 0.008993186 | T20: 2022 | U20: =DATE(T20,1,1) -> 44562 | X20: 652.6 | Y20: 652.6 | Z20: 652.6 | AC20: 7831.2 | AD20: 7831.2 | AE20: 7831.2 | AH20: 713.11 | AI20: 713.11 | AJ20: 713.11 | AM20: 8557.32 | AN20: 8557.32 | AO20: 8557.32 | AP20: 1200.32 | AQ20: 14403.84 | AT20: 713.11 | AU20: 713.11 | AV20: 713.11 | AY20: 8557.32 | AZ20: 8557.32 | BA20: 8557.32 | BD20: 713.11 | BE20: 713.11 | BF20: 713.11 | BI20: 8557.32 | BJ20: 8557.32 | BK20: 8557.32 | BN20: 1078.65 | BO20: 1078.65 | BP20: 1078.65 | BS20: 12943.8 | BT20: 12943.8 | BU20: 12943.8
B21: 2022 | C21: =DATE(B21,5,1) -> 44682 | F21: 1273.76 | G21: 1273.76 | H21: 1273.76 | K21: =F21*12 -> 15285.12 | L21: =G21*12 -> 15285.12 | M21: =H21*12 -> 15285.12 | P21: =O21 -> 0 | Q21: =F21/F20-1 -> 0.026497324 | R21: =H21/H20-1 -> 0.026497324 | T21: 2022 | U21: =DATE(T21,5,1) -> 44682 | BN21: 1107.2313 | BO21: 1107.2313 | BP21: 1107.2313 | BS21: 13286.776 | BT21: 13286.776 | BU21: 13286.776
B22: =B20 -> 2022 | C22: =DATE(B22,8,1) -> 44774 | F22: 1299.3626 | G22: 1299.3626 | H22: 1299.3626 | K22: =F22*12 -> 15592.351 | L22: =G22*12 -> 15592.351 | M22: =H22*12 -> 15592.351 | P22: =O22 -> 0 | Q22: =F22/F21-1 -> 0.0201 | R22: =H22/H21-1 -> 0.0201 | T22: 2022 | U22: =DATE(T22,7,1) -> 44743 | X22: 678.7 | Y22: 678.7 | Z22: 678.7 | AC22: 8144.4 | AD22: 8144.4 | AE22: 8144.4 | AH22: 741.63 | AI22: 741.63 | AJ22: 741.63 | AM22: 8899.56 | AN22: 8899.56 | AO22: 8899.56 | AP22: 1248.3328 | AQ22: 14979.994 | AT22: 735.59442 | AU22: 735.59442 | AV22: 735.59442 | AY22: 8827.133 | AZ22: 8827.133 | BA22: 8827.133 | BD22: 735.59442 | BE22: 735.59442 | BF22: 735.59442 | BI22: 8827.133 | BJ22: 8827.133 | BK22: 8827.133 | BN22: 1129.4867 | BO22: 1129.4867 | BP22: 1129.4867 | BS22: 13553.84 | BT22: 13553.84 | BU22: 13553.84
B23: 2023 | C23: =DATE(B23,1,1) -> 44927 | F23: 1322.87 | G23: 1322.87 | H23: 1322.87 | K23: =F23*12 -> 15874.44 | L23: =G23*12 -> 15874.44 | M23: =H23*12 -> 15874.44 | P23: =O23 -> 0 | Q23: =F23/F22-1 -> 0.018091505 | R23: =H23/H22-1 -> 0.018091505 | T23: 2023 | U23: =DATE(T23,1,1) -> 44927 | X23: 684.13 | Y23: 684.13 | Z23: 684.13 | AC23: 8209.56 | AD23: 8209.56 | AE23: 8209.56 | AH23: 747.57 | AI23: 747.57 | AJ23: 747.57 | AM23: 8970.84 | AN23: 8970.84 | AO23: 8970.84 | AP23: 1258.3195 | AQ23: 15099.834 | AT23: 747.57 | AU23: 747.57 | AV23: 747.57 | AY23: 8970.84 | AZ23: 8970.84 | BA23: 8970.84 | BD23: 747.57 | BE23: 747.57 | BF23: 747.57 | BI23: 8970.84 | BJ23: 8970.84 | BK23: 8970.84 | BN23: 1149.9208 | BO23: 1149.9208 | BP23: 1149.9208 | BS23: 13799.05 | BT23: 13799.05 | BU23: 13799.05
B24: 2023 | C24: =DATE(B24,5,1) -> 45047 | F24: 1352.23 | G24: 1352.23 | H24: 1352.23 | K24: =F24*12 -> 16226.76 | L24: =G24*12 -> 16226.76 | M24: =H24*12 -> 16226.76 | P24: =O24 -> 0 | Q24: =F24/F23-1 -> 0.022194169 | R24: =H24/H23-1 -> 0.022194169 | T24: 2023 | U24: =DATE(T24,5,1) -> 45047
B25: 2023 | C25: 45170 | F25: 1352.23 | G25: 1352.23 | H25: 1352.23 | T25: 2023 | U25: 45170 | X25: =AC25/12 -> 709.13417 | Y25: =AD25/12 -> 709.13417 | Z25: =AE25/12 -> 709.13417 | AC25: 8509.61 | AD25: 8509.61 | AE25: 8509.61 | AH25: =AM25/12 -> 847.57167 | AI25: =AN25/12 -> 847.57167 | AJ25: =AO25/12 -> 847.57167 | AM25: 10170.86 | AN25: 10170.86 | AO25: 10170.86 | AT25: 847.57 | AU25: 847.57 | AV25: 847.57 | AY25: 10170.84 | AZ25: 10170.84 | BA25: 10170.84 | BD25: 847.57 | BE25: 847.57 | BF25: 847.57 | BI25: 10170.84 | BJ25: 10170.84 | BK25: 10170.84
B26: 2024 | C26: =DATE(B26,1,1) -> 45292 | F26: 1367.51 | G26: 1367.51 | H26: 1367.51 | K26: =F26*12 -> 16410.12 | L26: =G26*12 -> 16410.12 | M26: =H26*12 -> 16410.12 | P26: =F26/F24-1 -> 0.011299853 | Q26: =G26/G24-1 -> 0.011299853 | R26: =H26/H24-1 -> 0.011299853 | T26: 2024 | U26: =DATE(T26,1,1) -> 45292 | X26: =AC26/12 -> 733.03167 | Y26: =AD26/12 -> 733.03167 | Z26: =AE26/12 -> 733.03167 | AC26: 8796.38 | AD26: 8796.38 | AE26: 8796.38 | AH26: =AM26/12 -> 876.13417 | AI26: =AN26/12 -> 876.13417 | AJ26: =AO26/12 -> 876.13417 | AM26: 10513.61 | AN26: 10513.61 | AO26: 10513.61 | AP26: =AQ26/12 -> 1325.0104 | AQ26: =AQ23*(1+Revalo_RB!$H85) -> 15900.125 | AT26: 876.13 | AU26: 876.13 | AV26: 876.13 | AY26: =AY25*(1+P26) -> 10285.769 | AZ26: =AZ25*(1+Q26) -> 10285.769 | BA26: =BA25*(1+R26) -> 10285.769 | BD26: 876.13 | BE26: 876.13 | BF26: 876.13 | BI26: =BI25*AY26/AY25 -> 10285.769 | BJ26: =BJ25*AZ26/AZ25 -> 10285.769 | BK26: =BK25*BA26/BA25 -> 10285.769 | BN26: =BS26/12 -> 1162.9147 | BO26: =BT26/12 -> 1162.9147 | BP26: =BU26/12 -> 1162.9147 | BS26: =BS23*(1+P26) -> 13954.977 | BT26: =BS26 -> 13954.977 | BU26: =BT26 -> 13954.977
B27: 2025 | C27: =DATE(B27,1,1) -> 45658 | F27: 1394.86 | G27: 1394.86 | H27: 1394.86 | K27: =F27*12 -> 16738.32 | L27: =G27*12 -> 16738.32 | M27: =H27*12 -> 16738.32 | P27: 0.016398118 | Q27: 0.016398118 | R27: 0.016398118 | T27: 2025 | U27: =DATE(T27,1,1) -> 45658 | X27: =AC27/12 -> 747.69167 | Y27: =AD27/12 -> 747.69167 | Z27: =AE27/12 -> 747.69167 | AC27: 8972.3 | AD27: 8972.3 | AE27: 8972.3 | AH27: =AM27/12 -> 893.65667 | AI27: =AN27/12 -> 893.65667 | AJ27: =AO27/12 -> 893.65667 | AM27: 10723.88 | AN27: 10723.88 | AO27: 10723.88 | AP27: =AQ27/12 -> 1354.1606 | AQ27: =AQ26*(1+Revalo_RB!$H86) -> 16249.927 | AT27: =AY27/12 -> 871.20302 | AU27: =AZ27/12 -> 871.20302 | AV27: =BA27/12 -> 871.20302 | AY27: =AY26*(1+P27) -> 10454.436 | AZ27: =AZ26*(1+Q27) -> 10454.436 | BA27: =BA26*(1+R27) -> 10454.436 | BD27: =BI27/12 -> 871.20302 | BE27: =AU27 -> 871.20302 | BF27: =AV27 -> 871.20302 | BI27: =BI26*AY27/AY26 -> 10454.436 | BJ27: =BJ26*AZ27/AZ26 -> 10454.436 | BK27: =BK26*BA27/BA26 -> 10454.436 | BN27: =BS27/12 -> 1181.9844 | BO27: =BT27/12 -> 1181.9844 | BP27: =BU27/12 -> 1181.9844 | BS27: =BS26*(1+P27) -> 14183.812 | BT27: =BT26*(1+Q27) -> 14183.812 | BU27: =BU26*(1+R27) -> 14183.812
B28: 2026 | C28: =DATE(B28,1,1) -> 46023 | F28: 1410.89 | G28: 1410.89 | H28: 1410.89 | K28: =F28*12 -> 16930.68 | L28: =G28*12 -> 16930.68 | M28: =H28*12 -> 16930.68 | P28: 0.011784512 | Q28: 0.011784512 | R28: 0.011784512 | T28: 2026 | U28: =DATE(T28,1,1) -> 46023 | X28: =AC28/12 -> 756.29167 | Y28: =AD28/12 -> 756.29167 | Z28: =AE28/12 -> 756.29167 | AC28: 9075.5 | AD28: 9075.5 | AE28: 9075.5 | AH28: =AM28/12 -> 903.935 | AI28: =AN28/12 -> 903.935 | AJ28: =AO28/12 -> 903.935 | AM28: 10847.22 | AN28: 10847.22 | AO28: 10847.22 | AP28: =AQ28/12 -> 1366.3481 | AQ28: =AQ27*(1+Revalo_RB!$H87) -> 16396.177 | AT28: =AY28/12 -> 881.46972 | AU28: =AZ28/12 -> 881.46972 | AV28: =BA28/12 -> 881.46972 | AY28: =AY27*(1+P28) -> 10577.637 | AZ28: =AZ27*(1+Q28) -> 10577.637 | BA28: =BA27*(1+R28) -> 10577.637 | BD28: =BI28/12 -> 881.46972 | BE28: =AU28 -> 881.46972 | BF28: =AV28 -> 881.46972 | BI28: =BI27*AY28/AY27 -> 10577.637 | BJ28: =BJ27*AZ28/AZ27 -> 10577.637 | BK28: =BK27*BA28/BA27 -> 10577.637 | BN28: =BS28/12 -> 1195.9135 | BO28: =BT28/12 -> 1195.9135 | BP28: =BU28/12 -> 1195.9135 | BS28: =BS27*(1+P28) -> 14350.962 | BT28: =BT27*(1+Q28) -> 14350.962 | BU28: =BU27*(1+R28) -> 14350.962
B29: 2027 | C29: =DATE(B29,1,1) -> 46388 | F29: =F28*(1+P29) -> 1429.5137 | G29: =G28*(1+Q29) -> 1429.5137 | H29: =H28*(1+R29) -> 1429.5137 | K29: =F29*12 -> 17154.165 | L29: =G29*12 -> 17154.165 | M29: =H29*12 -> 17154.165 | P29: 0.0132 | Q29: 0.0132 | R29: 0.0132 | T29: 2027 | U29: =DATE(T29,1,1) -> 46388 | X29: =AC29/12 -> 766.27472 | Y29: =AD29/12 -> 766.27472 | Z29: =AE29/12 -> 766.27472 | AC29: =AC28*(1+P29) -> 9195.2966 | AD29: =AD28*(1+Q29) -> 9195.2966 | AE29: =AE28*(1+R29) -> 9195.2966 | AH29: =AH28*(1+P29) -> 915.86694 | AI29: =AI28*(1+Q29) -> 915.86694 | AJ29: =AJ28*(1+R29) -> 915.86694 | AM29: =AH29*12 -> 10990.403 | AN29: =AI29*12 -> 10990.403 | AO29: =AJ29*12 -> 10990.403 | AP29: =AQ29/12 -> 1388.2096 | AQ29: =AQ28*(1+Revalo_RB!$H88) -> 16658.516 | AT29: =AY29/12 -> 893.10512 | AU29: =AZ29/12 -> 893.10512 | AV29: =BA29/12 -> 893.10512 | AY29: =AY28*(1+P29) -> 10717.261 | AZ29: =AZ28*(1+Q29) -> 10717.261 | BA29: =BA28*(1+R29) -> 10717.261 | BD29: =AT29 -> 893.10512 | BE29: =AU29 -> 893.10512 | BF29: =AV29 -> 893.10512 | BI29: =BI28*AY29/AY28 -> 10717.261 | BJ29: =BJ28*AZ29/AZ28 -> 10717.261 | BK29: =BK28*BA29/BA28 -> 10717.261 | BN29: =BS29/12 -> 1211.6995 | BO29: =BT29/12 -> 1211.6995 | BP29: =BU29/12 -> 1211.6995 | BS29: =BS28*(1+P29) -> 14540.394 | BT29: =BT28*(1+Q29) -> 14540.394 | BU29: =BU28*(1+R29) -> 14540.394
B30: 2028 | C30: =DATE(B30,1,1) -> 46753 | F30: =F29*(1+P30) -> 1451.5283 | G30: =G29*(1+Q30) -> 1451.5283 | H30: =H29*(1+R30) -> 1451.5283 | K30: =F30*12 -> 17418.339 | L30: =G30*12 -> 17418.339 | M30: =H30*12 -> 17418.339 | P30: 0.0154 | Q30: 0.0154 | R30: 0.0154 | T30: 2028 | U30: =DATE(T30,1,1) -> 46753 | X30: =AC30/12 -> 778.07535 | Y30: =AD30/12 -> 778.07535 | Z30: =AE30/12 -> 778.07535 | AC30: =AC29*(1+P30) -> 9336.9042 | AD30: =AD29*(1+Q30) -> 9336.9042 | AE30: =AE29*(1+R30) -> 9336.9042 | AH30: =AH29*(1+P30) -> 929.97129 | AI30: =AI29*(1+Q30) -> 929.97129 | AJ30: =AJ29*(1+R30) -> 929.97129 | AM30: =AH30*12 -> 11159.656 | AN30: =AI30*12 -> 11159.656 | AO30: =AJ30*12 -> 11159.656 | AP30: =AQ30/12 -> 1413.1974 | AQ30: =AQ29*(1+Revalo_RB!$H89) -> 16958.369 | AT30: =AY30/12 -> 906.85894 | AU30: =AZ30/12 -> 906.85894 | AV30: =BA30/12 -> 906.85894 | AY30: =AY29*(1+P30) -> 10882.307 | AZ30: =AZ29*(1+Q30) -> 10882.307 | BA30: =BA29*(1+R30) -> 10882.307 | BD30: =AT30 -> 906.85894 | BE30: =AU30 -> 906.85894 | BF30: =AV30 -> 906.85894 | BI30: =BI29*AY30/AY29 -> 10882.307 | BJ30: =BJ29*AZ30/AZ29 -> 10882.307 | BK30: =BK29*BA30/BA29 -> 10882.307 | BN30: =BS30/12 -> 1230.3597 | BO30: =BT30/12 -> 1230.3597 | BP30: =BU30/12 -> 1230.3597 | BS30: =BS29*(1+P30) -> 14764.316 | BT30: =BT29*(1+Q30) -> 14764.316 | BU30: =BU29*(1+R30) -> 14764.316
B31: 2029 | C31: =DATE(B31,1,1) -> 47119 | F31: =F30*(1+P31) -> 1481.72 | G31: =G30*(1+Q31) -> 1481.72 | H31: =H30*(1+R31) -> 1481.72 | K31: =F31*12 -> 17780.641 | L31: =G31*12 -> 17780.641 | M31: =H31*12 -> 17780.641 | P31: 0.0208 | Q31: 0.0208 | R31: 0.0208 | T31: 2029 | U31: =DATE(T31,1,1) -> 47119 | X31: =AC31/12 -> 794.25931 | Y31: =AD31/12 -> 794.25931 | Z31: =AE31/12 -> 794.25931 | AC31: =AC30*(1+P31) -> 9531.1118 | AD31: =AD30*(1+Q31) -> 9531.1118 | AE31: =AE30*(1+R31) -> 9531.1118 | AH31: =AH30*(1+P31) -> 949.3147 | AI31: =AI30*(1+Q31) -> 949.3147 | AJ31: =AJ30*(1+R31) -> 949.3147 | AM31: =AH31*12 -> 11391.776 | AN31: =AI31*12 -> 11391.776 | AO31: =AJ31*12 -> 11391.776 | AP31: =AQ31/12 -> 1437.2218 | AQ31: =AQ30*(1+Revalo_RB!$H90) -> 17246.661 | AT31: =AY31/12 -> 925.72161 | AU31: =AZ31/12 -> 925.72161 | AV31: =BA31/12 -> 925.72161 | AY31: =AY30*(1+P31) -> 11108.659 | AZ31: =AZ30*(1+Q31) -> 11108.659 | BA31: =BA30*(1+R31) -> 11108.659 | BD31: =AT31 -> 925.72161 | BE31: =AU31 -> 925.72161 | BF31: =AV31 -> 925.72161 | BI31: =BI30*AY31/AY30 -> 11108.659 | BJ31: =BJ30*AZ31/AZ30 -> 11108.659 | BK31: =BK30*BA31/BA30 -> 11108.659 | BN31: =BS31/12 -> 1255.9512 | BO31: =BT31/12 -> 1255.9512 | BP31: =BU31/12 -> 1255.9512 | BS31: =BS30*(1+P31) -> 15071.414 | BT31: =BT30*(1+Q31) -> 15071.414 | BU31: =BU30*(1+R31) -> 15071.414
B32: 2030 | C32: =DATE(B32,1,1) -> 47484 | F32: =F31*(1+P32) -> 1507.8194 | G32: =G31*(1+Q32) -> 1506.7757 | H32: =H31*(1+R32) -> 1505.7319 | K32: =F32*12 -> 18093.833 | L32: =G32*12 -> 18081.308 | M32: =H32*12 -> 18068.783 | P32: 0.017614234 | Q32: 0.016909811 | R32: 0.016205388 | T32: 2030 | U32: =DATE(T32,1,1) -> 47484 | X32: =AC32/12 -> 808.24958 | Y32: =AD32/12 -> 807.69009 | Z32: =AE32/12 -> 807.13059 | AC32: =AC31*(1+P32) -> 9698.995 | AD32: =AD31*(1+Q32) -> 9692.2811 | AE32: =AE31*(1+R32) -> 9685.5671 | AH32: =AH31*(1+P32) -> 966.03615 | AI32: =AI31*(1+Q32) -> 965.36743 | AJ32: =AJ31*(1+R32) -> 964.69871 | AM32: =AH32*12 -> 11592.434 | AN32: =AI32*12 -> 11584.409 | AO32: =AJ32*12 -> 11576.385 | AP32: =AQ32/12 -> 1463.0918 | AQ32: =AQ31*(1+Revalo_RB!$H91) -> 17557.101 | AT32: =AY32/12 -> 942.02749 | AU32: =AZ32/12 -> 941.37539 | AV32: =BA32/12 -> 940.72329 | AY32: =AY31*(1+P32) -> 11304.33 | AZ32: =AZ31*(1+Q32) -> 11296.505 | BA32: =BA31*(1+R32) -> 11288.679 | BD32: =AT32 -> 942.02749 | BE32: =AU32 -> 941.37539 | BF32: =AV32 -> 940.72329 | BI32: =BI31*AY32/AY31 -> 11304.33 | BJ32: =BJ31*AZ32/AZ31 -> 11296.505 | BK32: =BK31*BA32/BA31 -> 11288.679 | BN32: =BS32/12 -> 1278.0738 | BO32: =BT32/12 -> 1277.1891 | BP32: =BU32/12 -> 1276.3043 | BS32: =BS31*(1+P32) -> 15336.885 | BT32: =BT31*(1+Q32) -> 15326.269 | BU32: =BU31*(1+R32) -> 15315.652
B33: 2031 | C33: =DATE(B33,1,1) -> 47849 | F33: =F32*(1+P33) -> 1535.8955 | G33: =G32*(1+Q33) -> 1533.4171 | H33: =H32*(1+R33) -> 1530.9406 | K33: =F33*12 -> 18430.746 | L33: =G33*12 -> 18401.005 | M33: =H33*12 -> 18371.288 | P33: 0.018620311 | Q33: 0.01768108 | R33: 0.016741849 | T33: 2031 | U33: =DATE(T33,1,1) -> 47849 | X33: =AC33/12 -> 823.29944 | Y33: =AD33/12 -> 821.97092 | Z33: =AE33/12 -> 820.64345 | AC33: =AC32*(1+P33) -> 9879.5933 | AD33: =AD32*(1+Q33) -> 9863.6511 | AE33: =AE32*(1+R33) -> 9847.7214 | AH33: =AH32*(1+P33) -> 984.02404 | AI33: =AI32*(1+Q33) -> 982.43617 | AJ33: =AJ32*(1+R33) -> 980.84955 | AM33: =AH33*12 -> 11808.288 | AN33: =AI33*12 -> 11789.234 | AO33: =AJ33*12 -> 11770.195 | AP33: =AQ33/12 -> 1488.6959 | AQ33: =AQ32*(1+Revalo_RB!$H92) -> 17864.35 | AT33: =AY33/12 -> 959.56833 | AU33: =AZ33/12 -> 958.01992 | AV33: =BA33/12 -> 956.47273 | AY33: =AY32*(1+P33) -> 11514.82 | AZ33: =AZ32*(1+Q33) -> 11496.239 | BA33: =BA32*(1+R33) -> 11477.673 | BD33: =AT33 -> 959.56833 | BE33: =AU33 -> 958.01992 | BF33: =AV33 -> 956.47273 | BI33: =BI32*AY33/AY32 -> 11514.82 | BJ33: =BJ32*AZ33/AZ32 -> 11496.239 | BK33: =BK32*BA33/BA32 -> 11477.673 | BN33: =BS33/12 -> 1301.8719 | BO33: =BT33/12 -> 1299.7712 | BP33: =BU33/12 -> 1297.672 | BS33: =BS32*(1+P33) -> 15622.463 | BT33: =BT32*(1+Q33) -> 15597.254 | BU33: =BU32*(1+R33) -> 15572.065
B34: 2032 | C34: =DATE(B34,1,1) -> 48214 | F34: =F33*(1+P34) -> 1566.0396 | G34: =G33*(1+Q34) -> 1561.7122 | H34: =H33*(1+R34) -> 1557.3927 | K34: =F34*12 -> 18792.475 | L34: =G34*12 -> 18740.547 | M34: =H34*12 -> 18688.712 | P34: 0.019626387 | Q34: 0.018452349 | R34: 0.01727831 | T34: 2032 | U34: =DATE(T34,1,1) -> 48214 | X34: =AC34/12 -> 839.45784 | Y34: =AD34/12 -> 837.13822 | Z34: =AE34/12 -> 834.82279 | AC34: =AC33*(1+P34) -> 10073.494 | AD34: =AD33*(1+Q34) -> 10045.659 | AE34: =AE33*(1+R34) -> 10017.873 | AH34: =AH33*(1+P34) -> 1003.3369 | AI34: =AI33*(1+Q34) -> 1000.5644 | AJ34: =AJ33*(1+R34) -> 997.79697 | AM34: =AH34*12 -> 12040.043 | AN34: =AI34*12 -> 12006.773 | AO34: =AJ34*12 -> 11973.564 | AP34: =AQ34/12 -> 1514.748 | AQ34: =AQ33*(1+Revalo_RB!$H93) -> 18176.977 | AT34: =AY34/12 -> 978.40119 | AU34: =AZ34/12 -> 975.69764 | AV34: =BA34/12 -> 972.99897 | AY34: =AY33*(1+P34) -> 11740.814 | AZ34: =AZ33*(1+Q34) -> 11708.372 | BA34: =BA33*(1+R34) -> 11675.988 | BD34: =AT34 -> 978.40119 | BE34: =AU34 -> 975.69764 | BF34: =AV34 -> 972.99897 | BI34: =BI33*AY34/AY33 -> 11740.814 | BJ34: =BJ33*AZ34/AZ33 -> 11708.372 | BK34: =BK33*BA34/BA33 -> 11675.988 | BN34: =BS34/12 -> 1327.423 | BO34: =BT34/12 -> 1323.755 | BP34: =BU34/12 -> 1320.0936 | BS34: =BS33*(1+P34) -> 15929.076 | BT34: =BT33*(1+Q34) -> 15885.06 | BU34: =BU33*(1+R34) -> 15841.123
B35: 2033 | C35: =DATE(B35,1,1) -> 48580 | F35: =F34*(1+P35) -> 1598.3508 | G35: =G34*(1+Q35) -> 1591.734 | H35: =H34*(1+R35) -> 1585.1373 | K35: =F35*12 -> 19180.21 | L35: =G35*12 -> 19100.808 | M35: =H35*12 -> 19021.648 | P35: 0.020632464 | Q35: 0.019223618 | R35: 0.017814772 | T35: 2033 | U35: =DATE(T35,1,1) -> 48580 | X35: =AC35/12 -> 856.77792 | Y35: =AD35/12 -> 853.23104 | Z35: =AE35/12 -> 849.69496 | AC35: =AC34*(1+P35) -> 10281.335 | AD35: =AD34*(1+Q35) -> 10238.773 | AE35: =AE34*(1+R35) -> 10196.34 | AH35: =AH34*(1+P35) -> 1024.0382 | AI35: =AI34*(1+Q35) -> 1019.7989 | AJ35: =AJ34*(1+R35) -> 1015.5725 | AM35: =AH35*12 -> 12288.458 | AN35: =AI35*12 -> 12237.587 | AO35: =AJ35*12 -> 12186.87 | AP35: =AQ35/12 -> 1541.2561 | AQ35: =AQ34*(1+Revalo_RB!$H94) -> 18495.074 | AT35: =AY35/12 -> 998.58802 | AU35: =AZ35/12 -> 994.45408 | AV35: =BA35/12 -> 990.33272 | AY35: =AY34*(1+P35) -> 11983.056 | AZ35: =AZ34*(1+Q35) -> 11933.449 | BA35: =BA34*(1+R35) -> 11883.993 | BD35: =AT35 -> 998.58802 | BE35: =AU35 -> 994.45408 | BF35: =AV35 -> 990.33272 | BI35: =BI34*AY35/AY34 -> 11983.056 | BJ35: =BJ34*AZ35/AZ34 -> 11933.449 | BK35: =BK34*BA35/BA34 -> 11883.993 | BN35: =BS35/12 -> 1354.811 | BO35: =BT35/12 -> 1349.2023 | BP35: =BU35/12 -> 1343.6108 | BS35: =BS34*(1+P35) -> 16257.732 | BT35: =BT34*(1+Q35) -> 16190.428 | BU35: =BU34*(1+R35) -> 16123.329
B36: 2034 | C36: =DATE(B36,1,1) -> 48945 | F36: =F35*(1+P36) -> 1632.9368 | G36: =G35*(1+Q36) -> 1623.5605 | H36: =H35*(1+R36) -> 1614.2265 | K36: =F36*12 -> 19595.241 | L36: =G36*12 -> 19482.726 | M36: =H36*12 -> 19370.718 | P36: 0.02163854 | Q36: 0.019994887 | R36: 0.018351233 | T36: 2034 | U36: =DATE(T36,1,1) -> 48945 | X36: =AC36/12 -> 875.31734 | Y36: =AD36/12 -> 870.2913 | Z36: =AE36/12 -> 865.28791 | AC36: =AC35*(1+P36) -> 10503.808 | AD36: =AD35*(1+Q36) -> 10443.496 | AE36: =AE35*(1+R36) -> 10383.455 | AH36: =AH35*(1+P36) -> 1046.1969 | AI36: =AI35*(1+Q36) -> 1040.1897 | AJ36: =AJ35*(1+R36) -> 1034.2095 | AM36: =AH36*12 -> 12554.363 | AN36: =AI36*12 -> 12482.276 | AO36: =AJ36*12 -> 12410.514 | AP36: =AQ36/12 -> 1568.2281 | AQ36: =AQ35*(1+Revalo_RB!$H95) -> 18818.737 | AT36: =AY36/12 -> 1020.196 | AU36: =AZ36/12 -> 1014.3381 | AV36: =BA36/12 -> 1008.5065 | AY36: =AY35*(1+P36) -> 12242.352 | AZ36: =AZ35*(1+Q36) -> 12172.057 | BA36: =BA35*(1+R36) -> 12102.079 | BD36: =AT36 -> 1020.196 | BE36: =AU36 -> 1014.3381 | BF36: =AV36 -> 1008.5065 | BI36: =BI35*AY36/AY35 -> 12242.352 | BJ36: =BJ35*AZ36/AZ35 -> 12172.057 | BK36: =BK35*BA36/BA35 -> 12102.079 | BN36: =BS36/12 -> 1384.1271 | BO36: =BT36/12 -> 1376.1795 | BP36: =BU36/12 -> 1368.2677 | BS36: =BS35*(1+P36) -> 16609.525 | BT36: =BT35*(1+Q36) -> 16514.154 | BU36: =BU35*(1+R36) -> 16419.212
B37: 2035 | C37: =DATE(B37,1,1) -> 49310 | F37: =F36*(1+P37) -> 1669.914 | G37: =G36*(1+Q37) -> 1657.2756 | H37: =H36*(1+R37) -> 1644.7155 | K37: =F37*12 -> 20038.968 | L37: =G37*12 -> 19887.308 | M37: =H37*12 -> 19736.586 | P37: 0.022644617 | Q37: 0.020766156 | R37: 0.018887694 | T37: 2035 | U37: =DATE(T37,1,1) -> 49310 | X37: =AC37/12 -> 895.13857 | Y37: =AD37/12 -> 888.3639 | Z37: =AE37/12 -> 881.63121 | AC37: =AC36*(1+P37) -> 10741.663 | AD37: =AD36*(1+Q37) -> 10660.367 | AE37: =AE36*(1+R37) -> 10579.574 | AH37: =AH36*(1+P37) -> 1069.8876 | AI37: =AI36*(1+Q37) -> 1061.7904 | AJ37: =AJ36*(1+R37) -> 1053.7433 | AM37: =AH37*12 -> 12838.651 | AN37: =AI37*12 -> 12741.485 | AO37: =AJ37*12 -> 12644.92 | AP37: =AQ37/12 -> 1595.6721 | AQ37: =AQ36*(1+Revalo_RB!$H96) -> 19148.065 | AT37: =AY37/12 -> 1043.298 | AU37: =AZ37/12 -> 1035.402 | AV37: =BA37/12 -> 1027.5549 | AY37: =AY36*(1+P37) -> 12519.575 | AZ37: =AZ36*(1+Q37) -> 12424.824 | BA37: =BA36*(1+R37) -> 12330.659 | BD37: =AT37 -> 1043.298 | BE37: =AU37 -> 1035.402 | BF37: =AV37 -> 1027.5549 | BI37: =BI36*AY37/AY36 -> 12519.575 | BJ37: =BJ36*AZ37/AZ36 -> 12424.824 | BK37: =BK36*BA37/BA36 -> 12330.659 | BN37: =BS37/12 -> 1415.4701 | BO37: =BT37/12 -> 1404.7574 | BP37: =BU37/12 -> 1394.1111 | BS37: =BS36*(1+P37) -> 16985.642 | BT37: =BT36*(1+Q37) -> 16857.089 | BU37: =BU36*(1+R37) -> 16729.334
B38: 2036 | C38: =DATE(B38,1,1) -> 49675 | F38: =F37*(1+P38) -> 1709.4086 | G38: =G37*(1+Q38) -> 1692.9691 | H38: =H37*(1+R38) -> 1676.6627 | K38: =F38*12 -> 20512.904 | L38: =G38*12 -> 20315.629 | M38: =H38*12 -> 20119.953 | P38: 0.023650694 | Q38: 0.021537424 | R38: 0.019424155 | T38: 2036 | U38: =DATE(T38,1,1) -> 49675 | X38: =AC38/12 -> 916.30922 | Y38: =AD38/12 -> 907.49697 | Z38: =AE38/12 -> 898.75615 | AC38: =AC37*(1+P38) -> 10995.711 | AD38: =AD37*(1+Q38) -> 10889.964 | AE38: =AE37*(1+R38) -> 10785.074 | AH38: =AH37*(1+P38) -> 1095.1912 | AI38: =AI37*(1+Q38) -> 1084.6586 | AJ38: =AJ37*(1+R38) -> 1074.2114 | AM38: =AH38*12 -> 13142.294 | AN38: =AI38*12 -> 13015.903 | AO38: =AJ38*12 -> 12890.537 | AP38: =AQ38/12 -> 1623.5964 | AQ38: =AQ37*(1+Revalo_RB!$H97) -> 19483.156 | AT38: =AY38/12 -> 1067.9727 | AU38: =AZ38/12 -> 1057.7019 | AV38: =BA38/12 -> 1047.5143 | AY38: =AY37*(1+P38) -> 12815.672 | AZ38: =AZ37*(1+Q38) -> 12692.422 | BA38: =BA37*(1+R38) -> 12570.172 | BD38: =AT38 -> 1067.9727 | BE38: =AU38 -> 1057.7019 | BF38: =AV38 -> 1047.5143 | BI38: =BI37*AY38/AY37 -> 12815.672 | BJ38: =BJ37*AZ38/AZ37 -> 12692.422 | BK38: =BK37*BA38/BA37 -> 12570.172 | BN38: =BS38/12 -> 1448.947 | BO38: =BT38/12 -> 1435.0123 | BP38: =BU38/12 -> 1421.1906 | BS38: =BS37*(1+P38) -> 17387.364 | BT38: =BT37*(1+Q38) -> 17220.148 | BU38: =BU37*(1+R38) -> 17054.287
B39: 2037 | C39: =DATE(B39,1,1) -> 50041 | F39: =F38*(1+P39) -> 1751.5571 | G39: =G38*(1+Q39) -> 1730.737 | H39: =H38*(1+R39) -> 1710.13 | K39: =F39*12 -> 21018.686 | L39: =G39*12 -> 20768.844 | M39: =H39*12 -> 20521.56 | P39: 0.02465677 | Q39: 0.022308693 | R39: 0.019960616 | T39: 2037 | U39: =DATE(T39,1,1) -> 50041 | X39: =AC39/12 -> 938.90244 | Y39: =AD39/12 -> 927.74205 | Z39: =AE39/12 -> 916.69587 | AC39: =AC38*(1+P39) -> 11266.829 | AD39: =AD38*(1+Q39) -> 11132.905 | AE39: =AE38*(1+R39) -> 11000.35 | AH39: =AH38*(1+P39) -> 1122.1951 | AI39: =AI38*(1+Q39) -> 1108.8559 | AJ39: =AJ38*(1+R39) -> 1095.6533 | AM39: =AH39*12 -> 13466.341 | AN39: =AI39*12 -> 13306.271 | AO39: =AJ39*12 -> 13147.84 | AP39: =AQ39/12 -> 1652.0093 | AQ39: =AQ38*(1+Revalo_RB!$H98) -> 19824.112 | AT39: =AY39/12 -> 1094.3054 | AU39: =AZ39/12 -> 1081.2978 | AV39: =BA39/12 -> 1068.4233 | AY39: =AY38*(1+P39) -> 13131.665 | AZ39: =AZ38*(1+Q39) -> 12975.574 | BA39: =BA38*(1+R39) -> 12821.08 | BD39: =AT39 -> 1094.3054 | BE39: =AU39 -> 1081.2978 | BF39: =AV39 -> 1068.4233 | BI39: =BI38*AY39/AY38 -> 13131.665 | BJ39: =BJ38*AZ39/AZ38 -> 12975.574 | BK39: =BK38*BA39/BA38 -> 12821.08 | BN39: =BS39/12 -> 1484.6733 | BO39: =BT39/12 -> 1467.0256 | BP39: =BU39/12 -> 1449.5584 | BS39: =BS38*(1+P39) -> 17816.08 | BT39: =BT38*(1+Q39) -> 17604.307 | BU39: =BU38*(1+R39) -> 17394.701
B40: 2038 | C40: =DATE(B40,1,1) -> 50406 | F40: =F39*(1+P40) -> 1796.5071 | G40: =G39*(1+Q40) -> 1770.6824 | H40: =H39*(1+R40) -> 1745.1826 | K40: =F40*12 -> 21558.085 | L40: =G40*12 -> 21248.188 | M40: =H40*12 -> 20942.192 | P40: 0.025662847 | Q40: 0.023079962 | R40: 0.020497078 | T40: 2038 | U40: =DATE(T40,1,1) -> 50406 | X40: =AC40/12 -> 962.99735 | Y40: =AD40/12 -> 949.1543 | Z40: =AE40/12 -> 935.48546 | AC40: =AC39*(1+P40) -> 11555.968 | AD40: =AD39*(1+Q40) -> 11389.852 | AE40: =AE39*(1+R40) -> 11225.826 | AH40: =AH39*(1+P40) -> 1150.9938 | AI40: =AI39*(1+Q40) -> 1134.4483 | AJ40: =AJ39*(1+R40) -> 1118.111 | AM40: =AH40*12 -> 13811.925 | AN40: =AI40*12 -> 13613.38 | AO40: =AJ40*12 -> 13417.332 | AP40: =AQ40/12 -> 1680.9195 | AQ40: =AQ39*(1+Revalo_RB!$H99) -> 20171.034 | AT40: =AY40/12 -> 1122.3884 | AU40: =AZ40/12 -> 1106.2541 | AV40: =BA40/12 -> 1090.3229 | AY40: =AY39*(1+P40) -> 13468.661 | AZ40: =AZ39*(1+Q40) -> 13275.049 | BA40: =BA39*(1+R40) -> 13083.875 | BD40: =AT40 -> 1122.3884 | BE40: =AU40 -> 1106.2541 | BF40: =AV40 -> 1090.3229 | BI40: =BI39*AY40/AY39 -> 13468.661 | BJ40: =BJ39*AZ40/AZ39 -> 13275.049 | BK40: =BK39*BA40/BA39 -> 13083.875 | BN40: =BS40/12 -> 1522.7743 | BO40: =BT40/12 -> 1500.8844 | BP40: =BU40/12 -> 1479.2701 | BS40: =BS39*(1+P40) -> 18273.291 | BT40: =BT39*(1+Q40) -> 18010.613 | BU40: =BU39*(1+R40) -> 17751.241
... B72: 2070 | C72: =DATE(B72,1,1) -> 62094 | F72: =F71*(1+P72) -> 4299.2123 | G72: =G71*(1+Q72) -> 3853.5239 | H72: =H71*(1+R72) -> 3452.9711 | K72: =F72*12 -> 51590.548 | L72: =G72*12 -> 46242.287 | M72: =H72*12 -> 41435.653 | P72: 0.027675 | Q72: 0.0246225 | R72: 0.02157 | T72: 2070 | U72: =DATE(T72,1,1) -> 62094 | X72: =AC72/12 -> 2304.5443 | Y72: =AD72/12 -> 2065.638 | Z72: =AE72/12 -> 1850.9262 | AC72: =AC71*(1+P72) -> 27654.531 | AD72: =AD71*(1+Q72) -> 24787.656 | AE72: =AE71*(1+R72) -> 22211.114 | AH72: =AH71*(1+P72) -> 2754.4376 | AI72: =AI71*(1+Q72) -> 2468.8921 | AJ72: =AJ71*(1+R72) -> 2212.2642 | AM72: =AH72*12 -> 33053.251 | AN72: =AI72*12 -> 29626.705 | AO72: =AJ72*12 -> 26547.17 | AP72: =AQ72/12 -> 2928.5206 | AQ72: =AQ71*(1+Revalo_RB!$H131) -> 35142.247 | AT72: =AY72/12 -> 2685.9822 | AU72: =AZ72/12 -> 2407.5333 | AV72: =BA72/12 -> 2157.2833 | AY72: =AY71*(1+P72) -> 32231.787 | AZ72: =AZ71*(1+Q72) -> 28890.4 | BA72: =BA71*(1+R72) -> 25887.4 | BD72: =AT72 -> 2685.9822 | BE72: =AU72 -> 2407.5333 | BF72: =AV72 -> 2157.2833 | BI72: =BI71*AY72/AY71 -> 32231.787 | BJ72: =BJ71*AZ72/AZ71 -> 28890.4 | BK72: =BK71*BA72/BA71 -> 25887.4 | BN72: =BS72/12 -> 3644.1437 | BO72: =BT72/12 -> 3266.3646 | BP72: =BU72/12 -> 2926.8438 | BS72: =BS71*(1+P72) -> 43729.724 | BT72: =BT71*(1+Q72) -> 39196.375 | BU72: =BU71*(1+R72) -> 35122.125
BC73: * Montant porté au niveau de la PMR1 depuis 2022 | BU73: *Montant porté à 85% du SMIC depuis le 1er novembre 2021

Sheet Prix_HT
B1: Évolution des prix à la consommation hors tabac pour revalorisations
B4: Année | C4: Évolution
E5: Sc_1,0% | F5: Sc_0,7% | G5: Sc_0,4%
B6: 2014
B7: 2015 | E7: 0 | F7: 0 | G7: 0
B8: 2016 | E8: 0.002 | F8: 0.002 | G8: 0.002
B9: 2017 | E9: 0.01 | F9: 0.01 | G9: 0.01
B10: 2018 | E10: 0.016 | F10: 0.016 | G10: 0.016
B11: 2019 | E11: 0.009 | F11: 0.009 | G11: 0.009
B12: 2020 | E12: 0.002071923 | F12: 0.002071923 | G12: 0.002071923
B13: 2021 | E13: 0.015539349 | F13: 0.015539349 | G13: 0.015539349
B14: 2022 | E14: 0.05344897 | F14: 0.05344897 | G14: 0.05344897
B15: 2023 | E15: 0.048223892 | F15: 0.048223892 | G15: 0.048223892
B16: 2024 | E16: 0.018487947 | F16: 0.018487947 | G16: 0.018487947
B17: 2025 | E17: 0.0088832131 | F17: 0.0088832131 | G17: 0.0088832131
B18: 2026 | E18: 0.019112307 | F18: 0.019112307 | G18: 0.019112307
... B52: 2060 | E52: 0.0175 | F52: 0.0175 | G52: 0.0175
B53: =B52+1 -> 2061 | E53: 0.0175 | F53: 0.0175 | G53: 0.0175
B54: =B53+1 -> 2062 | E54: 0.0175 | F54: 0.0175 | G54: 0.0175
B55: =B54+1 -> 2063 | E55: 0.0175 | F55: 0.0175 | G55: 0.0175
B56: =B55+1 -> 2064 | E56: 0.0175 | F56: 0.0175 | G56: 0.0175
B57: =B56+1 -> 2065 | E57: 0.0175 | F57: 0.0175 | G57: 0.0175
B58: =B57+1 -> 2066 | E58: 0.0175 | F58: 0.0175 | G58: 0.0175
B59: =B58+1 -> 2067 | E59: 0.0175 | F59: 0.0175 | G59: 0.0175
B60: =B59+1 -> 2068 | E60: 0.0175 | F60: 0.0175 | G60: 0.0175
B61: =B60+1 -> 2069 | E61: 0.0175 | F61: 0.0175 | G61: 0.0175
B62: =B61+1 -> 2070 | E62: 0.0175 | F62: 0.0175 | G62: 0.0175

Sheet Sal_valid
B1: Salaire validant 1 trimestre (en moyenne annuelle)
B2: Source : legislation.cnav
B4: Année | C4: Salaire nominal | H4: Salaire réel (2016) | M4: Évolution en nominal | R4: Évolution en réel
E5: Sc_1,0% | F5: Sc_0,7% | G5: Sc_0,4% | J5: Sc_1,0% | K5: Sc_0,7% | L5: Sc_0,4% | O5: Sc_1,0% | P5: Sc_0,7% | Q5: Sc_0,4% | T5: Sc_1,0% | U5: Sc_0,7% | V5: Sc_0,4%
B6: 1949 | E6: 12.958166 | F6: 12.958166 | G6: 12.958166 | J6: 261.19701 | K6: 261.19701 | L6: 261.19701
B7: 1950 | E7: 17.150514 | F7: 17.150514 | G7: 17.150514 | J7: 314.10211 | K7: 314.10211 | L7: 314.10211 | O7: =E7/E6-1 -> 0.32352941 | P7: =F7/F6-1 -> 0.32352941 | Q7: =G7/G6-1 -> 0.32352941 | T7: =J7/J6-1 -> 0.20254866 | U7: =K7/K6-1 -> 0.20254866 | V7: =L7/L6-1 -> 0.20254866
B8: 1951 | E8: 19.818372 | F8: 19.818372 | G8: 19.818372 | J8: 312.66213 | K8: 312.66213 | L8: 312.66213 | O8: =E8/E7-1 -> 0.15555556 | P8: =F8/F7-1 -> 0.15555556 | Q8: =G8/G7-1 -> 0.15555556 | T8: =J8/J7-1 -> -0.0045844269 | U8: =K8/K7-1 -> -0.0045844269 | V8: =L8/L7-1 -> -0.0045844269
B9: 1952 | E9: 22.791128 | F9: 22.791128 | G9: 22.791128 | J9: 321.12732 | K9: 321.12732 | L9: 321.12732 | O9: =E9/E8-1 -> 0.15 | P9: =F9/F8-1 -> 0.15 | Q9: =G9/G8-1 -> 0.15 | T9: =J9/J8-1 -> 0.027074543 | U9: =K9/K8-1 -> 0.027074543 | V9: =L9/L8-1 -> 0.027074543
B10: 1953 | E10: 22.791128 | F10: 22.791128 | G10: 22.791128 | J10: 326.64023 | K10: 326.64023 | L10: 326.64023 | O10: =E10/E9-1 -> 0 | P10: =F10/F9-1 -> 0 | Q10: =G10/G9-1 -> 0 | T10: =J10/J9-1 -> 0.017167382 | U10: =K10/K9-1 -> 0.017167382 | V10: =L10/L9-1 -> 0.017167382
B11: 1954 | E11: 25.077863 | F11: 25.077863 | G11: 25.077863 | J11: 357.87754 | K11: 357.87754 | L11: 357.87754 | O11: =E11/E10-1 -> 0.10033445 | P11: =F11/F10-1 -> 0.10033445 | Q11: =G11/G10-1 -> 0.10033445 | T11: =J11/J10-1 -> 0.095632164 | U11: =K11/K10-1 -> 0.095632164 | V11: =L11/L10-1 -> 0.095632164
B12: 1955 | E12: 25.077863 | F12: 25.077863 | G12: 25.077863 | J12: 354.3442 | K12: 354.3442 | L12: 354.3442 | O12: =E12/E11-1 -> 0 | P12: =F12/F11-1 -> 0 | Q12: =G12/G11-1 -> 0 | T12: =J12/J11-1 -> -0.0098730606 | U12: =K12/K11-1 -> -0.0098730606 | V12: =L12/L11-1 -> -0.0098730606
B13: 1956 | E13: 27.58565 | F13: 27.58565 | G13: 27.58565 | J13: 374.46211 | K13: 374.46211 | L13: 374.46211 | O13: =E13/E12-1 -> 0.1 | P13: =F13/F12-1 -> 0.1 | Q13: =G13/G12-1 -> 0.1 | T13: =J13/J12-1 -> 0.056775068 | U13: =K13/K12-1 -> 0.056775068 | V13: =L13/L12-1 -> 0.056775068
B14: 1957 | E14: 27.58565 | F14: 27.58565 | G14: 27.58565 | J14: 363.1446 | K14: 363.1446 | L14: 363.1446 | O14: =E14/E13-1 -> 0 | P14: =F14/F13-1 -> 0 | Q14: =G14/G13-1 -> 0 | T14: =J14/J13-1 -> -0.03022339 | U14: =K14/K13-1 -> -0.03022339 | V14: =L14/L13-1 -> -0.03022339
B15: 1958 | E15: 27.58565 | F15: 27.58565 | G15: 27.58565 | J15: 315.83204 | K15: 315.83204 | L15: 315.83204 | O15: =E15/E14-1 -> 0 | P15: =F15/F14-1 -> 0 | Q15: =G15/G14-1 -> 0 | T15: =J15/J14-1 -> -0.13028571 | U15: =K15/K14-1 -> -0.13028571 | V15: =L15/L14-1 -> -0.13028571
B16: 1959 | E16: 27.58565 | F16: 27.58565 | G16: 27.58565 | J16: 297.47367 | K16: 297.47367 | L16: 297.47367 | O16: =E16/E15-1 -> 0 | P16: =F16/F15-1 -> 0 | Q16: =G16/G15-1 -> 0 | T16: =J16/J15-1 -> -0.058127018 | U16: =K16/K15-1 -> -0.058127018 | V16: =L16/L15-1 -> -0.058127018
B17: 1960 | E17: 27.58565 | F17: 27.58565 | G17: 27.58565 | J17: 286.97096 | K17: 286.97096 | L17: 286.97096 | O17: =E17/E16-1 -> 0 | P17: =F17/F16-1 -> 0 | Q17: =G17/G16-1 -> 0 | T17: =J17/J16-1 -> -0.035306334 | U17: =K17/K16-1 -> -0.035306334 | V17: =L17/L16-1 -> -0.035306334
B18: 1961 | E18: 27.58565 | F18: 27.58565 | G18: 27.58565 | J18: 277.74175 | K18: 277.74175 | L18: 277.74175 | O18: =E18/E17-1 -> 0 | P18: =F18/F17-1 -> 0 | Q18: =G18/G17-1 -> 0 | T18: =J18/J17-1 -> -0.032160804 | U18: =K18/K17-1 -> -0.032160804 | V18: =L18/L17-1 -> -0.032160804
... B70: 2013 | E70: 1886 | F70: 1886 | G70: 1886 | J70: 1899.6529 | K70: 1899.6529 | L70: 1899.6529 | O70: =E70/E69-1 -> 0.022776573 | P70: =F70/F69-1 -> 0.022776573 | Q70: =G70/G69-1 -> 0.022776573 | T70: =J70/J69-1 -> 0.013932939 | U70: =K70/K69-1 -> 0.013932939 | V70: =L70/L69-1 -> 0.013932939
B71: 2014 | E71: 1429.5 | F71: 1429.5 | G71: 1429.5 | J71: 1432.6462 | K71: 1432.6462 | L71: 1432.6462 | O71: =E71/E70-1 -> -0.24204666 | P71: =F71/F70-1 -> -0.24204666 | Q71: =G71/G70-1 -> -0.24204666 | T71: =J71/J70-1 -> -0.24583794 | U71: =K71/K70-1 -> -0.24583794 | V71: =L71/L70-1 -> -0.24583794 | W71: Passage à 150h Smic
B72: 2015 | E72: 1441.5 | F72: 1441.5 | G72: 1441.5 | J72: 1444.0947 | K72: 1444.0947 | L72: 1444.0947 | O72: =E72/E71-1 -> 0.0083945435 | P72: =F72/F71-1 -> 0.0083945435 | Q72: =G72/G71-1 -> 0.0083945435 | T72: =J72/J71-1 -> 0.0079911857 | U72: =K72/K71-1 -> 0.0079911857 | V72: =L72/L71-1 -> 0.0079911857
B73: 2016 | E73: 1450.5 | F73: 1450.5 | G73: 1450.5 | J73: 1450.5 | K73: 1450.5 | L73: 1450.5 | O73: =E73/E72-1 -> 0.0062434964 | P73: =F73/F72-1 -> 0.0062434964 | Q73: =G73/G72-1 -> 0.0062434964 | T73: =J73/J72-1 -> 0.0044355124 | U73: =K73/K72-1 -> 0.0044355124 | V73: =L73/L72-1 -> 0.0044355124
B74: 2017 | E74: 1464 | F74: 1464 | G74: 1464 | J74: 1448.9579 | K74: 1448.9579 | L74: 1448.9579 | O74: =E74/E73-1 -> 0.0093071355 | P74: =F74/F73-1 -> 0.0093071355 | Q74: =G74/G73-1 -> 0.0093071355 | T74: =J74/J73-1 -> -0.0010631414 | U74: =K74/K73-1 -> -0.0010631414 | V74: =L74/L73-1 -> -0.0010631414
B75: 2018 | E75: 1482 | F75: 1482 | G75: 1482 | J75: 1440.1665 | K75: 1440.1665 | L75: 1440.1665 | O75: =E75/E74-1 -> 0.012295082 | P75: =F75/F74-1 -> 0.012295082 | Q75: =G75/G74-1 -> 0.012295082 | T75: =J75/J74-1 -> -0.0060674343 | U75: =K75/K74-1 -> -0.0060674343 | V75: =L75/L74-1 -> -0.0060674343
B76: 2019 | E76: 1504.5 | F76: 1504.5 | G76: 1504.5 | J76: 1446.0406 | K76: 1446.0406 | L76: 1446.0406 | O76: =E76/E75-1 -> 0.015182186 | P76: =F76/F75-1 -> 0.015182186 | Q76: =G76/G75-1 -> 0.015182186 | T76: =J76/J75-1 -> 0.0040787833 | U76: =K76/K75-1 -> 0.0040787833 | V76: =L76/L75-1 -> 0.0040787833
B77: 2020 | E77: 1522.5 | F77: 1522.5 | G77: 1522.5 | J77: 1456.3549 | K77: 1456.3549 | L77: 1456.3549 | O77: =E77/E76-1 -> 0.011964108 | P77: =F77/F76-1 -> 0.011964108 | Q77: =G77/G76-1 -> 0.011964108 | T77: =J77/J76-1 -> 0.0071328076 | U77: =K77/K76-1 -> 0.0071328076 | V77: =L77/L76-1 -> 0.0071328076
B78: 2021 | E78: 1537.5 | F78: 1537.5 | G78: 1537.5 | J78: 1446.9399 | K78: 1446.9399 | L78: 1446.9399 | O78: =E78/E77-1 -> 0.0098522167 | P78: =F78/F77-1 -> 0.0098522167 | Q78: =G78/G77-1 -> 0.0098522167 | T78: =J78/J77-1 -> -0.0064647942 | U78: =K78/K77-1 -> -0.0064647942 | V78: =L78/L77-1 -> -0.0064647942
B79: 2022 | E79: 1585.5 | F79: 1585.5 | G79: 1585.5 | J79: 1418.0465 | K79: 1418.0465 | L79: 1418.0465 | O79: =E79/E78-1 -> 0.031219512 | P79: =F79/F78-1 -> 0.031219512 | Q79: =G79/G78-1 -> 0.031219512 | T79: =J79/J78-1 -> -0.0199686 | U79: =K79/K78-1 -> -0.0199686 | V79: =L79/L78-1 -> -0.0199686
B80: 2023 | E80: 1690.5 | F80: 1690.5 | G80: 1690.5 | J80: 1441.6812 | K80: 1441.6812 | L80: 1441.6812 | O80: =E80/E79-1 -> 0.066225166 | P80: =F80/F79-1 -> 0.066225166 | Q80: =G80/G79-1 -> 0.066225166 | T80: =J80/J79-1 -> 0.016667071 | U80: =K80/K79-1 -> 0.016667071 | V80: =L80/L79-1 -> 0.016667071
B81: 2024 | E81: 1747.5 | F81: 1747.5 | G81: 1747.5 | J81: 1461.0628 | K81: 1461.0628 | L81: 1461.0628 | O81: =E81/E80-1 -> 0.033717835 | P81: =F81/F80-1 -> 0.033717835 | Q81: =G81/G80-1 -> 0.033717835 | T81: =J81/J80-1 -> 0.013443783 | U81: =K81/K80-1 -> 0.013443783 | V81: =L81/L80-1 -> 0.013443783
B82: 2025 | E82: 1782 | F82: 1782 | G82: 1782 | J82: 1475.9881 | K82: 1475.9881 | L82: 1475.9881 | O82: =E82/E81-1 -> 0.019742489 | P82: =F82/F81-1 -> 0.019742489 | Q82: =G82/G81-1 -> 0.019742489 | T82: =J82/J81-1 -> 0.010215337 | U82: =K82/K81-1 -> 0.010215337 | V82: =L82/L81-1 -> 0.010215337
B83: 2026 | E83: 1803 | F83: 1803 | G83: 1803 | J83: 1465.9683 | K83: 1465.9683 | L83: 1465.9683 | O83: =E83/E82-1 -> 0.011784512 | P83: =F83/F82-1 -> 0.011784512 | Q83: =G83/G82-1 -> 0.011784512 | T83: =J83/J82-1 -> -0.0067885425 | U83: =K83/K82-1 -> -0.0067885425 | V83: =L83/L82-1 -> -0.0067885425
B84: 2027 | E84: =E83*(1+O84) -> 1826.7996 | F84: =F83*(1+P84) -> 1826.7996 | G84: =G83*(1+Q84) -> 1826.7996 | J84: 1461.7843 | K84: 1461.7843 | L84: 1461.7843 | O84: 0.0132 | P84: 0.0132 | Q84: 0.0132 | T84: =J84/J83-1 -> -0.0028540498 | U84: =K84/K83-1 -> -0.0028540498 | V84: =L84/L83-1 -> -0.0028540498
B85: 2028 | E85: =E84*(1+O85) -> 1854.9323 | F85: =F84*(1+P85) -> 1854.9323 | G85: =G84*(1+Q85) -> 1854.9323 | J85: 1458.7674 | K85: 1458.7674 | L85: 1458.7674 | O85: 0.0154 | P85: 0.0154 | Q85: 0.0154 | T85: =J85/J84-1 -> -0.0020638821 | U85: =K85/K84-1 -> -0.0020638821 | V85: =L85/L84-1 -> -0.0020638821
B86: 2029 | E86: =E85*(1+O86) -> 1893.5149 | F86: =F85*(1+P86) -> 1893.5149 | G86: =G85*(1+Q86) -> 1893.5149 | J86: 1463.4985 | K86: 1463.4985 | L86: 1463.4985 | O86: 0.0208 | P86: 0.0208 | Q86: 0.0208 | T86: =J86/J85-1 -> 0.0032432432 | U86: =K86/K85-1 -> 0.0032432432 | V86: =L86/L85-1 -> 0.0032432432
B87: 2030 | E87: =E86*(1+O87) -> 1926.8677 | F87: =F86*(1+P87) -> 1925.5339 | G87: =G86*(1+Q87) -> 1924.2 | J87: 1463.6628 | K87: 1462.6496 | L87: 1461.6365 | O87: 0.017614234 | P87: 0.016909811 | Q87: 0.016205388 | T87: =J87/J86-1 -> 0.00011226939 | U87: =K87/K86-1 -> -0.00058003831 | V87: =L87/L86-1 -> -0.001272346
B88: 2031 | E88: =E87*(1+O88) -> 1962.7466 | F88: =F87*(1+P88) -> 1959.5794 | G88: =G87*(1+Q88) -> 1956.4147 | J88: 1465.2744 | K88: 1462.9099 | L88: 1460.5474 | O88: 0.018620311 | P88: 0.01768108 | Q88: 0.016741849 | T88: =J88/J87-1 -> 0.0011010424 | U88: =K88/K87-1 -> 0.00017796552 | V88: =L88/L87-1 -> -0.0007451114
B89: 2032 | E89: =E88*(1+O89) -> 2001.2682 | F89: =F88*(1+P89) -> 1995.7382 | G89: =G88*(1+Q89) -> 1990.2183 | J89: 1468.3365 | K89: 1464.2792 | L89: 1460.2291 | O89: 0.019626387 | P89: 0.018452349 | Q89: 0.01727831 | T89: =J89/J88-1 -> 0.0020898155 | U89: =K89/K88-1 -> 0.00093596935 | V89: =L89/L88-1 -> -0.0002178768
B90: 2033 | E90: =E89*(1+O90) -> 2042.5593 | F90: =F89*(1+P90) -> 2034.1036 | G90: =G89*(1+Q90) -> 2025.6735 | J90: 1472.8569 | K90: 1466.7596 | L90: 1460.6809 | O90: 0.020632464 | P90: 0.019223618 | Q90: 0.017814772 | T90: =J90/J89-1 -> 0.0030785886 | U90: =K90/K89-1 -> 0.0016939732 | V90: =L90/L89-1 -> 0.0003093578
B91: 2034 | E91: =E90*(1+O91) -> 2086.7573 | F91: =F90*(1+P91) -> 2074.7752 | G91: =G90*(1+Q91) -> 2062.8471 | J91: 1478.8476 | K91: 1470.3561 | L91: 1461.9029 | O91: 0.02163854 | P91: 0.019994887 | Q91: 0.018351233 | T91: =J91/J90-1 -> 0.0040673616 | U91: =K91/K90-1 -> 0.002451977 | V91: =L91/L90-1 -> 0.0008365924
B92: 2035 | E92: =E91*(1+O92) -> 2134.0111 | F92: =F91*(1+P92) -> 2117.8603 | G92: =G91*(1+Q92) -> 2101.8096 | J92: 1486.3248 | K92: 1475.0759 | L92: 1463.8967 | O92: 0.022644617 | P92: 0.020766156 | Q92: 0.018887694 | T92: =J92/J91-1 -> 0.0050561347 | U92: =K92/K91-1 -> 0.0032099808 | V92: =L92/L91-1 -> 0.001363827
B93: 2036 | E93: =E92*(1+O93) -> 2184.482 | F93: =F92*(1+P93) -> 2163.4736 | G93: =G92*(1+Q93) -> 2142.6354 | J93: 1495.3095 | K93: 1480.929 | L93: 1466.665 | O93: 0.023650694 | P93: 0.021537424 | Q93: 0.019424155 | T93: =J93/J92-1 -> 0.0060449078 | U93: =K93/K92-1 -> 0.0039679847 | V93: =L93/L92-1 -> 0.0018910616
B94: 2037 | E94: =E93*(1+O94) -> 2238.3443 | F94: =F93*(1+P94) -> 2211.7379 | G94: =G93*(1+Q94) -> 2185.4038 | J94: 1505.8271 | K94: 1487.9278 | L94: 1470.2118 | O94: 0.02465677 | P94: 0.022308693 | Q94: 0.019960616 | T94: =J94/J93-1 -> 0.0070336808 | U94: =K94/K93-1 -> 0.0047259885 | V94: =L94/L93-1 -> 0.0024182962
B95: 2038 | E95: =E94*(1+O95) -> 2295.7865 | F95: =F94*(1+P95) -> 2262.7847 | G95: =G94*(1+Q95) -> 2230.1982 | J95: 1517.9075 | K95: 1496.0876 | L95: 1474.5424 | O95: 0.025662847 | P95: 0.023079962 | Q95: 0.020497078 | T95: =J95/J94-1 -> 0.0080224539 | U95: =K95/K94-1 -> 0.0054839923 | V95: =L95/L94-1 -> 0.0029455308
... B127: 2070 | E127: =E126*(1+O127) -> 5494.0355 | F127: =F126*(1+P127) -> 4924.4828 | G127: =G126*(1+Q127) -> 4412.6097 | J127: 2084.9896 | K127: 1868.844 | L127: 1674.5879 | O127: 0.027675 | P127: 0.0246225 | Q127: 0.02157 | T127: =J127/J126-1 -> 0.01 | U127: =K127/K126-1 -> 0.007 | V127: =L127/L126-1 -> 0.004
D128: 2010 : passage aux 150h Smic

Sheet Smic_AVPF
B1: Smic AVPF (en moyenne annuelle)
B2: Source : legislation.cnav
B4: Année | C4: Salaire AVPF nominal (montant annuel) | H4: Salaire AVPF réel (2016) | M4: Évolution en nominal | R4: Évolution en réel
E5: Sc_1,0% | F5: Sc_0,7% | G5: Sc_0,4% | J5: Sc_1,0% | K5: Sc_0,7% | L5: Sc_0,4% | O5: Sc_1,0% | P5: Sc_0,7% | Q5: Sc_0,4% | T5: Sc_1,0% | U5: Sc_0,7% | V5: Sc_0,4%
B6: 1972 | E6: 1220.7873 | F6: 1220.7873 | G6: 1220.7873 | J6: 24607.339 | K6: 24607.339 | L6: 24607.339
B7: 1973 | E7: 1363.4796 | F7: 1363.4796 | G7: 1363.4796 | J7: 24971.369 | K7: 24971.369 | L7: 24971.369 | O7: =E7/E6-1 -> 0.11688545 | P7: =F7/F6-1 -> 0.11688545 | Q7: =G7/G6-1 -> 0.11688545 | T7: =J7/J6-1 -> 0.014793546 | U7: =K7/K6-1 -> 0.014793546 | V7: =L7/L6-1 -> 0.014793546
B8: 1974 | E8: 1648.8642 | F8: 1648.8642 | G8: 1648.8642 | J8: 26013.104 | K8: 26013.104 | L8: 26013.104 | O8: =E8/E7-1 -> 0.20930607 | P8: =F8/F7-1 -> 0.20930607 | Q8: =G8/G7-1 -> 0.20930607 | T8: =J8/J7-1 -> 0.041717197 | U8: =K8/K7-1 -> 0.041717197 | V8: =L8/L7-1 -> 0.041717197
B9: 1975 | E9: 2029.3586 | F9: 2029.3586 | G9: 2029.3586 | J9: 28593.692 | K9: 28593.692 | L9: 28593.692 | O9: =E9/E8-1 -> 0.23076155 | P9: =F9/F8-1 -> 0.23076155 | Q9: =G9/G8-1 -> 0.23076155 | T9: =J9/J8-1 -> 0.099203353 | U9: =K9/K8-1 -> 0.099203353 | V9: =L9/L8-1 -> 0.099203353
B10: 1976 | E10: 2394.0106 | F10: 2394.0106 | G10: 2394.0106 | J10: 34310.727 | K10: 34310.727 | L10: 34310.727 | O10: =E10/E9-1 -> 0.17968827 | P10: =F10/F9-1 -> 0.17968827 | Q10: =G10/G9-1 -> 0.17968827 | T10: =J10/J9-1 -> 0.19994043 | U10: =K10/K9-1 -> 0.19994043 | V10: =L10/L9-1 -> 0.19994043
B11: 1977 | E11: 2720.6113 | F11: 2720.6113 | G11: 2720.6113 | J11: 38824.905 | K11: 38824.905 | L11: 38824.905 | O11: =E11/E10-1 -> 0.13642407 | P11: =F11/F10-1 -> 0.13642407 | Q11: =G11/G10-1 -> 0.13642407 | T11: =J11/J10-1 -> 0.13156756 | U11: =K11/K10-1 -> 0.13156756 | V11: =L11/L10-1 -> 0.13156756
B12: 1978 | E12: 3037.6991 | F12: 3037.6991 | G12: 3037.6991 | J12: 42921.96 | K12: 42921.96 | L12: 42921.96 | O12: =E12/E11-1 -> 0.11655023 | P12: =F12/F11-1 -> 0.11655023 | Q12: =G12/G11-1 -> 0.11655023 | T12: =J12/J11-1 -> 0.10552646 | U12: =K12/K11-1 -> 0.10552646 | V12: =L12/L11-1 -> 0.10552646
B13: 1979 | E13: 3440.4023 | F13: 3440.4023 | G13: 3440.4023 | J13: 46701.83 | K13: 46701.83 | L13: 46701.83 | O13: =E13/E12-1 -> 0.1325685 | P13: =F13/F12-1 -> 0.1325685 | Q13: =G13/G12-1 -> 0.1325685 | T13: =J13/J12-1 -> 0.088063779 | U13: =K13/K12-1 -> 0.088063779 | V13: =L13/L12-1 -> 0.088063779
B14: 1980 | E14: 3852.6001 | F14: 3852.6001 | G14: 3852.6001 | J14: 50716.62 | K14: 50716.62 | L14: 50716.62 | O14: =E14/E13-1 -> 0.11981091 | P14: =F14/F13-1 -> 0.11981091 | Q14: =G14/G13-1 -> 0.11981091 | T14: =J14/J13-1 -> 0.085966432 | U14: =K14/K13-1 -> 0.085966432 | V14: =L14/L13-1 -> 0.085966432
B15: 1981 | E15: 4439.23 | F15: 4439.23 | G15: 4439.23 | J15: 50825.379 | K15: 50825.379 | L15: 50825.379 | O15: =E15/E14-1 -> 0.15226857 | P15: =F15/F14-1 -> 0.15226857 | Q15: =G15/G14-1 -> 0.15226857 | T15: =J15/J14-1 -> 0.0021444384 | U15: =K15/K14-1 -> 0.0021444384 | V15: =L15/L14-1 -> 0.0021444384
B16: 1982 | E16: 5301.6951 | F16: 5301.6951 | G16: 5301.6951 | J16: 57171.562 | K16: 57171.562 | L16: 57171.562 | O16: =E16/E15-1 -> 0.19428258 | P16: =F16/F15-1 -> 0.19428258 | Q16: =G16/G15-1 -> 0.19428258 | T16: =J16/J15-1 -> 0.1248625 | U16: =K16/K15-1 -> 0.1248625 | V16: =L16/L15-1 -> 0.1248625
B17: 1983 | E17: 6072.0322 | F17: 6072.0322 | G17: 6072.0322 | J17: 63166.789 | K17: 63166.789 | L17: 63166.789 | O17: =E17/E16-1 -> 0.14530015 | P17: =F17/F16-1 -> 0.14530015 | Q17: =G17/G16-1 -> 0.14530015 | T17: =J17/J16-1 -> 0.1048638 | U17: =K17/K16-1 -> 0.1048638 | V17: =L17/L16-1 -> 0.1048638
B18: 1984 | E18: 6767.657 | F18: 6767.657 | G18: 6767.657 | J18: 68139.084 | K18: 68139.084 | L18: 68139.084 | O18: =E18/E17-1 -> 0.11456212 | P18: =F18/F17-1 -> 0.11456212 | Q18: =G18/G17-1 -> 0.11456212 | T18: =J18/J17-1 -> 0.078716904 | U18: =K18/K17-1 -> 0.078716904 | V18: =L18/L17-1 -> 0.078716904
... B58: 2024 | E58: 23362.56 | F58: 23362.56 | G58: 23362.56 | J58: 28823.415 | K58: 28823.415 | L58: 28823.415 | O58: =E58/E57-1 -> 0.061751152 | P58: =F58/F57-1 -> 0.061751152 | Q58: =G58/G57-1 -> 0.061751152 | T58: =J58/J57-1 -> 0.044752673 | U58: =K58/K57-1 -> 0.044752673 | V58: =L58/L57-1 -> 0.044752673
B59: 2025 | E59: 23626.2 | F59: 23626.2 | G59: 23626.2 | J59: 28585.419 | K59: 28585.419 | L59: 28585.419 | O59: =Sal_valid!O82 -> 0.019742489 | P59: =Sal_valid!P82 -> 0.019742489 | Q59: =Sal_valid!Q82 -> 0.019742489 | T59: =Sal_valid!T82 -> 0.010215337 | U59: =Sal_valid!U82 -> 0.010215337 | V59: =Sal_valid!V82 -> 0.010215337
B60: 2026 | E60: 24376.56 | F60: 24376.56 | G60: 24376.56 | J60: 28899.926 | K60: 28899.926 | L60: 28899.926 | O60: =Sal_valid!O83 -> 0.011784512 | P60: =Sal_valid!P83 -> 0.011784512 | Q60: =Sal_valid!Q83 -> 0.011784512 | T60: =Sal_valid!T83 -> -0.0067885425 | U60: =Sal_valid!U83 -> -0.0067885425 | V60: =Sal_valid!V83 -> -0.0067885425
B61: 2027 | E61: =E60*(1+O61) -> 24698.331 | F61: =F60*(1+P61) -> 24698.331 | G61: =G60*(1+Q61) -> 24698.331 | J61: =J60*(1+T61) -> 28817.445 | K61: =K60*(1+U61) -> 28817.445 | L61: =L60*(1+V61) -> 28817.445 | O61: =Sal_valid!O84 -> 0.0132 | P61: =Sal_valid!P84 -> 0.0132 | Q61: =Sal_valid!Q84 -> 0.0132 | T61: =Sal_valid!T84 -> -0.0028540498 | U61: =Sal_valid!U84 -> -0.0028540498 | V61: =Sal_valid!V84 -> -0.0028540498
B62: 2028 | E62: =E61*(1+O62) -> 25078.685 | F62: =F61*(1+P62) -> 25078.685 | G62: =G61*(1+Q62) -> 25078.685 | J62: =J61*(1+T62) -> 28757.969 | K62: =K61*(1+U62) -> 28757.969 | L62: =L61*(1+V62) -> 28757.969 | O62: =Sal_valid!O85 -> 0.0154 | P62: =Sal_valid!P85 -> 0.0154 | Q62: =Sal_valid!Q85 -> 0.0154 | T62: =Sal_valid!T85 -> -0.0020638821 | U62: =Sal_valid!U85 -> -0.0020638821 | V62: =Sal_valid!V85 -> -0.0020638821
B63: 2029 | E63: =E62*(1+O63) -> 25600.322 | F63: =F62*(1+P63) -> 25600.322 | G63: =G62*(1+Q63) -> 25600.322 | J63: =J62*(1+T63) -> 28851.238 | K63: =K62*(1+U63) -> 28851.238 | L63: =L62*(1+V63) -> 28851.238 | O63: =Sal_valid!O86 -> 0.0208 | P63: =Sal_valid!P86 -> 0.0208 | Q63: =Sal_valid!Q86 -> 0.0208 | T63: =Sal_valid!T86 -> 0.0032432432 | U63: =Sal_valid!U86 -> 0.0032432432 | V63: =Sal_valid!V86 -> 0.0032432432
B64: 2030 | E64: =E63*(1+O64) -> 26051.252 | F64: =F63*(1+P64) -> 26033.218 | G64: =G63*(1+Q64) -> 26015.185 | J64: =J63*(1+T64) -> 28854.477 | K64: =K63*(1+U64) -> 28834.503 | L64: =L63*(1+V64) -> 28814.529 | O64: =Sal_valid!O87 -> 0.017614234 | P64: =Sal_valid!P87 -> 0.016909811 | Q64: =Sal_valid!Q87 -> 0.016205388 | T64: =Sal_valid!T87 -> 0.00011226939 | U64: =Sal_valid!U87 -> -0.00058003831 | V64: =Sal_valid!V87 -> -0.001272346
B65: 2031 | E65: =E64*(1+O65) -> 26536.334 | F65: =F64*(1+P65) -> 26493.514 | G65: =G64*(1+Q65) -> 26450.727 | J65: =J64*(1+T65) -> 28886.247 | K65: =K64*(1+U65) -> 28839.635 | L65: =L64*(1+V65) -> 28793.059 | O65: =Sal_valid!O88 -> 0.018620311 | P65: =Sal_valid!P88 -> 0.01768108 | Q65: =Sal_valid!Q88 -> 0.016741849 | T65: =Sal_valid!T88 -> 0.0011010424 | U65: =Sal_valid!U88 -> 0.00017796552 | V65: =Sal_valid!V88 -> -0.0007451114
B66: 2032 | E66: =E65*(1+O66) -> 27057.146 | F66: =F65*(1+P66) -> 26982.381 | G66: =G65*(1+Q66) -> 26907.751 | J66: =J65*(1+T66) -> 28946.614 | K66: =K65*(1+U66) -> 28866.628 | L66: =L65*(1+V66) -> 28786.786 | O66: =Sal_valid!O89 -> 0.019626387 | P66: =Sal_valid!P89 -> 0.018452349 | Q66: =Sal_valid!Q89 -> 0.01727831 | T66: =Sal_valid!T89 -> 0.0020898155 | U66: =Sal_valid!U89 -> 0.00093596935 | V66: =Sal_valid!V89 -> -0.0002178768
B67: 2033 | E67: =E66*(1+O67) -> 27615.402 | F67: =F66*(1+P67) -> 27501.08 | G67: =G66*(1+Q67) -> 27387.106 | J67: =J66*(1+T67) -> 29035.729 | K67: =K66*(1+U67) -> 28915.527 | L67: =L66*(1+V67) -> 28795.691 | O67: =Sal_valid!O90 -> 0.020632464 | P67: =Sal_valid!P90 -> 0.019223618 | Q67: =Sal_valid!Q90 -> 0.017814772 | T67: =Sal_valid!T90 -> 0.0030785886 | U67: =Sal_valid!U90 -> 0.0016939732 | V67: =Sal_valid!V90 -> 0.0003093578
B68: 2034 | E68: =E67*(1+O68) -> 28212.959 | F68: =F67*(1+P68) -> 28050.961 | G68: =G67*(1+Q68) -> 27889.693 | J68: =J67*(1+T68) -> 29153.827 | K68: =K67*(1+U68) -> 28986.427 | L68: =L67*(1+V68) -> 28819.781 | O68: =Sal_valid!O91 -> 0.02163854 | P68: =Sal_valid!P91 -> 0.019994887 | Q68: =Sal_valid!Q91 -> 0.018351233 | T68: =Sal_valid!T91 -> 0.0040673616 | U68: =Sal_valid!U91 -> 0.002451977 | V68: =Sal_valid!V91 -> 0.0008365924
B69: 2035 | E69: =E68*(1+O69) -> 28851.831 | F69: =F68*(1+P69) -> 28633.472 | G69: =G68*(1+Q69) -> 28416.465 | J69: =J68*(1+T69) -> 29301.233 | K69: =K68*(1+U69) -> 29079.473 | L69: =L68*(1+V69) -> 28859.087 | O69: =Sal_valid!O92 -> 0.022644617 | P69: =Sal_valid!P92 -> 0.020766156 | Q69: =Sal_valid!Q92 -> 0.018887694 | T69: =Sal_valid!T92 -> 0.0050561347 | U69: =Sal_valid!U92 -> 0.0032099808 | V69: =Sal_valid!V92 -> 0.001363827
B70: 2036 | E70: =E69*(1+O70) -> 29534.196 | F70: =F69*(1+P70) -> 29250.163 | G70: =G69*(1+Q70) -> 28968.431 | J70: =J69*(1+T70) -> 29478.356 | K70: =K69*(1+U70) -> 29194.86 | L70: =L69*(1+V70) -> 28913.661 | O70: =Sal_valid!O93 -> 0.023650694 | P70: =Sal_valid!P93 -> 0.021537424 | Q70: =Sal_valid!Q93 -> 0.019424155 | T70: =Sal_valid!T93 -> 0.0060449078 | U70: =Sal_valid!U93 -> 0.0039679847 | V70: =Sal_valid!V93 -> 0.0018910616
B71: 2037 | E71: =E70*(1+O71) -> 30262.414 | F71: =F70*(1+P71) -> 29902.696 | G71: =G70*(1+Q71) -> 29546.659 | J71: =J70*(1+T71) -> 29685.698 | K71: =K70*(1+U71) -> 29332.834 | L71: =L70*(1+V71) -> 28983.583 | O71: =Sal_valid!O94 -> 0.02465677 | P71: =Sal_valid!P94 -> 0.022308693 | Q71: =Sal_valid!Q94 -> 0.019960616 | T71: =Sal_valid!T94 -> 0.0070336808 | U71: =Sal_valid!U94 -> 0.0047259885 | V71: =Sal_valid!V94 -> 0.0024182962
B72: 2038 | E72: =E71*(1+O72) -> 31039.034 | F72: =F71*(1+P72) -> 30592.849 | G72: =G71*(1+Q72) -> 30152.279 | J72: =J71*(1+T72) -> 29923.85 | K72: =K71*(1+U72) -> 29493.695 | L72: =L71*(1+V72) -> 29068.955 | O72: =Sal_valid!O95 -> 0.025662847 | P72: =Sal_valid!P95 -> 0.023079962 | Q72: =Sal_valid!Q95 -> 0.020497078 | T72: =Sal_valid!T95 -> 0.0080224539 | U72: =Sal_valid!U95 -> 0.0054839923 | V72: =Sal_valid!V95 -> 0.0029455308
... B104: 2070 | E104: =E103*(1+O104) -> 74279.36 | F104: =F103*(1+P104) -> 66579.008 | G104: =G103*(1+Q104) -> 59658.483 | J104: =J103*(1+T104) -> 41103.24 | K104: =K103*(1+U104) -> 36842.171 | L104: =L103*(1+V104) -> 33012.628 | O104: =Sal_valid!O127 -> 0.027675 | P104: =Sal_valid!P127 -> 0.0246225 | Q104: =Sal_valid!Q127 -> 0.02157 | T104: =Sal_valid!T127 -> 0.01 | U104: =Sal_valid!U127 -> 0.007 | V104: =Sal_valid!V127 -> 0.004

Sheet Tx_CNAV
D1: Source : législation
D2: Taux de cotisation CNAV
B4: Année | D4: Taux de cotisation plafonné | E4: dont employeur | F4: dont salarié | H4: Déplafonnée (ex-veuvage entre 1981 et 2005) | I4: dont employeur | J4: dont salarié
B5: 1957 | D5: 0.085 | E5: 0.055 | F5: 0.03
B6: 1958 | D6: 0.085 | E6: 0.055 | F6: 0.03
B7: 1959 | D7: 0.085 | E7: 0.055 | F7: 0.03
B8: 1960 | D8: 0.085 | E8: 0.055 | F8: 0.03
B9: 1961 | D9: 0.085 | E9: 0.055 | F9: 0.03
B10: 1962 | D10: 0.085 | E10: 0.055 | F10: 0.03
B11: 1963 | D11: 0.085 | E11: 0.055 | F11: 0.03
B12: 1964 | D12: 0.085 | E12: 0.055 | F12: 0.03
B13: 1965 | D13: 0.085 | E13: 0.055 | F13: 0.03
B14: 1966 | D14: 0.085 | E14: 0.055 | F14: 0.03
B15: 1967 | D15: 0.085 | E15: 0.055 | F15: 0.03
B16: 1968 | D16: 0.085 | E16: 0.055 | F16: 0.03
... B28: 1980 | D28: 0.129 | E28: 0.082 | F28: 0.047
B29: 1981 | D29: 0.129 | E29: 0.082 | F29: 0.047 | H29: 0.001 | I29: 0 | J29: 0.001
B30: 1982 | D30: 0.129 | E30: 0.082 | F30: 0.047 | H30: 0.001 | I30: 0 | J30: 0.001
B31: 1983 | D31: 0.129 | E31: 0.082 | F31: 0.047 | H31: 0.001 | I31: 0 | J31: 0.001
B32: 1984 | D32: 0.139 | E32: 0.082 | F32: 0.057 | H32: 0.001 | I32: 0 | J32: 0.001
B33: 1985 | D33: 0.139 | E33: 0.082 | F33: 0.057 | H33: 0.001 | I33: 0 | J33: 0.001
B34: 1986 | D34: 0.146 | E34: 0.082 | F34: 0.064 | H34: 0.001 | I34: 0 | J34: 0.001
B35: 1987 | D35: 0.148 | E35: 0.082 | F35: 0.066 | H35: 0.001 | I35: 0 | J35: 0.001
B36: 1988 | D36: 0.148 | E36: 0.082 | F36: 0.066 | H36: 0.001 | I36: 0 | J36: 0.001
B37: 1989 | D37: 0.158 | E37: 0.082 | F37: 0.076 | H37: 0.001 | I37: 0 | J37: 0.001
B38: 1990 | D38: 0.158 | E38: 0.082 | F38: 0.076 | H38: 0.001 | I38: 0 | J38: 0.001
B39: 1991 | D39: 0.1475 | E39: 0.082 | F39: 0.0655 | H39: 0.017 | I39: 0.016 | J39: 0.001
B40: 1992 | D40: 0.1475 | E40: 0.082 | F40: 0.0655 | H40: 0.017 | I40: 0.016 | J40: 0.001
... B117: 2069 | D117: 0.1545 | E117: 0.0855 | F117: 0.069 | H117: 0.0251 | I117: 0.0211 | J117: 0.004
B118: 2070 | D118: =D117 -> 0.1545 | E118: =E117 -> 0.0855 | F118: =F117 -> 0.069 | H118: =H117 -> 0.0251 | I118: =I117 -> 0.0211 | J118: =J117 -> 0.004
B119: 2071 | D119: =D118 -> 0.1545 | E119: =E118 -> 0.0855 | F119: =F118 -> 0.069 | H119: =H118 -> 0.0251 | I119: =I118 -> 0.0211 | J119: =J118 -> 0.004
B120: 2072 | D120: =D119 -> 0.1545 | E120: =E119 -> 0.0855 | F120: =F119 -> 0.069 | H120: =H119 -> 0.0251 | I120: =I119 -> 0.0211 | J120: =J119 -> 0.004
B121: 2073 | D121: =D120 -> 0.1545 | E121: =E120 -> 0.0855 | F121: =F120 -> 0.069 | H121: =H120 -> 0.0251 | I121: =I120 -> 0.0211 | J121: =J120 -> 0.004
B122: 2074 | D122: =D121 -> 0.1545 | E122: =E121 -> 0.0855 | F122: =F121 -> 0.069 | H122: =H121 -> 0.0251 | I122: =I121 -> 0.0211 | J122: =J121 -> 0.004
B123: 2075 | D123: =D122 -> 0.1545 | E123: =E122 -> 0.0855 | F123: =F122 -> 0.069 | H123: =H122 -> 0.0251 | I123: =I122 -> 0.0211 | J123: =J122 -> 0.004
B124: 2076 | D124: =D123 -> 0.1545 | E124: =E123 -> 0.0855 | F124: =F123 -> 0.069 | H124: =H123 -> 0.0251 | I124: =I123 -> 0.0211 | J124: =J123 -> 0.004
B125: 2077 | D125: =D124 -> 0.1545 | E125: =E124 -> 0.0855 | F125: =F124 -> 0.069 | H125: =H124 -> 0.0251 | I125: =I124 -> 0.0211 | J125: =J124 -> 0.004
B126: 2078 | D126: =D125 -> 0.1545 | E126: =E125 -> 0.0855 | F126: =F125 -> 0.069 | H126: =H125 -> 0.0251 | I126: =I125 -> 0.0211 | J126: =J125 -> 0.004
B127: 2079 | D127: =D126 -> 0.1545 | E127: =E126 -> 0.0855 | F127: =F126 -> 0.069 | H127: =H126 -> 0.0251 | I127: =I126 -> 0.0211 | J127: =J126 -> 0.004
B128: 2080 | D128: =D127 -> 0.1545 | E128: =E127 -> 0.0855 | F128: =F127 -> 0.069 | H128: =H127 -> 0.0251 | I128: =I127 -> 0.0211 | J128: =J127 -> 0.004
B129: 2081 | D129: =D128 -> 0.1545 | E129: =E128 -> 0.0855 | F129: =F128 -> 0.069 | H129: =H128 -> 0.0251 | I129: =I128 -> 0.0211 | J129: =J128 -> 0.004
... B138: 2090 | D138: =D137 -> 0.1545 | E138: =E137 -> 0.0855 | F138: =F137 -> 0.069 | H138: =H137 -> 0.0251 | I138: =I137 -> 0.0211 | J138: =J137 -> 0.004

Sheet AGIRC-ARRCO
B1: Source : AGIRC-ARRCO
C2: Valeurs du point AGIRC-ARRCO | S2: Taux de cotisation | AO2: Taux de cotisation obligatoire T1
B4: Année | C4: Valeur d'achat (valeur annuelle) | H4: Valeur de service (1er novembre) | M4: Valeur de service (moyenne annuelle) | S4: Taux de cotisation T1 | T4: dont employeur | U4: dont salarié | W4: Taux de cotisation T2 | X4: dont employeur | Y4: dont salarié | AA4: Taux d'appel | AC4: CET (si salaire > PSS) | AD4: dont employeur | AE4: dont salarié | AG4: CEG T1 | AH4: dont employeur | AI4: dont salarié | AK4: CEG T2 | AL4: dont employeur | AM4: dont salarié | AO4: Taux de cotisation T1 | AP4: dont employeur | AQ4: dont salarié
E5: Sc_1,0% | F5: Sc_0,7% | G5: Sc_0,4% | J5: Sc_1,0% | K5: Sc_0,7% | L5: Sc_0,4% | O5: Sc_1,0% | P5: Sc_0,7% | Q5: Sc_0,4%
B6: 2019 | E6: 17.0571 | F6: 17.0571 | G6: 17.0571 | J6: 1.2714 | K6: 1.2714 | L6: 1.2714 | O6: =+J6 -> 1.2714 | P6: =+K6 -> 1.2714 | Q6: =+L6 -> 1.2714 | S6: 0.0661 | T6: 0.03966 | U6: 0.02644 | W6: 0.17 | X6: 0.102 | Y6: 0.068 | AA6: 1.27 | AC6: 0.0035 | AD6: 0.0021 | AE6: 0.0014 | AG6: 0.0215 | AH6: 0.0129 | AI6: 0.0086 | AK6: 0.027 | AL6: 0.0162 | AM6: 0.0108 | AO6: =AP6+AQ6 -> 0.062 | AP6: 0.0372 | AQ6: 0.0248
B7: 2020 | E7: 17.3982 | F7: 17.3982 | G7: 17.3982 | J7: 1.2714 | K7: 1.2714 | L7: 1.2714 | O7: =J6*10/12+J7*2/12 -> 1.2714 | P7: =K6*10/12+K7*2/12 -> 1.2714 | Q7: =L6*10/12+L7*2/12 -> 1.2714 | S7: 0.0661 | T7: 0.03966 | U7: 0.02644 | W7: 0.17 | X7: 0.102 | Y7: 0.068 | AA7: 1.27 | AC7: 0.0035 | AD7: 0.0021 | AE7: 0.0014 | AG7: 0.0215 | AH7: 0.0129 | AI7: 0.0086 | AK7: 0.027 | AL7: 0.0162 | AM7: 0.0108 | AO7: =AP7+AQ7 -> 0.062 | AP7: 0.0372 | AQ7: 0.0248
B8: 2021 | E8: 17.3982 | F8: 17.3982 | G8: 17.3982 | J8: 1.2841 | K8: 1.2841 | L8: 1.2841 | O8: =J7*10/12+J8*2/12 -> 1.2735167 | P8: =K7*10/12+K8*2/12 -> 1.2735167 | Q8: =L7*10/12+L8*2/12 -> 1.2735167 | S8: 0.0661 | T8: 0.03966 | U8: 0.02644 | W8: 0.17 | X8: 0.102 | Y8: 0.068 | AA8: 1.27 | AC8: 0.0035 | AD8: 0.0021 | AE8: 0.0014 | AG8: 0.0215 | AH8: 0.0129 | AI8: 0.0086 | AK8: 0.027 | AL8: 0.0162 | AM8: 0.0108 | AO8: =AP8+AQ8 -> 0.062 | AP8: 0.0372 | AQ8: 0.0248
B9: 2022 | E9: 17.4316 | F9: 17.4316 | G9: 17.4316 | J9: 1.3498 | K9: 1.3498 | L9: 1.3498 | O9: =J8*10/12+J9*2/12 -> 1.29505 | P9: =K8*10/12+K9*2/12 -> 1.29505 | Q9: =L8*10/12+L9*2/12 -> 1.29505 | S9: 0.0661 | T9: 0.03966 | U9: 0.02644 | W9: 0.17 | X9: 0.102 | Y9: 0.068 | AA9: 1.27 | AC9: 0.0035 | AD9: 0.0021 | AE9: 0.0014 | AG9: 0.0215 | AH9: 0.0129 | AI9: 0.0086 | AK9: 0.027 | AL9: 0.0162 | AM9: 0.0108 | AO9: =AP9+AQ9 -> 0.062 | AP9: 0.0372 | AQ9: 0.0248
B10: 2023 | E10: 18.7669 | F10: 18.7669 | G10: 18.7669 | J10: 1.4159 | K10: 1.4159 | L10: 1.4159 | O10: =J9*10/12+J10*2/12 -> 1.3608167 | P10: =K9*10/12+K10*2/12 -> 1.3608167 | Q10: =L9*10/12+L10*2/12 -> 1.3608167 | S10: =S9 -> 0.0661 | T10: =T9 -> 0.03966 | U10: =U9 -> 0.02644 | W10: =W9 -> 0.17 | X10: =X9 -> 0.102 | Y10: =Y9 -> 0.068 | AA10: =AA9 -> 1.27 | AC10: =AC9 -> 0.0035 | AD10: =AD9 -> 0.0021 | AE10: =AE9 -> 0.0014 | AG10: =AG9 -> 0.0215 | AH10: =AH9 -> 0.0129 | AI10: =AI9 -> 0.0086 | AK10: =AK9 -> 0.027 | AL10: =AL9 -> 0.0162 | AM10: =AM9 -> 0.0108 | AO10: =AP10+AQ10 -> 0.062 | AP10: 0.0372 | AQ10: 0.0248
B11: 2024 | E11: 19.6321 | F11: 19.6321 | G11: 19.6321 | J11: 1.4386 | K11: 1.4386 | L11: 1.4386 | O11: =J10*10/12+J11*2/12 -> 1.4196833 | P11: =K10*10/12+K11*2/12 -> 1.4196833 | Q11: =L10*10/12+L11*2/12 -> 1.4196833 | S11: =S10 -> 0.0661 | T11: =T10 -> 0.03966 | U11: =U10 -> 0.02644 | W11: =W10 -> 0.17 | X11: =X10 -> 0.102 | Y11: =Y10 -> 0.068 | AA11: =AA10 -> 1.27 | AC11: =AC10 -> 0.0035 | AD11: =AD10 -> 0.0021 | AE11: =AE10 -> 0.0014 | AG11: =AG10 -> 0.0215 | AH11: =AH10 -> 0.0129 | AI11: =AI10 -> 0.0086 | AK11: =AK10 -> 0.027 | AL11: =AL10 -> 0.0162 | AM11: =AM10 -> 0.0108 | AO11: =AP11+AQ11 -> 0.062 | AP11: 0.0372 | AQ11: 0.0248
B12: 2025 | E12: 20.1877 | F12: 20.1877 | G12: 20.1877 | J12: =J11 -> 1.4386 | K12: =K11 -> 1.4386 | L12: =L11 -> 1.4386 | O12: =J11*10/12+J12*2/12 -> 1.4386 | P12: =K11*10/12+K12*2/12 -> 1.4386 | Q12: =L11*10/12+L12*2/12 -> 1.4386 | S12: =S11 -> 0.0661 | T12: =T11 -> 0.03966 | U12: =U11 -> 0.02644 | W12: =W11 -> 0.17 | X12: =X11 -> 0.102 | Y12: =Y11 -> 0.068 | AA12: =AA11 -> 1.27 | AC12: =AC11 -> 0.0035 | AD12: =AD11 -> 0.0021 | AE12: =AE11 -> 0.0014 | AG12: =AG11 -> 0.0215 | AH12: =AH11 -> 0.0129 | AI12: =AI11 -> 0.0086 | AK12: =AK11 -> 0.027 | AL12: =AL11 -> 0.0162 | AM12: =AM11 -> 0.0108 | AO12: =AP12+AQ12 -> 0.062 | AP12: 0.0372 | AQ12: 0.0248
B13: 2026 | E13: =E12 -> 20.1877 | F13: =F12 -> 20.1877 | G13: =G12 -> 20.1877 | J13: 1.4603406 | K13: 1.4603406 | L13: 1.4603406 | O13: =J12*10/12+J13*2/12 -> 1.4422234 | P13: =K12*10/12+K13*2/12 -> 1.4422234 | Q13: =L12*10/12+L13*2/12 -> 1.4422234 | S13: =S12 -> 0.0661 | T13: =T12 -> 0.03966 | U13: =U12 -> 0.02644 | W13: =W12 -> 0.17 | X13: =X12 -> 0.102 | Y13: =Y12 -> 0.068 | AA13: =AA12 -> 1.27 | AC13: =AC12 -> 0.0035 | AD13: =AD12 -> 0.0021 | AE13: =AE12 -> 0.0014 | AG13: =AG12 -> 0.0215 | AH13: =AH12 -> 0.0129 | AI13: =AI12 -> 0.0086 | AK13: =AK12 -> 0.027 | AL13: =AL12 -> 0.0162 | AM13: =AM12 -> 0.0108 | AO13: =AP13+AQ13 -> 0.062 | AP13: 0.0372 | AQ13: 0.0248
B14: 2027 | E14: 20.6373 | F14: 20.6373 | G14: 20.6373 | J14: 1.4846981 | K14: 1.4846981 | L14: 1.4846981 | O14: =J13*10/12+J14*2/12 -> 1.4644002 | P14: =K13*10/12+K14*2/12 -> 1.4644002 | Q14: =L13*10/12+L14*2/12 -> 1.4644002 | S14: =S13 -> 0.0661 | T14: =T13 -> 0.03966 | U14: =U13 -> 0.02644 | W14: =W13 -> 0.17 | X14: =X13 -> 0.102 | Y14: =Y13 -> 0.068 | AA14: =AA13 -> 1.27 | AC14: =AC13 -> 0.0035 | AD14: =AD13 -> 0.0021 | AE14: =AE13 -> 0.0014 | AG14: =AG13 -> 0.0215 | AH14: =AH13 -> 0.0129 | AI14: =AI13 -> 0.0086 | AK14: =AK13 -> 0.027 | AL14: =AL13 -> 0.0162 | AM14: =AM13 -> 0.0108 | AO14: =AP14+AQ14 -> 0.062 | AP14: 0.0372 | AQ14: 0.0248
B15: 2028 | E15: 21.2209 | F15: 21.2209 | G15: 21.2209 | J15: 1.5101092 | K15: 1.5101092 | L15: 1.5101092 | O15: =J14*10/12+J15*2/12 -> 1.4889333 | P15: =K14*10/12+K15*2/12 -> 1.4889333 | Q15: =L14*10/12+L15*2/12 -> 1.4889333 | S15: =S14 -> 0.0661 | T15: =T14 -> 0.03966 | U15: =U14 -> 0.02644 | W15: =W14 -> 0.17 | X15: =X14 -> 0.102 | Y15: =Y14 -> 0.068 | AA15: =AA14 -> 1.27 | AC15: =AC14 -> 0.0035 | AD15: =AD14 -> 0.0021 | AE15: =AE14 -> 0.0014 | AG15: =AG14 -> 0.0215 | AH15: =AH14 -> 0.0129 | AI15: =AI14 -> 0.0086 | AK15: =AK14 -> 0.027 | AL15: =AL14 -> 0.0162 | AM15: =AM14 -> 0.0108 | AO15: =AP15+AQ15 -> 0.062 | AP15: 0.0372 | AQ15: 0.0248
B16: 2029 | E16: 21.8303 | F16: 21.8303 | G16: 21.8303 | J16: 1.5360911 | K16: 1.5360911 | L16: 1.5360911 | O16: =J15*10/12+J16*2/12 -> 1.5144395 | P16: =K15*10/12+K16*2/12 -> 1.5144395 | Q16: =L15*10/12+L16*2/12 -> 1.5144395 | S16: =S15 -> 0.0661 | T16: =T15 -> 0.03966 | U16: =U15 -> 0.02644 | W16: =W15 -> 0.17 | X16: =X15 -> 0.102 | Y16: =Y15 -> 0.068 | AA16: =AA15 -> 1.27 | AC16: =AC15 -> 0.0035 | AD16: =AD15 -> 0.0021 | AE16: =AE15 -> 0.0014 | AG16: =AG15 -> 0.0215 | AH16: =AH15 -> 0.0129 | AI16: =AI15 -> 0.0086 | AK16: =AK15 -> 0.027 | AL16: =AL15 -> 0.0162 | AM16: =AM15 -> 0.0108 | AO16: =AP16+AQ16 -> 0.062 | AP16: 0.0372 | AQ16: 0.0248
B17: 2030 | E17: 22.4591 | F17: 22.4591 | G17: 22.4591 | J17: 1.5625456 | K17: 1.5625456 | L17: 1.5625456 | O17: =J16*10/12+J17*2/12 -> 1.5405002 | P17: =K16*10/12+K17*2/12 -> 1.5405002 | Q17: =L16*10/12+L17*2/12 -> 1.5405002 | S17: =S16 -> 0.0661 | T17: =T16 -> 0.03966 | U17: =U16 -> 0.02644 | W17: =W16 -> 0.17 | X17: =X16 -> 0.102 | Y17: =Y16 -> 0.068 | AA17: =AA16 -> 1.27 | AC17: =AC16 -> 0.0035 | AD17: =AD16 -> 0.0021 | AE17: =AE16 -> 0.0014 | AG17: =AG16 -> 0.0215 | AH17: =AH16 -> 0.0129 | AI17: =AI16 -> 0.0086 | AK17: =AK16 -> 0.027 | AL17: =AL16 -> 0.0162 | AM17: =AM16 -> 0.0108 | AO17: =AP17+AQ17 -> 0.062 | AP17: 0.0372 | AQ17: 0.0248
B18: 2031 | E18: 23.1064 | F18: 23.1064 | G18: 23.1064 | J18: 1.5882839 | K18: 1.5876481 | L18: 1.5869737 | O18: =J17*10/12+J18*2/12 -> 1.5668353 | P18: =K17*10/12+K18*2/12 -> 1.5667293 | Q18: =L17*10/12+L18*2/12 -> 1.5666169 | S18: =S17 -> 0.0661 | T18: =T17 -> 0.03966 | U18: =U17 -> 0.02644 | W18: =W17 -> 0.17 | X18: =X17 -> 0.102 | Y18: =Y17 -> 0.068 | AA18: =AA17 -> 1.27 | AC18: =AC17 -> 0.0035 | AD18: =AD17 -> 0.0021 | AE18: =AE17 -> 0.0014 | AG18: =AG17 -> 0.0215 | AH18: =AH17 -> 0.0129 | AI18: =AI17 -> 0.0086 | AK18: =AK17 -> 0.027 | AL18: =AL17 -> 0.0162 | AM18: =AM17 -> 0.0108 | AO18: =AP18+AQ18 -> 0.062 | AP18: 0.0372 | AQ18: 0.0248
B19: 2032 | E19: 23.755 | F19: 23.7456 | G19: 23.7357 | J19: 1.6147218 | K19: 1.6127795 | L19: 1.6107187 | O19: =J18*10/12+J19*2/12 -> 1.5926902 | P19: =K18*10/12+K19*2/12 -> 1.5918367 | Q19: =L18*10/12+L19*2/12 -> 1.5909312 | S19: =S18 -> 0.0661 | T19: =T18 -> 0.03966 | U19: =U18 -> 0.02644 | W19: =W18 -> 0.17 | X19: =X18 -> 0.102 | Y19: =Y18 -> 0.068 | AA19: =AA18 -> 1.27 | AC19: =AC18 -> 0.0035 | AD19: =AD18 -> 0.0021 | AE19: =AE18 -> 0.0014 | AG19: =AG18 -> 0.0215 | AH19: =AH18 -> 0.0129 | AI19: =AI18 -> 0.0086 | AK19: =AK18 -> 0.027 | AL19: =AL18 -> 0.0162 | AM19: =AM18 -> 0.0108 | AO19: =AP19+AQ19 -> 0.062 | AP19: 0.0372 | AQ19: 0.0248
B20: 2033 | E20: 24.426 | F20: 24.3969 | G20: 24.3662 | J20: 1.6409703 | K20: 1.6370202 | L20: 1.6328301 | O20: =J19*10/12+J20*2/12 -> 1.6190965 | P20: =K19*10/12+K20*2/12 -> 1.6168196 | Q20: =L19*10/12+L20*2/12 -> 1.614404 | S20: =S19 -> 0.0661 | T20: =T19 -> 0.03966 | U20: =U19 -> 0.02644 | W20: =W19 -> 0.17 | X20: =X19 -> 0.102 | Y20: =Y19 -> 0.068 | AA20: =AA19 -> 1.27 | AC20: =AC19 -> 0.0035 | AD20: =AD19 -> 0.0021 | AE20: =AE19 -> 0.0014 | AG20: =AG19 -> 0.0215 | AH20: =AH19 -> 0.0129 | AI20: =AI19 -> 0.0086 | AK20: =AK19 -> 0.027 | AL20: =AL19 -> 0.0162 | AM20: =AM19 -> 0.0108 | AO20: =AP20+AQ20 -> 0.062 | AP20: 0.0372 | AQ20: 0.0248
B21: 2034 | E21: 25.1064 | F21: 25.0466 | G21: 24.9833 | J21: 1.6670454 | K21: 1.6603603 | L21: 1.6528486 | O21: =J20*10/12+J21*2/12 -> 1.6453162 | P21: =K20*10/12+K21*2/12 -> 1.6409102 | Q21: =L20*10/12+L21*2/12 -> 1.6361665 | S21: =S20 -> 0.0661 | T21: =T20 -> 0.03966 | U21: =U20 -> 0.02644 | W21: =W20 -> 0.17 | X21: =X20 -> 0.102 | Y21: =Y20 -> 0.068 | AA21: =AA20 -> 1.27 | AC21: =AC20 -> 0.0035 | AD21: =AD20 -> 0.0021 | AE21: =AE20 -> 0.0014 | AG21: =AG20 -> 0.0215 | AH21: =AH20 -> 0.0129 | AI21: =AI20 -> 0.0086 | AK21: =AK20 -> 0.027 | AL21: =AL20 -> 0.0162 | AM21: =AM20 -> 0.0108 | AO21: =AP21+AQ21 -> 0.062 | AP21: 0.0372 | AQ21: 0.0248
B22: 2035 | E22: 25.7966 | F22: 25.6942 | G22: 25.5794 | J22: 1.6935348 | K22: 1.684033 | L22: 1.6735472 | O22: =J21*10/12+J22*2/12 -> 1.6714603 | P22: =K21*10/12+K22*2/12 -> 1.6643057 | Q22: =L21*10/12+L22*2/12 -> 1.6562983 | S22: =S21 -> 0.0661 | T22: =T21 -> 0.03966 | U22: =U21 -> 0.02644 | W22: =W21 -> 0.17 | X22: =X21 -> 0.102 | Y22: =Y21 -> 0.068 | AA22: =AA21 -> 1.27 | AC22: =AC21 -> 0.0035 | AD22: =AD21 -> 0.0021 | AE22: =AE21 -> 0.0014 | AG22: =AG21 -> 0.0215 | AH22: =AH21 -> 0.0129 | AI22: =AI21 -> 0.0086 | AK22: =AK21 -> 0.027 | AL22: =AL21 -> 0.0162 | AM22: =AM21 -> 0.0108 | AO22: =AP22+AQ22 -> 0.062 | AP22: 0.0372 | AQ22: 0.0248
B23: 2036 | E23: 26.5057 | F23: 26.3586 | G23: 26.1965 | J23: 1.7206655 | K23: 1.707748 | L23: 1.693871 | O23: =J22*10/12+J23*2/12 -> 1.6980566 | P23: =K22*10/12+K23*2/12 -> 1.6879855 | Q23: =L22*10/12+L23*2/12 -> 1.6769345 | S23: =S22 -> 0.0661 | T23: =T22 -> 0.03966 | U23: =U22 -> 0.02644 | W23: =W22 -> 0.17 | X23: =X22 -> 0.102 | Y23: =Y22 -> 0.068 | AA23: =AA22 -> 1.27 | AC23: =AC22 -> 0.0035 | AD23: =AD22 -> 0.0021 | AE23: =AE22 -> 0.0014 | AG23: =AG22 -> 0.0215 | AH23: =AH22 -> 0.0129 | AI23: =AI22 -> 0.0086 | AK23: =AK22 -> 0.027 | AL23: =AL22 -> 0.0162 | AM23: =AM22 -> 0.0108 | AO23: =AP23+AQ23 -> 0.062 | AP23: 0.0372 | AQ23: 0.0248
B24: 2037 | E24: 27.2378 | F24: 27.0355 | G24: 26.8185 | J24: 1.7484737 | K24: 1.7315162 | L24: 1.7136454 | O24: =J23*10/12+J24*2/12 -> 1.7253002 | P24: =K23*10/12+K24*2/12 -> 1.7117094 | Q24: =L23*10/12+L24*2/12 -> 1.6971667 | S24: =S23 -> 0.0661 | T24: =T23 -> 0.03966 | U24: =U23 -> 0.02644 | W24: =W23 -> 0.17 | X24: =X23 -> 0.102 | Y24: =Y23 -> 0.068 | AA24: =AA23 -> 1.27 | AC24: =AC23 -> 0.0035 | AD24: =AD23 -> 0.0021 | AE24: =AE23 -> 0.0014 | AG24: =AG23 -> 0.0215 | AH24: =AH23 -> 0.0129 | AI24: =AI23 -> 0.0086 | AK24: =AK23 -> 0.027 | AL24: =AL23 -> 0.0162 | AM24: =AM23 -> 0.0108 | AO24: =AP24+AQ24 -> 0.062 | AP24: 0.0372 | AQ24: 0.0248
B25: 2038 | E25: 27.7597 | F25: 27.4929 | G25: 27.212 | J25: 1.7821087 | K25: 1.7605874 | L25: 1.7380478 | O25: =J24*10/12+J25*2/12 -> 1.7540796 | P25: =K24*10/12+K25*2/12 -> 1.7363614 | Q25: =L24*10/12+L25*2/12 -> 1.7177125 | S25: =S24 -> 0.0661 | T25: =T24 -> 0.03966 | U25: =U24 -> 0.02644 | W25: =W24 -> 0.17 | X25: =X24 -> 0.102 | Y25: =Y24 -> 0.068 | AA25: =AA24 -> 1.27 | AC25: =AC24 -> 0.0035 | AD25: =AD24 -> 0.0021 | AE25: =AE24 -> 0.0014 | AG25: =AG24 -> 0.0215 | AH25: =AH24 -> 0.0129 | AI25: =AI24 -> 0.0086 | AK25: =AK24 -> 0.027 | AL25: =AL24 -> 0.0162 | AM25: =AM24 -> 0.0108 | AO25: =AP25+AQ25 -> 0.062 | AP25: 0.0372 | AQ25: 0.0248
... B47: 2060 | E47: 42.394 | F47: 39.3051 | G47: 36.4672 | J47: 2.72212 | K47: 2.5153965 | L47: 2.327043 | O47: =J46*10/12+J47*2/12 -> 2.6788845 | P47: =K46*10/12+K47*2/12 -> 2.4821126 | Q47: =L46*10/12+L47*2/12 -> 2.3015632 | S47: =S46 -> 0.0661 | T47: =T46 -> 0.03966 | U47: =U46 -> 0.02644 | W47: =W46 -> 0.17 | X47: =X46 -> 0.102 | Y47: =Y46 -> 0.068 | AA47: =AA46 -> 1.27 | AC47: =AC46 -> 0.0035 | AD47: =AD46 -> 0.0021 | AE47: =AE46 -> 0.0014 | AG47: =AG46 -> 0.0215 | AH47: =AH46 -> 0.0129 | AI47: =AI46 -> 0.0086 | AK47: =AK46 -> 0.027 | AL47: =AL46 -> 0.0162 | AM47: =AM46 -> 0.0108 | AO47: =AP47+AQ47 -> 0.062 | AP47: 0.0372 | AQ47: 0.0248
B48: 2061 | E48: 43.2177 | F48: 39.9393 | G48: 36.9527 | J48: 2.7750107 | K48: 2.5559295 | L48: 2.3580258 | O48: =J47*10/12+J48*2/12 -> 2.7309351 | P48: =K47*10/12+K48*2/12 -> 2.522152 | Q48: =L47*10/12+L48*2/12 -> 2.3322068 | S48: =S47 -> 0.0661 | T48: =T47 -> 0.03966 | U48: =U47 -> 0.02644 | W48: =W47 -> 0.17 | X48: =X47 -> 0.102 | Y48: =Y47 -> 0.068 | AA48: =AA47 -> 1.27 | AC48: =AC47 -> 0.0035 | AD48: =AD47 -> 0.0021 | AE48: =AE47 -> 0.0014 | AG48: =AG47 -> 0.0215 | AH48: =AH47 -> 0.0129 | AI48: =AI47 -> 0.0086 | AK48: =AK47 -> 0.027 | AL48: =AL47 -> 0.0162 | AM48: =AM47 -> 0.0108 | AO48: =AO47 -> 0.062 | AP48: =AP47 -> 0.0372 | AQ48: =AQ47 -> 0.0248
B49: 2062 | E49: 44.0574 | F49: 40.5829 | G49: 37.4447 | J49: 2.828929 | K49: 2.597074 | L49: 2.3894211 | O49: =J48*10/12+J49*2/12 -> 2.7839971 | P49: =K48*10/12+K49*2/12 -> 2.5627869 | Q49: =L48*10/12+L49*2/12 -> 2.3632584 | S49: =S48 -> 0.0661 | T49: =T48 -> 0.03966 | U49: =U48 -> 0.02644 | W49: =W48 -> 0.17 | X49: =X48 -> 0.102 | Y49: =Y48 -> 0.068 | AA49: =AA48 -> 1.27 | AC49: =AC48 -> 0.0035 | AD49: =AD48 -> 0.0021 | AE49: =AE48 -> 0.0014 | AG49: =AG48 -> 0.0215 | AH49: =AH48 -> 0.0129 | AI49: =AI48 -> 0.0086 | AK49: =AK48 -> 0.027 | AL49: =AL48 -> 0.0162 | AM49: =AM48 -> 0.0108 | AO49: =AO48 -> 0.062 | AP49: =AP48 -> 0.0372 | AQ49: =AQ48 -> 0.0248
B50: 2063 | E50: 44.9134 | F50: 41.2362 | G50: 37.9432 | J50: 2.883895 | K50: 2.6388391 | L50: 2.4212345 | O50: =J49*10/12+J50*2/12 -> 2.83809 | P50: =K49*10/12+K50*2/12 -> 2.6040348 | Q50: =L49*10/12+L50*2/12 -> 2.3947234 | S50: =S49 -> 0.0661 | T50: =T49 -> 0.03966 | U50: =U49 -> 0.02644 | W50: =W49 -> 0.17 | X50: =X49 -> 0.102 | Y50: =Y49 -> 0.068 | AA50: =AA49 -> 1.27 | AC50: =AC49 -> 0.0035 | AD50: =AD49 -> 0.0021 | AE50: =AE49 -> 0.0014 | AG50: =AG49 -> 0.0215 | AH50: =AH49 -> 0.0129 | AI50: =AI49 -> 0.0086 | AK50: =AK49 -> 0.027 | AL50: =AL49 -> 0.0162 | AM50: =AM49 -> 0.0108 | AO50: =AO49 -> 0.062 | AP50: =AP49 -> 0.0372 | AQ50: =AQ49 -> 0.0248
B51: 2064 | E51: 45.7861 | F51: 41.8993 | G51: 38.4484 | J51: 2.9399289 | K51: 2.6812361 | L51: 2.4534714 | O51: =J50*10/12+J51*2/12 -> 2.893234 | P51: =K50*10/12+K51*2/12 -> 2.6459053 | Q51: =L50*10/12+L51*2/12 -> 2.4266073 | S51: =S50 -> 0.0661 | T51: =T50 -> 0.03966 | U51: =U50 -> 0.02644 | W51: =W50 -> 0.17 | X51: =X50 -> 0.102 | Y51: =Y50 -> 0.068 | AA51: =AA50 -> 1.27 | AC51: =AC50 -> 0.0035 | AD51: =AD50 -> 0.0021 | AE51: =AE50 -> 0.0014 | AG51: =AG50 -> 0.0215 | AH51: =AH50 -> 0.0129 | AI51: =AI50 -> 0.0086 | AK51: =AK50 -> 0.027 | AL51: =AL50 -> 0.0162 | AM51: =AM50 -> 0.0108 | AO51: =AO50 -> 0.062 | AP51: =AP50 -> 0.0372 | AQ51: =AQ50 -> 0.0248
B52: 2065 | E52: 46.6757 | F52: 42.5725 | G52: 38.9603 | J52: 2.9970516 | K52: 2.7242701 | L52: 2.4861375 | O52: =J51*10/12+J52*2/12 -> 2.9494494 | P52: =K51*10/12+K52*2/12 -> 2.6884085 | Q52: =L51*10/12+L52*2/12 -> 2.4589157 | S52: =S51 -> 0.0661 | T52: =T51 -> 0.03966 | U52: =U51 -> 0.02644 | W52: =W51 -> 0.17 | X52: =X51 -> 0.102 | Y52: =Y51 -> 0.068 | AA52: =AA51 -> 1.27 | AC52: =AC51 -> 0.0035 | AD52: =AD51 -> 0.0021 | AE52: =AE51 -> 0.0014 | AG52: =AG51 -> 0.0215 | AH52: =AH51 -> 0.0129 | AI52: =AI51 -> 0.0086 | AK52: =AK51 -> 0.027 | AL52: =AL51 -> 0.0162 | AM52: =AM51 -> 0.0108 | AO52: =AO51 -> 0.062 | AP52: =AP51 -> 0.0372 | AQ52: =AQ51 -> 0.0248
B53: 2066 | E53: 47.5826 | F53: 43.2558 | G53: 39.479 | J53: 3.0552842 | K53: 2.7679385 | L53: 2.5192385 | O53: =J52*10/12+J53*2/12 -> 3.0067571 | P53: =K52*10/12+K53*2/12 -> 2.7315482 | Q53: =L52*10/12+L53*2/12 -> 2.4916543 | S53: =S52 -> 0.0661 | T53: =T52 -> 0.03966 | U53: =U52 -> 0.02644 | W53: =W52 -> 0.17 | X53: =X52 -> 0.102 | Y53: =Y52 -> 0.068 | AA53: =AA52 -> 1.27 | AC53: =AC52 -> 0.0035 | AD53: =AD52 -> 0.0021 | AE53: =AE52 -> 0.0014 | AG53: =AG52 -> 0.0215 | AH53: =AH52 -> 0.0129 | AI53: =AI52 -> 0.0086 | AK53: =AK52 -> 0.027 | AL53: =AL52 -> 0.0162 | AM53: =AM52 -> 0.0108 | AO53: =AO52 -> 0.062 | AP53: =AP52 -> 0.0372 | AQ53: =AQ52 -> 0.0248
B54: 2067 | E54: 48.5071 | F54: 43.9492 | G54: 40.0046 | J54: 3.1146483 | K54: 2.8123029 | L54: 2.5527803 | O54: =J53*10/12+J54*2/12 -> 3.0651782 | P54: =K53*10/12+K54*2/12 -> 2.7753326 | Q54: =L53*10/12+L54*2/12 -> 2.5248288 | S54: =S53 -> 0.0661 | T54: =T53 -> 0.03966 | U54: =U53 -> 0.02644 | W54: =W53 -> 0.17 | X54: =X53 -> 0.102 | Y54: =Y53 -> 0.068 | AA54: =AA53 -> 1.27 | AC54: =AC53 -> 0.0035 | AD54: =AD53 -> 0.0021 | AE54: =AE53 -> 0.0014 | AG54: =AG53 -> 0.0215 | AH54: =AH53 -> 0.0129 | AI54: =AI53 -> 0.0086 | AK54: =AK53 -> 0.027 | AL54: =AL53 -> 0.0162 | AM54: =AM53 -> 0.0108 | AO54: =AO53 -> 0.062 | AP54: =AP53 -> 0.0372 | AQ54: =AQ53 -> 0.0248
B55: 2068 | E55: 49.4496 | F55: 44.6536 | G55: 40.5372 | J55: 3.1751658 | K55: 2.8573861 | L55: 2.5867686 | O55: =J54*10/12+J55*2/12 -> 3.1247345 | P55: =K54*10/12+K55*2/12 -> 2.8198168 | Q55: =L54*10/12+L55*2/12 -> 2.558445 | S55: =S54 -> 0.0661 | T55: =T54 -> 0.03966 | U55: =U54 -> 0.02644 | W55: =W54 -> 0.17 | X55: =X54 -> 0.102 | Y55: =Y54 -> 0.068 | AA55: =AA54 -> 1.27 | AC55: =AC54 -> 0.0035 | AD55: =AD54 -> 0.0021 | AE55: =AE54 -> 0.0014 | AG55: =AG54 -> 0.0215 | AH55: =AH54 -> 0.0129 | AI55: =AI54 -> 0.0086 | AK55: =AK54 -> 0.027 | AL55: =AL54 -> 0.0162 | AM55: =AM54 -> 0.0108 | AO55: =AO54 -> 0.062 | AP55: =AP54 -> 0.0372 | AQ55: =AQ54 -> 0.0248
B56: 2069 | E56: 50.4104 | F56: 45.3694 | G56: 41.0769 | J56: 3.2368591 | K56: 2.9031816 | L56: 2.6212095 | O56: =J55*10/12+J56*2/12 -> 3.185448 | P56: =K55*10/12+K56*2/12 -> 2.8650186 | Q56: =L55*10/12+L56*2/12 -> 2.5925087 | S56: =S55 -> 0.0661 | T56: =T55 -> 0.03966 | U56: =U55 -> 0.02644 | W56: =W55 -> 0.17 | X56: =X55 -> 0.102 | Y56: =Y55 -> 0.068 | AA56: =AA55 -> 1.27 | AC56: =AC55 -> 0.0035 | AD56: =AD55 -> 0.0021 | AE56: =AE55 -> 0.0014 | AG56: =AG55 -> 0.0215 | AH56: =AH55 -> 0.0129 | AI56: =AI55 -> 0.0086 | AK56: =AK55 -> 0.027 | AL56: =AL55 -> 0.0162 | AM56: =AM55 -> 0.0108 | AO56: =AO55 -> 0.062 | AP56: =AP55 -> 0.0372 | AQ56: =AQ55 -> 0.0248
B57: 2070 | E57: 51.3899 | F57: 46.0965 | G57: 41.6238 | J57: 3.2997511 | K57: 2.9497641 | L57: 2.6561089 | O57: =J56*10/12+J57*2/12 -> 3.2473411 | P57: =K56*10/12+K57*2/12 -> 2.9109453 | Q57: =L56*10/12+L57*2/12 -> 2.627026 | S57: =S56 -> 0.0661 | T57: =T56 -> 0.03966 | U57: =U56 -> 0.02644 | W57: =W56 -> 0.17 | X57: =X56 -> 0.102 | Y57: =Y56 -> 0.068 | AA57: =AA56 -> 1.27 | AC57: =AC56 -> 0.0035 | AD57: =AD56 -> 0.0021 | AE57: =AE56 -> 0.0014 | AG57: =AG56 -> 0.0215 | AH57: =AH56 -> 0.0129 | AI57: =AI56 -> 0.0086 | AK57: =AK56 -> 0.027 | AL57: =AL56 -> 0.0162 | AM57: =AM56 -> 0.0108 | AO57: =AO56 -> 0.062 | AP57: =AP56 -> 0.0372 | AQ57: =AQ56 -> 0.0248
B60: Coef | E60: 0 | F60: 0 | G60: 0 | J60: 0.004 | K60: 0.004 | L60: 0.004
B61: 2027-2037 | E61: 0 | F61: 0 | G61: 0 | J61: 0.0116 | K61: 0.0116 | L61: 0.0116
B62: 2037-2070 | E62: 0.0086 | F62: =E62 -> 0.0086 | G62: =F62 -> 0.0086 | J62: =G62 -> 0.0086 | K62: =J62 -> 0.0086 | L62: =K62 -> 0.0086

Sheet ARRCO
D1: Source : AGIRC-ARRCO
D2: Valeurs du point ARRCO | H2: Taux de cotisation
B4: Année | D4: Valeur d'achat (valeur annuelle) | E4: Valeur de service au 01/01 | F4: Valeur de service (moyenne annuelle) | H4: Taux de cotisation obligatoire T1 | I4: dont employeur | J4: dont salarié | L4: Taux de cotisation moyen T1 | M4: dont employeur | N4: dont salarié | P4: Taux de cotisation obligatoire T2 | Q4: dont employeur | R4: dont salarié | T4: Taux de cotisation moyen T2 | U4: dont employeur | V4: dont salarié | X4: Taux d'appel | Z4: AGFF T1 (ASF avant 2001) | AA4: dont employeur | AB4: dont salarié
B5: 1957 | D5: 0.41052996 | H5: =I5+J5 -> 0.04 | I5: =I6 -> 0.024 | J5: =J6 -> 0.016 | L5: =M5+N5 -> 0.054157303 | M5: =M6 -> 0.032477303 | N5: =N6 -> 0.02168 | P5: =Q5+R5 -> 0.04 | Q5: =Q6 -> 0.024 | R5: =R6 -> 0.016 | T5: =U5+V5 -> 0.08 | U5: =U6 -> 0.048 | V5: =V6 -> 0.032 | X5: 1
B6: 1958 | D6: 0.46041128 | H6: =I6+J6 -> 0.04 | I6: =I7 -> 0.024 | J6: =J7 -> 0.016 | L6: =M6+N6 -> 0.054157303 | M6: =M7 -> 0.032477303 | N6: =N7 -> 0.02168 | P6: =Q6+R6 -> 0.04 | Q6: =Q7 -> 0.024 | R6: =R7 -> 0.016 | T6: =U6+V6 -> 0.08 | U6: =U7 -> 0.048 | V6: =V7 -> 0.032 | X6: 1
B7: 1959 | D7: 0.48725755 | H7: =I7+J7 -> 0.04 | I7: =I8 -> 0.024 | J7: =J8 -> 0.016 | L7: =M7+N7 -> 0.054157303 | M7: =M8 -> 0.032477303 | N7: =N8 -> 0.02168 | P7: =Q7+R7 -> 0.04 | Q7: =Q8 -> 0.024 | R7: =R8 -> 0.016 | T7: =U7+V7 -> 0.08 | U7: =U8 -> 0.048 | V7: =V8 -> 0.032 | X7: 1
B8: 1960 | D8: 0.52945544 | H8: =I8+J8 -> 0.04 | I8: =I9 -> 0.024 | J8: =J9 -> 0.016 | L8: =M8+N8 -> 0.054157303 | M8: =M9 -> 0.032477303 | N8: =N9 -> 0.02168 | P8: =Q8+R8 -> 0.04 | Q8: =Q9 -> 0.024 | R8: =R9 -> 0.016 | T8: =U8+V8 -> 0.08 | U8: =U9 -> 0.048 | V8: =V9 -> 0.032 | X8: 1
B9: 1961 | D9: 0.57165332 | E9: 0.074227426 | F9: 0.076663016 | H9: =I9+J9 -> 0.04 | I9: =I10 -> 0.024 | J9: =J10 -> 0.016 | L9: =M9+N9 -> 0.054157303 | M9: =M10 -> 0.032477303 | N9: =N10 -> 0.02168 | P9: =Q9+R9 -> 0.04 | Q9: =Q10 -> 0.024 | R9: =R10 -> 0.016 | T9: =U9+V9 -> 0.08 | U9: =U10 -> 0.048 | V9: =V10 -> 0.032 | X9: 1
B10: 1962 | D10: 0.6219615 | E10: 0.080767489 | F10: 0.08133946 | H10: =I10+J10 -> 0.04 | I10: =I11 -> 0.024 | J10: =J11 -> 0.016 | L10: =M10+N10 -> 0.054157303 | M10: =M11 -> 0.032477303 | N10: =N11 -> 0.02168 | P10: =Q10+R10 -> 0.04 | Q10: =Q11 -> 0.024 | R10: =R11 -> 0.016 | T10: =U10+V10 -> 0.08 | U10: =U11 -> 0.048 | V10: =V11 -> 0.032 | X10: 1
B11: 1963 | D11: 0.67606566 | E11: 0.086469083 | F11: 0.087114562 | H11: =I11+J11 -> 0.04 | I11: 0.024 | J11: 0.016 | L11: =M11+N11 -> 0.054157303 | M11: 0.032477303 | N11: 0.02168 | P11: =Q11+R11 -> 0.04 | Q11: 0.024 | R11: 0.016 | T11: =U11+V11 -> 0.08 | U11: 0.048 | V11: 0.032 | X11: 1
B12: 1964 | D12: 0.71933069 | E12: 0.093939084 | F12: 0.094606414 | H12: =I12+J12 -> 0.04 | I12: 0.024 | J12: 0.016 | L12: =M12+N12 -> 0.054157303 | M12: 0.032477303 | N12: 0.02168 | P12: =Q12+R12 -> 0.04 | Q12: 0.024 | R12: 0.016 | T12: =U12+V12 -> 0.08 | U12: 0.048 | V12: 0.032 | X12: 1
B13: 1965 | D13: 0.7581747 | E13: 0.10116517 | F13: 0.10189111 | H13: =I13+J13 -> 0.04 | I13: 0.024 | J13: 0.016 | L13: =M13+N13 -> 0.054157303 | M13: 0.032477303 | N13: 0.02168 | P13: =Q13+R13 -> 0.04 | Q13: 0.024 | R13: 0.016 | T13: =U13+V13 -> 0.08 | U13: 0.048 | V13: 0.032 | X13: 1
B14: 1966 | D14: 0.80595222 | E14: 0.10694299 | F14: 0.1076989 | H14: =I14+J14 -> 0.04 | I14: 0.024 | J14: 0.016 | L14: =M14+N14 -> 0.054157303 | M14: 0.032477303 | N14: 0.02168 | P14: =Q14+R14 -> 0.04 | Q14: 0.024 | R14: 0.016 | T14: =U14+V14 -> 0.08 | U14: 0.048 | V14: 0.032 | X14: 1
B15: 1967 | D15: 0.84624449 | E15: 0.11273605 | F15: 0.11351464 | H15: =I15+J15 -> 0.04 | I15: 0.024 | J15: 0.016 | L15: =M15+N15 -> 0.054157303 | M15: 0.032477303 | N15: 0.02168 | P15: =Q15+R15 -> 0.04 | Q15: 0.024 | R15: 0.016 | T15: =U15+V15 -> 0.08 | U15: 0.048 | V15: 0.032 | X15: 1
B16: 1968 | D16: 0.93172266 | E16: 0.12011458 | F16: 0.12089309 | H16: =I16+J16 -> 0.04 | I16: 0.024 | J16: 0.016 | L16: =M16+N16 -> 0.054157303 | M16: 0.032477303 | N16: 0.02168 | P16: =Q16+R16 -> 0.04 | Q16: 0.024 | R16: 0.016 | T16: =U16+V16 -> 0.08 | U16: 0.048 | V16: 0.032 | X16: 1
B17: 1969 | D17: 1.0258142 | E17: 0.12849928 | F17: 0.12935561 | H17: =I17+J17 -> 0.04 | I17: 0.024 | J17: 0.016 | L17: =M17+N17 -> 0.054157303 | M17: 0.032477303 | N17: 0.02168 | P17: =Q17+R17 -> 0.04 | Q17: 0.024 | R17: 0.016 | T17: =U17+V17 -> 0.08 | U17: 0.048 | V17: 0.032 | X17: 1
B18: 1970 | D18: 1.1283971 | E18: 0.13862189 | F18: 0.1395747 | H18: =I18+J18 -> 0.04 | I18: 0.024 | J18: 0.016 | L18: =M18+N18 -> 0.054157303 | M18: 0.032477303 | N18: 0.02168 | P18: =Q18+R18 -> 0.04 | Q18: 0.024 | R18: 0.016 | T18: =U18+V18 -> 0.08 | U18: 0.048 | V18: 0.032 | X18: 1
B19: 1971 | D19: 1.2468805 | E19: 0.15231181 | F19: 0.1533926 | H19: =I19+J19 -> 0.04 | I19: 0.024 | J19: 0.016 | L19: =M19+N19 -> 0.054157303 | M19: 0.032477303 | N19: 0.02168 | P19: =Q19+R19 -> 0.04 | Q19: 0.024 | R19: 0.016 | T19: =U19+V19 -> 0.08 | U19: 0.048 | V19: 0.032 | X19: 1.025
B20: 1972 | D20: 1.3803039 | E20: 0.1663981 | F20: 0.1675354 | H20: =I20+J20 -> 0.04 | I20: 0.024 | J20: 0.016 | L20: =M20+N20 -> 0.054157303 | M20: 0.032477303 | N20: 0.02168 | P20: =Q20+R20 -> 0.04 | Q20: 0.024 | R20: 0.016 | T20: =U20+V20 -> 0.08 | U20: 0.048 | V20: 0.032 | X20: 1.05
B21: 1973 | D21: 1.5622213 | E21: 0.18496639 | F21: 0.1862491 | H21: =I21+J21 -> 0.04 | I21: 0.024 | J21: 0.016 | L21: =M21+N21 -> 0.054157303 | M21: 0.032477303 | N21: 0.02168 | P21: =Q21+R21 -> 0.04 | Q21: 0.024 | R21: 0.016 | T21: =U21+V21 -> 0.08 | U21: 0.048 | V21: 0.032 | X21: 1.075
B22: 1974 | D22: 1.8120243 | E22: 0.21580683 | F22: 0.21731545 | H22: =I22+J22 -> 0.04 | I22: 0.024 | J22: 0.016 | L22: =M22+N22 -> 0.054157303 | M22: 0.032477303 | N22: 0.02168 | P22: =Q22+R22 -> 0.04 | Q22: 0.024 | R22: 0.016 | T22: =U22+V22 -> 0.08 | U22: 0.048 | V22: 0.032 | X22: 1.1
... B30: 1982 | D30: 4.7657392 | E30: 0.5865171 | F30: 0.59044987 | H30: =I30+J30 -> 0.04 | I30: 0.024 | J30: 0.016 | L30: =M30+N30 -> 0.054157303 | M30: 0.032477303 | N30: 0.02168 | P30: =Q30+R30 -> 0.04 | Q30: 0.024 | R30: 0.016 | T30: =U30+V30 -> 0.08 | U30: 0.048 | V30: 0.032 | X30: 1.1
B31: 1983 | D31: 5.2666257 | E31: 0.63659661 | F31: 0.64093334 | H31: =I31+J31 -> 0.04 | I31: 0.024 | J31: 0.016 | L31: =M31+N31 -> 0.054157303 | M31: 0.032477303 | N31: 0.02168 | P31: =Q31+R31 -> 0.04 | Q31: 0.024 | R31: 0.016 | T31: =U31+V31 -> 0.08 | U31: 0.048 | V31: 0.032 | X31: 1.15 | Z31: 0.02 | AA31: 0.012 | AB31: 0.008
B32: 1984 | D32: 5.6589837 | E32: 0.68440462 | F32: 0.68906743 | H32: =I32+J32 -> 0.04 | I32: 0.024 | J32: 0.016 | L32: =M32+N32 -> 0.054157303 | M32: 0.032477303 | N32: 0.02168 | P32: =Q32+R32 -> 0.04 | Q32: 0.024 | R32: 0.016 | T32: =U32+V32 -> 0.08 | U32: 0.048 | V32: 0.032 | X32: 1.15 | Z32: 0.02 | AA32: 0.012 | AB32: 0.008
B33: 1985 | D33: 6.0551073 | E33: 0.72718181 | F33: 0.73213415 | H33: =I33+J33 -> 0.04 | I33: 0.024 | J33: 0.016 | L33: =M33+N33 -> 0.054157303 | M33: 0.032477303 | N33: 0.02168 | P33: =Q33+R33 -> 0.04 | Q33: 0.024 | R33: 0.016 | T33: =U33+V33 -> 0.08 | U33: 0.048 | V33: 0.032 | X33: 1.15 | Z33: 0.02 | AA33: 0.012 | AB33: 0.008
B34: 1986 | D34: 6.3427328 | E34: 0.75915037 | F34: 0.76434805 | H34: =I34+J34 -> 0.04 | I34: 0.024 | J34: 0.016 | L34: =M34+N34 -> 0.054157303 | M34: 0.032477303 | N34: 0.02168 | P34: =Q34+R34 -> 0.04 | Q34: 0.024 | R34: 0.016 | T34: =U34+V34 -> 0.08 | U34: 0.048 | V34: 0.032 | X34: 1.15 | Z34: 0.02 | AA34: 0.012 | AB34: 0.008
B35: 1987 | D35: 6.6021553 | E35: 0.78290193 | F35: 0.78827214 | H35: =I35+J35 -> 0.04 | I35: 0.024 | J35: 0.016 | L35: =M35+N35 -> 0.054157303 | M35: 0.032477303 | N35: 0.02168 | P35: =Q35+R35 -> 0.04 | Q35: 0.024 | R35: 0.016 | T35: =U35+V35 -> 0.08 | U35: 0.048 | V35: 0.032 | X35: 1.175 | Z35: 0.02 | AA35: 0.012 | AB35: 0.008
B36: 1988 | D36: 6.8715175 | E36: 0.8048241 | F36: 0.81034376 | H36: =I36+J36 -> 0.04 | I36: 0.024 | J36: 0.016 | L36: =M36+N36 -> 0.054157303 | M36: 0.032477303 | N36: 0.02168 | P36: =Q36+R36 -> 0.04 | Q36: 0.024 | R36: 0.016 | T36: =U36+V36 -> 0.08 | U36: 0.048 | V36: 0.032 | X36: 1.2 | Z36: 0.02 | AA36: 0.012 | AB36: 0.008
B37: 1989 | D37: 7.1882913 | E37: 0.82735606 | F37: 0.83303339 | H37: =I37+J37 -> 0.04 | I37: 0.024 | J37: 0.016 | L37: =M37+N37 -> 0.054157303 | M37: 0.032477303 | N37: 0.02168 | P37: =Q37+R37 -> 0.04 | Q37: 0.024 | R37: 0.016 | T37: =U37+V37 -> 0.08 | U37: 0.048 | V37: 0.032 | X37: 1.2 | Z37: 0.02 | AA37: 0.012 | AB37: 0.008
B38: 1990 | D38: 7.5455556 | E38: 0.86138268 | F38: 0.86727106 | H38: =I38+J38 -> 0.04 | I38: 0.024 | J38: 0.016 | L38: =M38+N38 -> 0.054157303 | M38: 0.032477303 | N38: 0.02168 | P38: =Q38+R38 -> 0.04 | Q38: 0.024 | R38: 0.016 | T38: =U38+V38 -> 0.08 | U38: 0.048 | V38: 0.032 | X38: 1.2 | Z38: 0.02 | AA38: 0.012 | AB38: 0.008
B39: 1991 | D39: 7.889633 | E39: 0.89342747 | F39: 0.89953355 | H39: =I39+J39 -> 0.04 | I39: 0.024 | J39: 0.016 | L39: =M39+N39 -> 0.054157303 | M39: 0.032477303 | N39: 0.02168 | P39: =Q39+R39 -> 0.04 | Q39: 0.024 | R39: 0.016 | T39: =U39+V39 -> 0.08 | U39: 0.048 | V39: 0.032 | X39: 1.23 | Z39: 0.018 | AA39: 0.0108 | AB39: 0.0072
B40: 1992 | D40: 8.2060105 | E40: 0.92463378 | F40: 0.93092727 | H40: =I40+J40 -> 0.04 | I40: 0.024 | J40: 0.016 | L40: =M40+N40 -> 0.054157303 | M40: 0.032477303 | N40: 0.02168 | P40: =Q40+R40 -> 0.04 | Q40: 0.024 | R40: 0.016 | T40: =U40+V40 -> 0.08 | U40: 0.048 | V40: 0.032 | X40: 1.25 | Z40: 0.018 | AA40: 0.0108 | AB40: 0.0072
B41: 1993 | D41: 8.5137288 | E41: 0.94436068 | F41: 0.95084911 | H41: =I41+J41 -> 0.04 | I41: 0.024 | J41: 0.016 | L41: =M41+N41 -> 0.054157303 | M41: 0.032477303 | N41: 0.02168 | P41: =Q41+R41 -> 0.04 | Q41: 0.024 | R41: 0.016 | T41: =U41+V41 -> 0.08 | U41: 0.048 | V41: 0.032 | X41: 1.25 | Z41: 0.018 | AA41: 0.0108 | AB41: 0.0072
B42: 1994 | D42: 8.6533569 | E42: 0.94930003 | F42: 0.95579352 | H42: =I42+J42 -> 0.04 | I42: 0.024 | J42: 0.016 | L42: =M42+N42 -> 0.055791624 | M42: 0.034111624 | N42: 0.02168 | P42: =Q42+R42 -> 0.04 | Q42: 0.024 | R42: 0.016 | T42: =U42+V42 -> 0.08 | U42: 0.048 | V42: 0.032 | X42: 1.25 | Z42: 0.0196 | AA42: 0.0116 | AB42: 0.008
... B66: 2018 | D66: 16.7226 | E66: 1.2588 | F66: 1.25255 | H66: =I66+J66 -> 0.062 | I66: 0.0372 | J66: 0.0248 | L66: =M66+N66 -> 0.0661 | M66: 0.03966 | N66: 0.02644 | P66: =Q66+R66 -> 0.162 | Q66: 0.0972 | R66: 0.0648 | T66: =U66+V66 -> 0.162 | U66: 0.0972 | V66: 0.0648 | X66: 1.25 | Z66: 0.02 | AA66: 0.012 | AB66: 0.008

Sheet AGIRC
D1: Source : AGIRC-ARRCO
D2: Valeurs du point AGIRC | H2: Taux de cotisation
B4: Année | D4: Valeur d'achat (valeur annuelle) | E4: Valeur de service au 01/01 | F4: Valeur de service (moyenne annuelle) | H4: Taux de cotisation obligatoire TB | I4: dont employeur | J4: dont salarié | L4: Taux de cotisation moyen TB | M4: dont employeur | N4: dont salarié | P4: Taux d'appel | R4: CET (si salaire > PSS) | S4: dont CET employeur | T4: dont CET salarié | V4: AGFF T2 (ASF avant 2001) | W4: dont employeur | X4: dont salarié
B5: 1957 | D5: 0.17684 | E5: 0.022867 | F5: 0.022867353 | H5: =I5+J5 -> 0.08 | I5: =I6 -> 0.06 | J5: =J6 -> 0.02 | L5: =M5+N5 -> 0.1381 | M5: =M6 -> 0.08905 | N5: =N6 -> 0.04905 | P5: =P6 -> 0.9
B6: 1958 | D6: 0.19818 | E6: 0.025154 | F6: 0.026297455 | H6: =I6+J6 -> 0.08 | I6: =I7 -> 0.06 | J6: =J7 -> 0.02 | L6: =M6+N6 -> 0.1381 | M6: =M7 -> 0.08905 | N6: =N7 -> 0.04905 | P6: =P7 -> 0.9
B7: 1959 | D7: 0.21648 | E7: 0.028965 | F7: 0.029727558 | H7: =I7+J7 -> 0.08 | I7: =I8 -> 0.06 | J7: =J8 -> 0.02 | L7: =M7+N7 -> 0.1381 | M7: =M8 -> 0.08905 | N7: =N8 -> 0.04905 | P7: =P8 -> 0.9
B8: 1960 | D8: 0.23172 | E8: 0.032014 | F8: 0.032776539 | H8: =I8+J8 -> 0.08 | I8: =I9 -> 0.06 | J8: =J9 -> 0.02 | L8: =M8+N8 -> 0.1381 | M8: =M9 -> 0.08905 | N8: =N9 -> 0.04905 | P8: =P9 -> 0.9
B9: 1961 | D9: 0.25764 | E9: 0.035063 | F9: 0.035063274 | H9: =I9+J9 -> 0.08 | I9: =I10 -> 0.06 | J9: =J10 -> 0.02 | L9: =M9+N9 -> 0.1381 | M9: =M10 -> 0.08905 | N9: =N10 -> 0.04905 | P9: =P10 -> 0.9
B10: 1962 | D10: 0.28356 | E10: 0.038112 | F10: 0.038493377 | H10: =I10+J10 -> 0.08 | I10: =I11 -> 0.06 | J10: =J11 -> 0.02 | L10: =M10+N10 -> 0.1381 | M10: =M11 -> 0.08905 | N10: =N11 -> 0.04905 | P10: =P11 -> 0.9
B11: 1963 | D11: 0.30337 | E11: 0.038874 | F11: 0.040017867 | H11: =I11+J11 -> 0.08 | I11: 0.06 | J11: 0.02 | L11: =M11+N11 -> 0.1381 | M11: 0.08905 | N11: 0.04905 | P11: 0.9
B12: 1964 | D12: 0.33081 | E12: 0.041161 | F12: 0.04344797 | H12: =I12+J12 -> 0.08 | I12: 0.06 | J12: 0.02 | L12: =M12+N12 -> 0.1373 | M12: 0.08865 | N12: 0.04865 | P12: 0.9
B13: 1965 | D13: 0.34758 | E13: 0.045735 | F13: 0.046878073 | H13: =I13+J13 -> 0.08 | I13: 0.06 | J13: 0.02 | L13: =M13+N13 -> 0.1366 | M13: 0.0883 | N13: 0.0483 | P13: 0.95
B14: 1966 | D14: 0.3674 | E14: 0.048784 | F14: 0.049164808 | H14: =I14+J14 -> 0.08 | I14: 0.06 | J14: 0.02 | L14: =M14+N14 -> 0.1353 | M14: 0.08765 | N14: 0.04765 | P14: 1
B15: 1967 | D15: 0.38874 | E15: 0.049546 | F15: 0.050689298 | H15: =I15+J15 -> 0.08 | I15: 0.06 | J15: 0.02 | L15: =M15+N15 -> 0.1412 | M15: 0.0906 | N15: 0.0506 | P15: 1
B16: 1968 | D16: 0.42228 | E16: 0.051833 | F16: 0.053738279 | H16: =I16+J16 -> 0.08 | I16: 0.06 | J16: 0.02 | L16: =M16+N16 -> 0.1416 | M16: 0.0908 | N16: 0.0508 | P16: 1
B17: 1969 | D17: 0.45735 | E17: 0.058236 | F17: 0.059988688 | H17: =I17+J17 -> 0.08 | I17: 0.06 | J17: 0.02 | L17: =M17+N17 -> 0.1418 | M17: 0.0909 | N17: 0.0509 | P17: 1
B18: 1970 | D18: 0.49698 | E18: 0.061742 | F18: 0.064028587 | H18: =I18+J18 -> 0.08 | I18: 0.06 | J18: 0.02 | L18: =M18+N18 -> 0.141 | M18: 0.0905 | N18: 0.0505 | P18: 1
B19: 1971 | D19: 0.54119 | E19: 0.068602 | F19: 0.071651038 | H19: =I19+J19 -> 0.08 | I19: 0.06 | J19: 0.02 | L19: =M19+N19 -> 0.1407 | M19: 0.09035 | N19: 0.05035 | P19: 1
B20: 1972 | D20: 0.5915 | E20: 0.0747 | F20: 0.078892366 | H20: =I20+J20 -> 0.08 | I20: 0.06 | J20: 0.02 | L20: =M20+N20 -> 0.1387 | M20: 0.08935 | N20: 0.04935 | P20: 1
B21: 1973 | D21: 0.64791 | E21: 0.085371 | F21: 0.08842043 | H21: =I21+J21 -> 0.08 | I21: 0.06 | J21: 0.02 | L21: =M21+N21 -> 0.1433 | M21: 0.09165 | N21: 0.05165 | P21: 1
B22: 1974 | D22: 0.73328 | E22: 0.094518 | F22: 0.098710739 | H22: =I22+J22 -> 0.08 | I22: 0.06 | J22: 0.02 | L22: =M22+N22 -> 0.1424 | M22: 0.0912 | N22: 0.0512 | P22: 1
... B30: 1982 | D30: 1.79585 | E30: 0.2241 | F30: 0.22791128 | H30: =I30+J30 -> 0.08 | I30: 0.06 | J30: 0.02 | L30: =M30+N30 -> 0.1381 | M30: 0.08905 | N30: 0.04905 | P30: 1.03
B31: 1983 | D31: 1.99251 | E31: 0.239345 | F31: 0.24620516 | H31: =I31+J31 -> 0.08 | I31: 0.06 | J31: 0.02 | L31: =M31+N31 -> 0.1388 | M31: 0.0894 | N31: 0.0494 | P31: 1.03 | V31: 0.0218 | W31: 0.0129 | X31: 0.0089
B32: 1984 | D32: 2.11599 | E32: 0.262212 | F32: 0.2634319 | H32: =I32+J32 -> 0.08 | I32: 0.06 | J32: 0.02 | L32: =M32+N32 -> 0.1384 | M32: 0.0892 | N32: 0.0492 | P32: 1.03 | V32: 0.0218 | W32: 0.0129 | X32: 0.0089
B33: 1985 | D33: 2.25929 | E33: 0.272884 | F33: 0.27661874 | H33: =I33+J33 -> 0.08 | I33: 0.06 | J33: 0.02 | L33: =M33+N33 -> 0.1385 | M33: 0.08925 | N33: 0.04925 | P33: 1.03 | V33: 0.0218 | W33: 0.0129 | X33: 0.0089
B34: 1986 | D34: 2.3782 | E34: 0.284622 | F34: 0.28599436 | H34: =I34+J34 -> 0.08 | I34: 0.06 | J34: 0.02 | L34: =M34+N34 -> 0.1389 | M34: 0.08945 | N34: 0.04945 | P34: 1.06 | V34: 0.0218 | W34: 0.0129 | X34: 0.0089
B35: 1987 | D35: 2.44223 | E35: 0.291787 | F35: 0.29285456 | H35: =I35+J35 -> 0.08 | I35: 0.06 | J35: 0.02 | L35: =M35+N35 -> 0.1389 | M35: 0.08945 | N35: 0.04945 | P35: 1.1 | V35: 0.0218 | W35: 0.0129 | X35: 0.0089
B36: 1988 | D36: 2.54285 | E36: 0.300782 | F36: 0.30078191 | H36: =I36+J36 -> 0.08 | I36: 0.06 | J36: 0.02 | L36: =M36+N36 -> 0.139 | M36: 0.0895 | N36: 0.0495 | P36: 1.1 | V36: 0.0218 | W36: 0.0129 | X36: 0.0089
B37: 1989 | D37: 2.65414 | E37: 0.307795 | F37: 0.3097764 | H37: =I37+J37 -> 0.08 | I37: 0.06 | J37: 0.02 | L37: =M37+N37 -> 0.139 | M37: 0.0895 | N37: 0.0495 | P37: 1.134 | V37: 0.0218 | W37: 0.0129 | X37: 0.0089
B38: 1990 | D38: 2.7761 | E38: 0.319076 | F38: 0.31907579 | H38: =I38+J38 -> 0.08 | I38: 0.06 | J38: 0.02 | L38: =M38+N38 -> 0.1387 | M38: 0.08935 | N38: 0.04935 | P38: 1.17 | V38: 0.0218 | W38: 0.0129 | X38: 0.0089
B39: 1991 | D39: 2.86604 | E39: 0.332186 | F39: 0.33218641 | H39: =I39+J39 -> 0.08 | I39: 0.06 | J39: 0.02 | L39: =M39+N39 -> 0.1415 | M39: 0.09075 | N39: 0.05075 | P39: 1.17 | V39: 0.0218 | W39: 0.0129 | X39: 0.0089
B40: 1992 | D40: 2.93159 | E40: 0.341791 | F40: 0.3417907 | H40: =I40+J40 -> 0.08 | I40: 0.06 | J40: 0.02 | L40: =M40+N40 -> 0.1425 | M40: 0.09125 | N40: 0.05125 | P40: 1.17 | V40: 0.0218 | W40: 0.0129 | X40: 0.0089
B41: 1993 | D41: 2.93922 | E41: 0.35109 | F41: 0.35109009 | H41: =I41+J41 -> 0.08 | I41: 0.06 | J41: 0.02 | L41: =M41+N41 -> 0.144 | M41: 0.092 | N41: 0.052 | P41: 1.17 | V41: 0.0218 | W41: 0.0129 | X41: 0.0089
B42: 1994 | D42: 2.9758 | E42: 0.35109 | F42: 0.35109009 | H42: =I42+J42 -> 0.1 | I42: 0.07 | J42: 0.03 | L42: =M42+N42 -> 0.1465 | M42: 0.09325 | N42: 0.05325 | P42: 1.21 | V42: 0.0218 | W42: 0.0129 | X42: 0.0089
... B44: 1996 | D44: 3.22582 | E44: 0.35635 | F44: 0.35634958 | H44: =I44+J44 -> 0.13 | I44: 0.085 | J44: 0.045 | L44: =M44+N44 -> 0.1516 | M44: 0.0958 | N44: 0.0558 | P44: 1.25 | V44: 0.0218 | W44: 0.0129 | X44: 0.0089
B45: 1997 | D45: 3.39352 | E45: 0.358133 | F45: 0.35813323 | H45: =I45+J45 -> 0.14 | I45: 0.09 | J45: 0.05 | L45: =M45+N45 -> 0.1542 | M45: 0.0971 | N45: 0.0571 | P45: 1.25 | R45: 0.0007 | S45: 0.00044 | T45: 0.00026 | V45: 0.0218 | W45: 0.0129 | X45: 0.0089
B46: 1998 | D46: 3.52157 | E46: 0.358133 | F46: 0.35813323 | H46: =I46+J46 -> 0.15 | I46: 0.095 | J46: 0.055 | L46: =M46+N46 -> 0.1569 | M46: 0.09845 | N46: 0.05845 | P46: 1.25 | R46: 0.0014 | S46: 0.0009 | T46: 0.0005 | V46: 0.0218 | W46: 0.0129 | X46: 0.0089
B47: 1999 | D47: 3.76397 | E47: 0.359566 | F47: 0.35956625 | H47: =I47+J47 -> 0.16 | I47: 0.1 | J47: 0.06 | L47: =M47+N47 -> 0.16 | M47: 0.1 | N47: 0.06 | P47: 1.25 | R47: 0.0021 | S47: 0.0013 | T47: 0.0008 | V47: 0.0218 | W47: 0.0129 | X47: 0.0089
B48: 2000 | D48: 4.02313 | E48: 0.359566 | F48: 0.35956625 | H48: =I48+J48 -> 0.16 | I48: 0.1 | J48: 0.06 | L48: =M48+N48 -> 0.16 | M48: 0.1 | N48: 0.06 | P48: 1.25 | R48: 0.0028 | S48: 0.0017 | T48: 0.0011 | V48: 0.0218 | W48: 0.0129 | X48: 0.0089
B49: 2001 | D49: 4.08411 | E49: 0.359566 | F49: 0.36574044 | H49: =I49+J49 -> 0.16 | I49: 0.1 | J49: 0.06 | L49: =M49+N49 -> 0.16 | M49: 0.1 | N49: 0.06 | P49: 1.25 | R49: 0.0035 | S49: 0.0022 | T49: 0.0013 | V49: 0.022 | W49: 0.013 | X49: 0.009
B50: 2002 | D50: 4.1494 | E50: 0.367798 | F50: 0.3722 | H50: =I50+J50 -> 0.16 | I50: 0.1 | J50: 0.06 | L50: =M50+N50 -> 0.16 | M50: 0.1 | N50: 0.06 | P50: 1.25 | R50: 0.0035 | S50: 0.0022 | T50: 0.0013 | V50: 0.022 | W50: 0.013 | X50: 0.009
B51: 2003 | D51: 4.2158 | E51: 0.3737 | F51: 0.3781 | H51: =I51+J51 -> 0.16 | I51: 0.1 | J51: 0.06 | L51: =M51+N51 -> 0.16 | M51: 0.1 | N51: 0.06 | P51: 1.25 | R51: 0.0035 | S51: 0.0022 | T51: 0.0013 | V51: 0.022 | W51: 0.013 | X51: 0.009
B52: 2004 | D52: 4.3128 | E52: 0.3796 | F52: 0.3846 | H52: =I52+J52 -> 0.16 | I52: 0.1 | J52: 0.06 | L52: =M52+N52 -> 0.16 | M52: 0.1 | N52: 0.06 | P52: 1.25 | R52: 0.0035 | S52: 0.0022 | T52: 0.0013 | V52: 0.022 | W52: 0.013 | X52: 0.009
B53: 2005 | D53: 4.4163 | E53: 0.3862 | F53: 0.3921 | H53: =I53+J53 -> 0.16 | I53: 0.1 | J53: 0.06 | L53: =M53+N53 -> 0.16 | M53: 0.1 | N53: 0.06 | P53: 1.25 | R53: 0.0035 | S53: 0.0022 | T53: 0.0013 | V53: 0.022 | W53: 0.013 | X53: 0.009
B54: 2006 | D54: 4.5444 | E54: 0.394 | F54: 0.3989 | H54: =I54+J54 -> 0.1624 | I54: 0.1012 | J54: 0.0612 | L54: =M54+N54 -> 0.1624 | M54: 0.1012 | N54: 0.0612 | P54: 1.25 | R54: 0.0035 | S54: 0.0022 | T54: 0.0013 | V54: 0.022 | W54: 0.013 | X54: 0.009
B55: 2007 | D55: 4.7125 | E55: 0.4005 | F55: 0.4056 | H55: =I55+J55 -> 0.1624 | I55: 0.1012 | J55: 0.0612 | L55: =M55+N55 -> 0.1624 | M55: 0.1012 | N55: 0.0612 | P55: 1.25 | R55: 0.0035 | S55: 0.0022 | T55: 0.0013 | V55: 0.022 | W55: 0.013 | X55: 0.009
B56: 2008 | D56: 4.8727 | E56: 0.4073 | F56: 0.4117 | H56: =I56+J56 -> 0.1624 | I56: 0.1012 | J56: 0.0612 | L56: =M56+N56 -> 0.1624 | M56: 0.1012 | N56: 0.0612 | P56: 1.25 | R56: 0.0035 | S56: 0.0022 | T56: 0.0013 | V56: 0.022 | W56: 0.013 | X56: 0.009
... B66: 2018 | D66: 5.8166 | E66: 0.43780849 | F66: 0.43563475 | H66: =I66+J66 -> 0.1644 | I66: 0.102 | J66: 0.0624 | L66: =M66+N66 -> 0.1644 | M66: 0.102 | N66: 0.0624 | P66: 1.25 | R66: 0.0035 | S66: 0.0022 | T66: 0.0013 | V66: 0.022 | W66: 0.013 | X66: 0.009

Sheet RAFP
D1: Source : RAFP
D2: Valeurs du point RAFP | G2: Taux de cotisation
B4: Année | D4: Valeur d'achat (valeur annuelle) | E4: Valeur de service au 01/01 | G4: Taux de cotisation T1 | H4: dont employeur | I4: dont salarié
B5: 2005 | D5: 1 | E5: 0.04 | G5: 0.1 | H5: 0.05 | I5: 0.05
B6: 2006 | D6: 1.017 | E6: 0.0408 | G6: 0.1 | H6: 0.05 | I6: 0.05
B7: 2007 | D7: 1.03022 | E7: 0.04153 | G7: 0.1 | H7: 0.05 | I7: 0.05
B8: 2008 | D8: 1.03537 | E8: 0.04219 | G8: 0.1 | H8: 0.05 | I8: 0.05
B9: 2009 | D9: 1.04572 | E9: 0.04261 | G9: 0.1 | H9: 0.05 | I9: 0.05
B10: 2010 | D10: 1.05095 | E10: 0.04283 | G10: 0.1 | H10: 0.05 | I10: 0.05
B11: 2011 | D11: 1.0562 | E11: 0.04304 | G11: 0.1 | H11: 0.05 | I11: 0.05
B12: 2012 | D12: 1.0742 | E12: 0.04378 | G12: 0.1 | H12: 0.05 | I12: 0.05
B13: 2013 | D13: 1.085 | E13: 0.04421 | G13: 0.1 | H13: 0.05 | I13: 0.05
B14: 2014 | D14: 1.09585 | E14: 0.04465 | G14: 0.1 | H14: 0.05 | I14: 0.05
B15: 2015 | D15: 1.1452 | E15: 0.04465 | G15: 0.1 | H15: 0.05 | I15: 0.05
B16: 2016 | D16: 1.1967 | E16: 0.044695 | G16: 0.1 | H16: 0.05 | I16: 0.05
... B23: 2023 | D23: 1.3466 | E23: 0.05036 | G23: 0.1 | H23: 0.05 | I23: 0.05
B24: 2024 | D24: =1.4112 -> 1.4112 | E24: =0.05378 -> 0.05378 | G24: 0.1 | H24: 0.05 | I24: 0.05
B25: 2025 | D25: =1.4394 -> 1.4394 | E25: =0.05593 -> 0.05593 | G25: 0.1 | H25: 0.05 | I25: 0.05
B26: 2026 | D26: 1.4596 | E26: 0.05671 | G26: 0.1 | H26: 0.05 | I26: 0.05
B27: 2027 | D27: =D26*(1+LOOKUP($B27,Prix_HT!$B$6:$B$1000,Prix_HT!$F$6:$F$1000)) -> 1.4816492 | E27: =E26*(1+LOOKUP($B27,Prix_HT!$B$6:$B$1000,Prix_HT!$F$6:$F$1000)) -> 0.057566679 | G27: 0.1 | H27: 0.05 | I27: 0.05
B28: 2028 | D28: =D27*(1+LOOKUP($B28,Prix_HT!$B$6:$B$1000,Prix_HT!$F$6:$F$1000)) -> 1.507578 | E28: =E27*(1+LOOKUP($B28,Prix_HT!$B$6:$B$1000,Prix_HT!$F$6:$F$1000)) -> 0.058574096 | G28: 0.1 | H28: 0.05 | I28: 0.05
B29: 2029 | D29: =D28*(1+LOOKUP($B29,Prix_HT!$B$6:$B$1000,Prix_HT!$F$6:$F$1000)) -> 1.5339606 | E29: =E28*(1+LOOKUP($B29,Prix_HT!$B$6:$B$1000,Prix_HT!$F$6:$F$1000)) -> 0.059599142 | G29: 0.1 | H29: 0.05 | I29: 0.05
B30: 2030 | D30: =D29*(1+LOOKUP($B30,Prix_HT!$B$6:$B$1000,Prix_HT!$F$6:$F$1000)) -> 1.560805 | E30: =E29*(1+LOOKUP($B30,Prix_HT!$B$6:$B$1000,Prix_HT!$F$6:$F$1000)) -> 0.060642127 | G30: 0.1 | H30: 0.05 | I30: 0.05
B31: 2031 | D31: =D30*(1+LOOKUP($B31,Prix_HT!$B$6:$B$1000,Prix_HT!$F$6:$F$1000)) -> 1.588119 | E31: =E30*(1+LOOKUP($B31,Prix_HT!$B$6:$B$1000,Prix_HT!$F$6:$F$1000)) -> 0.061703365 | G31: 0.1 | H31: 0.05 | I31: 0.05
B32: 2032 | D32: =D31*(1+LOOKUP($B32,Prix_HT!$B$6:$B$1000,Prix_HT!$F$6:$F$1000)) -> 1.6159111 | E32: =E31*(1+LOOKUP($B32,Prix_HT!$B$6:$B$1000,Prix_HT!$F$6:$F$1000)) -> 0.062783173 | G32: 0.1 | H32: 0.05 | I32: 0.05
B33: 2033 | D33: =D32*(1+LOOKUP($B33,Prix_HT!$B$6:$B$1000,Prix_HT!$F$6:$F$1000)) -> 1.6441896 | E33: =E32*(1+LOOKUP($B33,Prix_HT!$B$6:$B$1000,Prix_HT!$F$6:$F$1000)) -> 0.063881879 | G33: 0.1 | H33: 0.05 | I33: 0.05
B34: 2034 | D34: =D33*(1+LOOKUP($B34,Prix_HT!$B$6:$B$1000,Prix_HT!$F$6:$F$1000)) -> 1.6729629 | E34: =E33*(1+LOOKUP($B34,Prix_HT!$B$6:$B$1000,Prix_HT!$F$6:$F$1000)) -> 0.064999812 | G34: 0.1 | H34: 0.05 | I34: 0.05
B35: 2035 | D35: =D34*(1+LOOKUP($B35,Prix_HT!$B$6:$B$1000,Prix_HT!$F$6:$F$1000)) -> 1.7022397 | E35: =E34*(1+LOOKUP($B35,Prix_HT!$B$6:$B$1000,Prix_HT!$F$6:$F$1000)) -> 0.066137309 | G35: 0.1 | H35: 0.05 | I35: 0.05
B36: 2036 | D36: =D35*(1+LOOKUP($B36,Prix_HT!$B$6:$B$1000,Prix_HT!$F$6:$F$1000)) -> 1.7320289 | E36: =E35*(1+LOOKUP($B36,Prix_HT!$B$6:$B$1000,Prix_HT!$F$6:$F$1000)) -> 0.067294711 | G36: 0.1 | H36: 0.05 | I36: 0.05
B37: 2037 | D37: =D36*(1+LOOKUP($B37,Prix_HT!$B$6:$B$1000,Prix_HT!$F$6:$F$1000)) -> 1.7623394 | E37: =E36*(1+LOOKUP($B37,Prix_HT!$B$6:$B$1000,Prix_HT!$F$6:$F$1000)) -> 0.068472369 | G37: 0.1 | H37: 0.05 | I37: 0.05
B38: 2038 | D38: =D37*(1+LOOKUP($B38,Prix_HT!$B$6:$B$1000,Prix_HT!$F$6:$F$1000)) -> 1.7931804 | E38: =E37*(1+LOOKUP($B38,Prix_HT!$B$6:$B$1000,Prix_HT!$F$6:$F$1000)) -> 0.069670635 | G38: 0.1 | H38: 0.05 | I38: 0.05
... B70: 2070 | D70: =D69*(1+LOOKUP($B70,Prix_HT!$B$6:$B$1000,Prix_HT!$F$6:$F$1000)) -> 3.1241031 | E70: =E69*(1+LOOKUP($B70,Prix_HT!$B$6:$B$1000,Prix_HT!$F$6:$F$1000)) -> 0.12138112 | G70: 0.1 | H70: 0.05 | I70: 0.05
